Workbook
Name A10remlife: 'RFM input'!$K$16
Name A10stdlife: 'RFM input'!$L$16
Name A10taxremlife: 'RFM input'!$X$16
Name A10taxstdlife: 'RFM input'!$Y$16
Name A10taxvalue: 'TAB roll forward'!$H$17
Name A10value: 'Capital base roll forward'!$H$1199
Name A11remlife: 'RFM input'!$K$17
Name A11stdlife: 'RFM input'!$L$17
Name A11taxremlife: 'RFM input'!$X$17
Name A11taxstdlife: 'RFM input'!$Y$17
Name A11taxvalue: 'TAB roll forward'!$H$18
Name A11value: 'Capital base roll forward'!$H$1200
Name A12remlife: 'RFM input'!$K$18
Name A12stdlife: 'RFM input'!$L$18
Name A12taxremlife: 'RFM input'!$X$18
Name A12taxstdlife: 'RFM input'!$Y$18
Name A12taxvalue: 'TAB roll forward'!$H$19
Name A12value: 'Capital base roll forward'!$H$1201
Name A13remlife: 'RFM input'!$K$19
Name A13stdlife: 'RFM input'!$L$19
Name A13taxremlife: 'RFM input'!$X$19
Name A13taxstdlife: 'RFM input'!$Y$19
Name A13taxvalue: 'TAB roll forward'!$H$20
Name A13value: 'Capital base roll forward'!$H$1202
Name A14remlife: 'RFM input'!$K$20
Name A14stdlife: 'RFM input'!$L$20
Name A14taxremlife: 'RFM input'!$X$20
Name A14taxstdlife: 'RFM input'!$Y$20
Name A14taxvalue: 'TAB roll forward'!$H$21
Name A14value: 'Capital base roll forward'!$H$1203
Name A15remlife: 'RFM input'!$K$21
Name A15stdlife: 'RFM input'!$L$21
Name A15taxremlife: 'RFM input'!$X$21
Name A15taxstdlife: 'RFM input'!$Y$21
Name A15taxvalue: 'TAB roll forward'!$H$22
Name A15value: 'Capital base roll forward'!$H$1204
Name A16remlife: 'RFM input'!$K$22
Name A16stdlife: 'RFM input'!$L$22
Name A16taxremlife: 'RFM input'!$X$22
Name A16taxstdlife: 'RFM input'!$Y$22
Name A16taxvalue: 'TAB roll forward'!$H$23
Name A16value: 'Capital base roll forward'!$H$1205
Name A17remlife: 'RFM input'!$K$23
Name A17stdlife: 'RFM input'!$L$23
Name A17taxremlife: 'RFM input'!$X$23
Name A17taxstdlife: 'RFM input'!$Y$23
Name A17taxvalue: 'TAB roll forward'!$H$24
Name A17value: 'Capital base roll forward'!$H$1206
Name A18remlife: 'RFM input'!$K$24
Name A18stdlife: 'RFM input'!$L$24
Name A18taxremlife: 'RFM input'!$X$24
Name A18taxstdlife: 'RFM input'!$Y$24
Name A18taxvalue: 'TAB roll forward'!$H$25
Name A18value: 'Capital base roll forward'!$H$1207
Name A19remlife: 'RFM input'!$K$25
Name A19stdlife: 'RFM input'!$L$25
Name A19taxremlife: 'RFM input'!$X$25
Name A19taxstdlife: 'RFM input'!$Y$25
Name A19taxvalue: 'TAB roll forward'!$H$26
Name A19value: 'Capital base roll forward'!$H$1208

Sheet AER NRs
B1: AER NAMED RANGES
B3: DROP DOWN SELECTORS USED IN WORKBOOKS
B5: COVER SHEET | C5: dms_DataQuality_List | D5: dms_Confid_status_List
C6: -- select -- | D6: -- select --
C7: Actual | D7: Public
C8: Estimate | D8: Confidential
C9: Consolidated
C12: For all files either AER or business needs to be able to specify the type of submission | D12: For PTRM & RFM templates we must provide a choice in case they change their form of control - otherwise it is drawn from the business specific lookup table above.
C13: dms_SourceList | D13: dms_FormControl_Choices
C14: -- select -- | D14: Revenue cap
C15: After appeal | D15: Revenue yield
C16: Draft decision | D16: Tariff cap
C17: Final decision | D17: Weighted average price cap
C18: Regulatory proposal
C19: Revised regulatory proposal
K22: This is used to create an image to insert on 6.3 STPIS sheet - not for dropdown lists. | N22: GAS
B23: CA & RESET RINS DNSP | C23: dms_DNSP_020301_SubstationType | D23: dms_DNSP_020301_ProjectType | E23: dms_DNSP_020301_ProjectTrigger | F23: dms_DNSP_020302_ProjectType | G23: dms_DNSP_020302_ProjectTrigger | H23: dms_STPIS_Exclusion_List | I23: dms_Reason_Interruption | J23: dms_Reason_Interruption_Detailed | K23: Reason for interruption | N23: dms_N0205_AssetType
C24: Subtransmission substation | D24: New substation establishment | E24: Demand growth | F24: New line on new route - single circuit | G24: Demand growth | H24: Weather | I24: Animal | J24: Animal impact | K24: Animal | L24: Animal impact | N24: Cast Iron
C25: Zone substation | D25: Substation upgrade - capacity | E25: Voltage issues | F25: New line on new route - dual circuit | G25: Voltage issues | H25: Equipment failure | I25: Asset failure | J25: Animal nesting/burrowing, etc and other | L25: Animal nesting/burrowing, etc and other | N25: PVC
C26: Switching station | D26: Substation upgrade - voltage | E26: Reactive power issue | F26: New line on new route - other | G26: Reactive power issue | H26: Operational error | I26: Other | J26: Other | L26: Other | N26: Polyamide
C27: Other | D27: Other | E27: Fault level issues | F27: Line rebuild over existing route - single circuit | G27: Fault level issues | H27: Vegetation | I27: Overloads | J27: LV | K27: Asset failure | L27: LV | N27: High density polyethylene (80)
E28: Safety | F28: Line rebuild over existing route - dual circuit | G28: Net market benefit | H28: Animals | I28: Planned | J28: Distribution substation | L28: Distribution substation | N28: High density polyethylene (100)
E29: Environment | F29: Reconductor - Single circuit | G29: Safety | H29: Third party impacts | I29: Network business | J29: HV | L29: HV | N29: High density polyethylene (250)
E30: Other | F30: Reconductor - Dual circuit | G30: Environment | H30: Transmission failure | I30: Third party | J30: Zone substation | L30: Zone substation | N30: High density polyethylene (575)
F31: Reconductor - Other | G31: Other | H31: Load shedding | I31: Unknown | J31: Subtransmission | L31: Subtransmission | N31: Medium density polyethylene
F32: Line upgrade - raising/retensoring | H32: Inter-distributor connection failure | I32: Vegetation | J32: insert description of 'other' | K32: Other | L32: insert description of 'other' | N32: Unprotected steel
F33: Line upgrade - voltage upgrade | H33: Other | I33: Weather | J33: Network error | K33: Overloads | N33: Protected steel
F34: Line upgrade - capacity | I34: 2 - STPIS Exclusion (3.3)(a) | J34: Switching and protection error | K34: Planned | N34: Other
F35: String spare circuit | I35: 3 - STPIS Exclusion (3.3)(a) | J35: Fire | K35: Network business | L35: Network error
F36: Other | I36: 4 - STPIS Exclusion (3.3)(a) | J36: Other | L36: Switching and protection error
I37: 5 - STPIS Exclusion (3.3)(a) | J37: Dig-in | K37: Third party | L37: Fire
I38: 6 - STPIS Exclusion (3.3)(a) | J38: Unauthorised access | L38: Other
I39: 7 - STPIS Exclusion (3.3)(a) | J39: Vehicle impact | L39: Dig-in
J40: Unknown | L40: Unauthorised access
J41: Blow-in/Fall-in - NSP responsibility | L41: Vehicle impact
J42: Grow-in - NSP responsibility | K42: Unknown | L42: Unknown
J43: Blow-in/Fall-in - Other responsible party | K43: Vegetation | L43: Blow-in/Fall-in - NSP responsibility
J44: Grow-in - Other responsible party | L44: Grow-in - NSP responsibility
L45: Blow-in/Fall-in - Other responsible party
L46: Grow-in - Other responsible party
K47: Weather
K48: 2 - STPIS Exclusion (3.3)(a)
K49: 3 - STPIS Exclusion (3.3)(a)
K50: 4 - STPIS Exclusion (3.3)(a)
K51: 5 - STPIS Exclusion (3.3)(a)
K52: 6 - STPIS Exclusion (3.3)(a)
K53: 7 - STPIS Exclusion (3.3)(a)
B56: CA & RESET RINS TNSP | C56: dms_TNSP_0203_SubstationType | D56: dms_TNSP_020301_ProjectType | E56: dms_TNSP_020301_ProjectTrigger | F56: dms_TNSP_020302_ProjectType | G56: dms_TNSP_0203_ProjectTrigger
C57: Terminal station | D57: New substation establishment | E57: Demand growth | F57: New line on new route - single circuit | G57: Demand growth
C58: Switching station | D58: Capacity upgrade | E58: Voltage issues | F58: New line on new route - dual circuit | G58: Voltage issues
C59: Transmission substation | D59: Voltage upgrade | E59: Reactive power issue | F59: New line on new route - other | G59: Reactive power issue
C60: Other | D60: Other | E60: Fault level issues | F60: Line rebuild over existing route - single circuit | G60: Fault level issues
E61: Net market benefit | F61: Line rebuild over existing route - dual circuit | G61: Net market benefit
E62: Safety | F62: Reconductor - Single circuit | G62: Safety
E63: Environment | F63: Reconductor - Dual circuit | G63: Environment
E64: Other | F64: Reconductor - Other | G64: Other
F65: Line upgrade - raising/retensoring
F66: Line upgrade - voltage upgrade
F67: Line upgrade - capacity
F68: String spare circuit
F69: Other
B73: NAMED RANGES USED IN ETL PROCESS
M74: GAS ARR & RESET
B75: CA & RESET RINS DNSP ONLY | C75: dms_020303_01_UOM | D75: dms_020501_01_UOM | E75: dms_020501_02_UOM | F75: dms_020501_03_UOM | G75: dms_020501_04_UOM | H75: dms_020701_01_UOM | I75: dms_020701_02_UOM | J75: dms_020701_01_Rows | K75: dms_040102_01_UOM | L75: dms_040102_04_UOM | M75: dms_S140101_UOM | N75: dms_S140201_UOM | O75: dms_E050201_UOM | P75: dms_E050202_UOM
C76: Circuit line length in km | D76: 0's | E76: 0's | F76: 0's | G76: 0's | H76: km | I76: km | J76: Route line length within zone | K76: 0's | L76: days | M76: number | N76: number per km | O76: per metre per connection | P76: metres per connection
C77: Circuit line length in km | D77: 0's | E77: 0's | F77: 0's | G77: 0's | H77: 0's | I77: 0's | J77: Number of maintenance spans | K77: 0's | L77: 0's | M77: number | N77: number | O77: per service per connection | P77: number per connection
C78: Circuit line length in km | D78: MVA added | E78: MVA added | F78: MVA added | G78: MVA added | H78: km | I78: km | J78: Total length of maintenance spans | K78: 0's | L78: $0s | M78: number | N78: number | O78: number per connection | P78: number per connection
C79: Circuit line length in km | D79: 0's | E79: 0's | F79: 0's | G79: 0's | H79: km | I79: km | J79: Length of vegetation corridors | K79: $0s | L79: 0's | M79: km
C80: Number | D80: total spend $0s | E80: total spend $0s | F80: total spend $0s | G80: total spend $0s | H80: 0's | I80: 0's | J80: Average number of trees per maintenance span
C81: Number | D81: net circuit km added | E81: net circuit km added | F81: net circuit km added | G81: net circuit km added | H81: years | I81: years | J81: Average frequency of cutting cycle
C82: Number | D82: total spend $0s | E82: total spend $0s | F82: total spend $0s | G82: total spend $0s
D83: net circuit km added | E83: net circuit km added | F83: net circuit km added | G83: net circuit km added
D84: total spend $0s | E84: total spend $0s | F84: total spend $0s | G84: total spend $0s
D85: 0's | F85: $0s
D86: 0's
D87: 0's
D88: $0s
B91: CA & RESET RINS TNSP ONLY | C91: dms_020701_01_UOM
C92: km
C93: 0's
C94: km
C95: 0's
C96: km
C97: metres
C98: years
B101: CA & RESET RINS DNSP & TNSP | C101: dms_020603_01_UOM
C102: 0's
C103: 0's
C104: 0's
C105: 0's
C106: (per cent)
B109: EB & RESET RINS DNSP ONLY | C109: dms_030601_01_UOM | D109: dms_030601_02_UOM | E109: dms_030701_01_UOM | F109: dms_030702_01_UOM | G109: dms_030703_01_UOM
C110: minutes/customer | D110: minutes/customer | E110: Customer / km | F110: % | G110: km
C111: minutes/customer | D111: minutes/customer | E111: MWh/customer | F111: Number of spans
C112: interruptions/customer | D112: interruptions/customer | E112: kVA / customer | F112: Number of spans
C113: interruptions/customer | D113: interruptions/customer | F113: Number of spans
F114: Number of spans
F115: Years
F116: Years
F117: Trees
...

Sheet AER lookups
B1: AER LOOKUP TABLES
B3: Data in these columns used for data validation and database purposes.
B4: Date last modified: | C4: 42751 | D4: added (Albury and Victora) for AGN
C5: 42660 | D5: updated TransGrid's correct legal name, corrected TasNetworks (T) to June financial year
C6: 42767 | D6: inserted Power and Water, added NRs (dms_FeederCat_1 and dms_FeederCat_2)
C7: 42797 | D7: inserted AEMO as a business
C8: 43187 | D8: major changes to accommodate STPIS
C9: Template Version | D9: 5
Z11: FOR ELECTRICITY BUSINESSES ONLY
Z12: Feeder Types | AD12: TasNetworks (D) | AE12: Feeder Names
Z14: CBD | AA14: Urban | AB14: Short rural | AC14: long rural | AD14: EXTRA
B15: dms_TradingName_List | C15: dms_TradingNameFull_List | D15: dms_ABN_List | E15: dms_JurisdictionList | F15: dms_Sector_List | G15: dms_Segment_List | H15: dms_FormControl_List | I15: dms_RPT_List | J15: dms_RPTMonth_List | K15: dms_CRCPlength_List | L15: dms_FRCPlength_List | M15: dms_PRCPlength_List | N15: dms_663_List | O15: dms_DeterminationRef_List | P15: dms_Addr1_List | Q15: dms_Addr2_List | R15: dms_Suburb_List | S15: dms_State_List | T15: dms_PostCode_List | U15: dms_PAddr1_List | V15: dms_PAddr2_List | W15: dms_PSuburb_List | X15: dms_PState_List | Y15: dms_PPostCode_List | Z15: dms_CBD_flag | AA15: dms_Urban_flag | AB15: dms_ShortRural_flag | AC15: dms_LongRural_flag | AD15: dms_FeederType_5_flag | AE15: dms_FeederName_1 | AF15: dms_FeederName_2 | AG15: dms_FeederName_3 | AH15: dms_FeederName_4 | AI15: dms_FeederName_5 | AJ15: dms_Public_Lighting_List | AK15: Name
B16: Amadeus | C16: APT Pipelines (NT) Pty Ltd | D16: 39009737393 | E16: NT | F16: Gas | G16: Transmission | H16: Tariff cap | I16: Financial | J16: June | K16: 5 | L16: 5 | M16: 5 | N16: x | O16: n/a | P16: Level 19, HSBC Building | Q16: 580 George Street | R16: SYDNEY | S16: NSW | T16: 2000 | U16: Level 19, HSBC Building | V16: 580 George Street | W16: SYDNEY | X16: NSW | Y16: 2000 | Z16: NO | AA16: NO | AB16: NO | AC16: NO | AD16: NO | AE16: CBD | AF16: Urban | AG16: Short rural | AH16: Long rural | AJ16: NO | AK16: =B16 -> Amadeus
B17: APA VTS | C17: APA GasNet Australia (Operations) Pty Ltd | D17: 65083009 | E17: Vic | F17: Gas | G17: Transmission | H17: Tariff cap | I17: Financial | J17: June | K17: 5 | L17: 5 | M17: 5 | N17: x | P17: Level 19, HSBC Building | Q17: 580 George Street | R17: SYDNEY | S17: NSW | T17: 2000 | U17: PO Box R41 | W17: ROYAL EXCHANGE | X17: NSW | Y17: 1225 | Z17: NO | AA17: NO | AB17: NO | AC17: NO | AD17: NO | AE17: CBD | AF17: Urban | AG17: Short rural | AH17: Long rural | AJ17: NO | AK17: =B17 -> APA VTS
B18: Australian Transmission Co. (Gas) | C18: Australian Transmission Co. (Gas) | D18: 11222333444 | E18: NSW | F18: Gas | G18: Transmission | H18: Tariff cap | I18: Financial | J18: June | K18: 5 | L18: 5 | M18: 5 | N18: 5 | O18: transmission determination | P18: 123 Straight Street | R18: SYDNEY | S18: NSW | T18: 2000 | U18: PO Box 123 | W18: SYDNEY | X18: NSW | Y18: 2000 | Z18: NO | AA18: NO | AB18: NO | AC18: NO | AD18: NO | AE18: CBD | AF18: Urban | AG18: Short rural | AH18: Long rural | AJ18: NO | AK18: =B18 -> Australian Transmission Co. (Gas)
B19: Roma to Brisbane Pipeline | C19: APT Petroleum Pipelines Limited t/a Roma to Brisbane Pipeline | D19: 009 737 393 | E19: Qld | F19: Gas | G19: Transmission | H19: Tariff cap | I19: Financial | J19: June | K19: 5 | L19: 5 | M19: 5 | N19: x | O19: n/a | P19: 580 George Street | R19: SYDNEY | S19: NSW | T19: 2000 | U19: PO Box R41 | W19: ROYAL EXCHANGE | X19: NSW | Y19: 1225 | Z19: NO | AA19: NO | AB19: NO | AC19: NO | AD19: NO | AE19: CBD | AF19: Urban | AG19: Short rural | AH19: Long rural | AJ19: NO | AK19: =B19 -> Roma to Brisbane Pipeline
B24: The Reg Year Ending (dms_RYE) must be set to the last year of the regulatory period. For forecast data is is usually (FRCP_y5) for actual it is a single year (CRY). For historical actual data the RYE will need to be set manually in the business details sheet by setting the dms_Multiyear_flag to 1 and putting the correct value in 'dms_Specified_FinalYear. See cells C67:C68
B25: dms_Model_List | C25: dms_Model_Name_Format1 | D25: dms_Worksheet_List | E25: dms_Model_Span_List
B26: ARR | C26: Annual Reporting | D26: =IF(dms_MultiYear_ResponseFlag="yes","NEW HISTORICAL ANNUAL REPORTING","ANNUAL REPORTING") -> ANNUAL REPORTING | E26: 1
B27: CA | C27: Category Analysis | D27: =IF(dms_MultiYear_ResponseFlag="yes","NEW HISTORICAL CATEGORY ANALYSIS","CATEGORY ANALYSIS") -> CATEGORY ANALYSIS | E27: 1
B28: CESS | C28: Capitlal Expenditure | D28: CAPITLAL EXPENDITURE SHARING SCHEMING | E28: 5
B29: CPI | C29: CPI | D29: CPI | E29: 5
B30: EB | C30: Economic Benchmarking | D30: =IF(dms_MultiYear_ResponseFlag="yes","NEW HISTORICAL ECONOMIC BENCHMARKING","ECONOMIC BENCHMARKING") -> ECONOMIC BENCHMARKING | E30: 1
B31: Pricing | C31: Pricing Proposal | D31: PRICING PROPOSAL | E31: 5
B32: PTRM | C32: Post Tax Revenue Model | D32: POST TAX REVENUE MODEL | E32: 5
B33: Reset | C33: Regulatory Reporting (Reset) | D33: REGULATORY REPORTING STATEMENT | E33: 5
B34: RFM | C34: Roll Forward Model | D34: ROLL FORWARD MODEL | E34: 5
B35: WACC | C35: Weighted Average Cost of Capital | D35: WEIGHTED AVERAGE COST OF CAPITAL | E35: 1
B39: Financial | C39: Calendar | E39: PREVIOUS | G39: CURRENT | I39: FORTHCOMING
B40: 1987-88 | C40: 1988 | D40: PRCP_y1 | E40: =INDEX(INDIRECT(dms_RPT),dms_PRCP_start_row) -> #N/A | F40: CRCP_y1 | G40: =INDEX(INDIRECT(dms_RPT),dms_CRCP_start_row) -> #N/A | H40: =FRCP_y1 -> 2020-21 | I40: =INDEX(INDIRECT(dms_RPT),dms_FRCP_start_row) -> #N/A
B41: 1988-89 | C41: 1989 | D41: PRCP_y2 | E41: =INDEX(INDIRECT(dms_RPT),dms_PRCP_start_row+1) -> #N/A | F41: CRCP_y2 | G41: =INDEX(INDIRECT(dms_RPT),dms_CRCP_start_row+1) -> #N/A | H41: FRCP_y2 | I41: =INDEX(INDIRECT(dms_RPT),dms_FRCP_start_row+1) -> #N/A
B42: 1989-90 | C42: 1990 | D42: PRCP_y3 | E42: =INDEX(INDIRECT(dms_RPT),dms_PRCP_start_row+2) -> #N/A | F42: CRCP_y3 | G42: =INDEX(INDIRECT(dms_RPT),dms_CRCP_start_row+2) -> #N/A | H42: FRCP_y3 | I42: =INDEX(INDIRECT(dms_RPT),dms_FRCP_start_row+2) -> #N/A
B43: 1990-91 | C43: 1991 | D43: PRCP_y4 | E43: =INDEX(INDIRECT(dms_RPT),dms_PRCP_start_row+3) -> #N/A | F43: CRCP_y4 | G43: =INDEX(INDIRECT(dms_RPT),dms_CRCP_start_row+3) -> #N/A | H43: FRCP_y4 | I43: =INDEX(INDIRECT(dms_RPT),dms_FRCP_start_row+3) -> #N/A
B44: 1991-92 | C44: 1992 | D44: PRCP_y5 | E44: =INDEX(INDIRECT(dms_RPT),dms_PRCP_start_row+4) -> #N/A | F44: CRCP_y5 | G44: =INDEX(INDIRECT(dms_RPT),dms_CRCP_start_row+4) -> #N/A | H44: FRCP_y5 | I44: =INDEX(INDIRECT(dms_RPT),dms_FRCP_start_row+4) -> #N/A
B45: 1992-93 | C45: 1993 | D45: PRCP_y6 | E45: =INDEX(INDIRECT(dms_RPT),dms_PRCP_start_row+5) -> #N/A | F45: CRCP_y6 | G45: =INDEX(INDIRECT(dms_RPT),dms_CRCP_start_row+5) -> #N/A | H45: FRCP_y6 | I45: =INDEX(INDIRECT(dms_RPT),dms_FRCP_start_row+5) -> #N/A
B46: 1993-94 | C46: 1994 | D46: PRCP_y7 | E46: =INDEX(INDIRECT(dms_RPT),dms_PRCP_start_row+6) -> #N/A | F46: CRCP_y7 | G46: =INDEX(INDIRECT(dms_RPT),dms_CRCP_start_row+6) -> #N/A | H46: FRCP_y7 | I46: =INDEX(INDIRECT(dms_RPT),dms_FRCP_start_row+6) -> #N/A
B47: 1994-95 | C47: 1995 | D47: PRCP_y8 | E47: =INDEX(INDIRECT(dms_RPT),dms_PRCP_start_row+7) -> #N/A | F47: CRCP_y8 | G47: =INDEX(INDIRECT(dms_RPT),dms_CRCP_start_row+7) -> #N/A | H47: FRCP_y8 | I47: =INDEX(INDIRECT(dms_RPT),dms_FRCP_start_row+7) -> #N/A
B48: 1995-96 | C48: 1996 | D48: PRCP_y9 | E48: =INDEX(INDIRECT(dms_RPT),dms_PRCP_start_row+8) -> #N/A | F48: CRCP_y9 | G48: =INDEX(INDIRECT(dms_RPT),dms_CRCP_start_row+8) -> #N/A | H48: FRCP_y9 | I48: =INDEX(INDIRECT(dms_RPT),dms_FRCP_start_row+8) -> #N/A
B49: 1996-97 | C49: 1997 | D49: PRCP_y10 | E49: =INDEX(INDIRECT(dms_RPT),dms_PRCP_start_row+9) -> #N/A | F49: CRCP_y10 | G49: =INDEX(INDIRECT(dms_RPT),dms_CRCP_start_row+9) -> #N/A | H49: FRCP_y10 | I49: =INDEX(INDIRECT(dms_RPT),dms_FRCP_start_row+9) -> #N/A
B50: 1997-98 | C50: 1998 | D50: PRCP_y11 | E50: =INDEX(INDIRECT(dms_RPT),dms_PRCP_start_row+10) -> #N/A | F50: CRCP_y11 | G50: =INDEX(INDIRECT(dms_RPT),dms_CRCP_start_row+10) -> #N/A | H50: FRCP_y11 | I50: =INDEX(INDIRECT(dms_RPT),dms_FRCP_start_row+10) -> #N/A
B51: 1998-99 | C51: 1999 | D51: PRCP_y12 | E51: =INDEX(INDIRECT(dms_RPT),dms_PRCP_start_row+11) -> #N/A | F51: CRCP_y12 | G51: =INDEX(INDIRECT(dms_RPT),dms_CRCP_start_row+11) -> #N/A | H51: FRCP_y12 | I51: =INDEX(INDIRECT(dms_RPT),dms_FRCP_start_row+11) -> #N/A
B52: 1999-00 | C52: 2000 | D52: PRCP_y13 | E52: =INDEX(INDIRECT(dms_RPT),dms_PRCP_start_row+12) -> #N/A | F52: CRCP_y13 | G52: =INDEX(INDIRECT(dms_RPT),dms_CRCP_start_row+12) -> #N/A | H52: FRCP_y13 | I52: =INDEX(INDIRECT(dms_RPT),dms_FRCP_start_row+12) -> #N/A
B53: 2000-01 | C53: 2001 | D53: PRCP_y14 | E53: =INDEX(INDIRECT(dms_RPT),dms_PRCP_start_row+13) -> #N/A | F53: CRCP_y14 | G53: =INDEX(INDIRECT(dms_RPT),dms_CRCP_start_row+13) -> #N/A | H53: FRCP_y14 | I53: =INDEX(INDIRECT(dms_RPT),dms_FRCP_start_row+13) -> #N/A
B54: 2001-02 | C54: 2002 | D54: PRCP_y15 | E54: =INDEX(INDIRECT(dms_RPT),dms_PRCP_start_row+14) -> #N/A | F54: CRCP_y15 | G54: =INDEX(INDIRECT(dms_RPT),dms_CRCP_start_row+14) -> #N/A | H54: FRCP_y15 | I54: =INDEX(INDIRECT(dms_RPT),dms_FRCP_start_row+14) -> #N/A
B55: 2002-03 | C55: 2003 | D55: PRCP_y16 | E55: =INDEX(INDIRECT(dms_RPT),dms_PRCP_start_row+15) -> #N/A | F55: CRCP_y16 | G55: =INDEX(INDIRECT(dms_RPT),dms_CRCP_start_row+15) -> #N/A | H55: FRCP_y16 | I55: =INDEX(INDIRECT(dms_RPT),dms_FRCP_start_row+15) -> #N/A
B56: 2003-04 | C56: 2004
B57: 2004-05 | C57: 2005
B58: 2005-06 | C58: 2006 | E58: CRY - FRY
B59: 2006-07 | C59: 2007 | D59: dms_y1 | E59: =IFERROR(INDEX(INDIRECT(dms_RPT),dms_CRY_start_row),0) -> 0
B60: 2007-08 | C60: 2008 | D60: dms_y2 | E60: =IFERROR(INDEX(INDIRECT(dms_RPT),dms_CRY_start_row+1),0) -> 0
B61: 2008-09 | C61: 2009 | D61: dms_y3 | E61: =IFERROR(INDEX(INDIRECT(dms_RPT),dms_CRY_start_row+2),0) -> 0
B62: 2009-10 | C62: 2010 | D62: dms_y4 | E62: =IFERROR(INDEX(INDIRECT(dms_RPT),dms_CRY_start_row+3),0) -> 0
B63: 2010-11 | C63: 2011 | D63: dms_y5 | E63: =IFERROR(INDEX(INDIRECT(dms_RPT),dms_CRY_start_row+4),0) -> 0
B64: 2011-12 | C64: 2012 | D64: dms_y6 | E64: =IFERROR(INDEX(INDIRECT(dms_RPT),dms_CRY_start_row+5),0) -> 0
B65: 2012-13 | C65: 2013 | D65: dms_y7 | E65: =IFERROR(INDEX(INDIRECT(dms_RPT),dms_CRY_start_row+6),0) -> 0
B66: 2013-14 | C66: 2014 | D66: dms_y8 | E66: =IFERROR(INDEX(INDIRECT(dms_RPT),dms_CRY_start_row+7),0) -> 0
B67: 2014-15 | C67: 2015 | D67: dms_y9 | E67: =IFERROR(INDEX(INDIRECT(dms_RPT),dms_CRY_start_row+8),0) -> 0
B68: 2015-16 | C68: 2016 | D68: dms_y10 | E68: =IFERROR(INDEX(INDIRECT(dms_RPT),dms_CRY_start_row+9),0) -> 0
B69: 2016-17 | C69: 2017 | D69: dms_y11 | E69: =IFERROR(INDEX(INDIRECT(dms_RPT),dms_CRY_start_row+10),0) -> 0
B70: 2017-18 | C70: 2018 | D70: dms_y12 | E70: =IFERROR(INDEX(INDIRECT(dms_RPT),dms_CRY_start_row+11),0) -> 0
B71: 2018-19 | C71: 2019 | D71: dms_y13 | E71: =IFERROR(INDEX(INDIRECT(dms_RPT),dms_CRY_start_row+12),0) -> 0
B72: 2019-20 | C72: 2020 | D72: dms_y14 | E72: =IFERROR(INDEX(INDIRECT(dms_RPT),dms_CRY_start_row+13),0) -> 0
B73: 2020-21 | C73: 2021 | D73: dms_y15 | E73: =IFERROR(INDEX(INDIRECT(dms_RPT),dms_CRY_start_row+14),0) -> 0
B74: 2021-22 | C74: 2022 | D74: dms_y16 | E74: =IFERROR(INDEX(INDIRECT(dms_RPT),dms_CRY_start_row+15),0) -> 0
B75: 2022-23 | C75: 2023
B76: 2023-24 | C76: 2024
B77: 2024-25 | C77: 2025
B78: 2025-26 | C78: 2026
B79: 2026-27 | C79: 2027
B80: 2027-28 | C80: 2028
B81: 2028-29 | C81: 2029
B82: 2029-30 | C82: 2030
B83: 2030-31 | C83: 2031
B84: 2031-32 | C84: 2032
B85: 2032-33 | C85: 2033
B86: 2033-34 | C86: 2034
... B88: 2035-36 | C88: 2036
B89: 2036-37 | C89: 2037

Sheet AER ETL
B1: AER ETL INFORMATION
B3: USES NAMED RANGES FLAG | C3: yes | D3: dms_Defined_Names_Used
B5: IF THIS IS AN ABC RIN - make sure the the named range CRY is applied and the named range dms_dollar_nom_UOM is applied
B6: IF THIS IS A RESET RIN - make sure the named ranges CRY and dms_dollar_nom_UOM are NOT present in the workbook
B7: FOR ABC RINS THAT SPAN MULTIPLE YEARS - make sure MultiYear Flag is set and final year entered as required
B9: Full trading name | C9: =INDEX(dms_TradingNameFull_List,MATCH(dms_TradingName,dms_TradingName_List)) -> #N/A | E9: dms_TradingNameFull
B10: Trading name | C10: =dms_TradingName -> 0
A11: Selected here | B11: Model / RIN | C11: RFM | D11: dms_Model
A12: Read from Business & other details | B12: Source | C12: Regulatory proposal | D12: dms_Source
B13: Data quality | C13: Consolidated | D13: For DB purposes this is always Consoldiated
B14: Data status | C14: Public | D14: For DB purposes this is always Public
B15: Amendment reason | C15: =dms_Amendment_Text -> . | F15: dms_AmendmentReason
B16: Submission date | C16: =dms_Typed_Submission_Date -> dd/mm/yy | D16: dms_SubmissionDate
A18: Redundant | B18: EBSS - First application of scheme in forthcoming period? | C18: No
A19: Pre-populated from lookup table | B19: Data ingestion data quality | C19: Consolidated | D19: dms_DataQuality | E19: Always Consolidated
B20: Sector | C20: =INDEX(dms_Sector_List,MATCH(dms_TradingName,dms_TradingName_List)) -> #N/A | D20: dms_Sector | E20: =INDEX(dms_Sector_List,MATCH(dms_TradingName,dms_TradingName_List))
B21: Segment | C21: =INDEX(dms_Segment_List,MATCH(dms_TradingName,dms_TradingName_List)) -> #N/A | D21: dms_Segment | E21: =INDEX(dms_Segment_List,MATCH(dms_TradingName,dms_TradingName_List))
B22: Regulatory Year Ending | C22: =dms_RYE_result -> #N/A | D22: dms_RYE | E22: =IF(dms_MultiYear_Flag=1,LEFT(dms_Specified_FinalYear,2)&RIGHT(dms_Specified_FinalYear,2),INDEX(dms_RYE_Formula_Result,MATCH(dms_Model,dms_Model_List)))
B23: Reporting Period Type | C23: =INDEX(dms_RPT_List,MATCH(dms_TradingName,dms_TradingName_List)) -> #N/A | D23: dms_RPT | E23: =INDEX(dms_RPT_List,MATCH(dms_TradingName,dms_TradingName_List))
B24: EB/CA Unit of Measure for Monetary Values | C24: $0s | D24: dms_dollar_nom_UOM | E24: If the cover sheet is attached to an ABC RIN apply the NAMED RANGE to the cell
B25: Security Classification | C25: Public | D25: dms_Classification | E25: Always Public
B26: Jurisdiction | C26: =INDEX(dms_JurisdictionList,MATCH(dms_TradingName,dms_TradingName_List)) -> #N/A | D26: dms_Jurisdiction | E26: =INDEX(dms_JurisdictionList,MATCH(dms_TradingName,dms_TradingName_List))
A27: Relevant for PTRM, RFMs and Reset RINS | B27: $ REAL REFERENCES
B28: Does the named range CRY exist in this file? | C28: =IFERROR(CRY,"NO") -> NO
B29: CRY-1 (last full calendar year before CRY) | C29: =IFERROR(IF(dms_RPT="calendar",CRY-1,LEFT(CRY,4)),"CRY not present") -> CRY not present | D29: dms_Cal_Year_B4_CRY | E29: '=IF(dms_RPT="financial",VALUE(LEFT(dms_SingleYear_FinalYear_Result,4)),VALUE(LEFT(dms_SingleYear_FinalYear_Result,4)-1))
B30: Dollar $ real month | C30: =INDEX(dms_RPTMonth_List,MATCH(dms_TradingName,dms_TradingName_List)) -> #N/A | D30: dms_RPTMonth | E30: =INDEX(dms_RPTMonth_List,MATCH(dms_TradingName,dms_TradingName_List))
B31: Dollar $ real (the last month before the FRCP_y1) | C31: =IF(dms_SingleYearModel="yes",CONCATENATE(dms_RPTMonth)&" "&VALUE((LEFT(dms_CRY_start_year,2)&RIGHT(dms_CRY_start_year,2))),CONCATENATE(dms_RPTMonth)&" "&dms_DollarReal_year) -> #N/A | D31: dms_DollarReal | E31: =IF(SUM(dms_SingleYear_Model)>0,CONCATENATE(dms_RPTMonth)&" "&VALUE((LEFT(CRY,2))&RIGHT(CRY,2)),CONCATENATE(dms_RPTMonth)&" "&VALUE((LEFT(dms_RYE,2)&RIGHT(dms_RYE,2))))
B32: Dollar $ real previous year (PRCP_y5) | C32: =CONCATENATE(dms_RPTMonth)&" "&dms_Previous_DollarReal_year -> #N/A | D32: dms_DollarReal_Prev | E32: =IF(SUM(dms_SingleYear_Model)>0,CONCATENATE(dms_RPTMonth)&" "&VALUE(((LEFT(CRY,2))&RIGHT(CRY,2))-1),CONCATENATE(dms_RPTMonth)&" "&VALUE(((LEFT(dms_CRCP_FirstYear_Result,2)&RIGHT(dms_CRCP_FirstYear_Result,2))))-1)
B33: PTRM/ RFMs
B34: Form of control | C34: =INDEX(dms_FormControl_List,MATCH(dms_TradingName,dms_TradingName_List)) -> #N/A | D34: dms_FormControl | E34: =INDEX(dms_FormControl_List,MATCH(dms_TradingName,dms_TradingName_List))
A35: All potential values for Regulatory Years or RYEs as calculated | B35: This block works out the various RYE's for ALL RIN types and MODELS
B36: dms_start_year | C36: =FRCP_y1 -> 2020-21 | D36: =FRCP_y1 | E36: FRCP_y1 from cover sheet
B37: dms_CRY_start_year | C37: =IFERROR(CRY,CRCP_y4) -> #N/A | D37: =IFERROR(CRY,CRCP_y4)
B38: dms_CRY_start_row | C38: =IFERROR(MATCH(dms_CRY_start_year,INDIRECT(dms_RPT),0),0) -> 0 | D38: =IFERROR(MATCH(dms_CRY_start_year,INDIRECT(dms_RPT),0),0)
B39: dms_FRCP_start_row | C39: =MATCH(dms_start_year,INDIRECT(dms_RPT),0) -> #N/A | D39: =MATCH(dms_start_year,INDIRECT(dms_RPT),0) | E39: Uses FRCP_y1 as a start reference
B40: dms_CRCP_start_row | C40: =dms_FRCP_start_row-dms_CRCPlength_Num -> #N/A | D40: =dms_FRCP_start_row-dms_CRCPlength_Num | E40: Uses the value in dms_CRCPlength_Num
B41: dms_PRCP_start_row | C41: =dms_FRCP_start_row-dms_CRCPlength_Num-dms_PRCPlength_Num -> #N/A | D41: =dms_FRCP_start_row-dms_CRCPlength_Num-dms_PRCPlength_Num | E41: Uses the value in dms_CRCPlength_Num and dms_PRCPlength_Num
B42: dms_RYE_start_row | C42: =dms_FRCP_start_row+(dms_FRCPlength_Num-1) -> #N/A | D42: =dms_FRCP_start_row+(dms_FRCPlength_Num-1) | E42: Uses the value in dms_FRCPlength_Num-1
B43: FRCP_start_year | C43: =INDEX(INDIRECT(dms_RPT),dms_FRCP_start_row) -> #N/A | D43: =INDEX(INDIRECT(dms_RPT),dms_FRCP_start_row) | E43: Converts the FRCP start row to display the year
B44: CRCP_start_year | C44: =INDEX(INDIRECT(dms_RPT),dms_CRCP_start_row) -> #N/A | D44: =INDEX(INDIRECT(dms_RPT),dms_CRCP_start_row) | E44: Converts the CRCP start row to display the year
B45: PRCP_start_year | C45: =INDEX(INDIRECT(dms_RPT),dms_PRCP_start_row) -> #N/A | D45: =INDEX(INDIRECT(dms_RPT),dms_PRCP_start_row) | E45: Converts the PRCP start row to display the year
B46: FRCP_final_year | C46: =INDEX(INDIRECT(dms_RPT),dms_FRCP_start_row+dms_FRCPlength_Num-1) -> #N/A | D46: =INDEX(INDIRECT(dms_RPT),dms_FRCP_start_row+dms_FRCPlength_Num-1) | E46: Finds the FRCP final year
B47: CRCP_final_year | C47: =INDEX(INDIRECT(dms_RPT),dms_CRCP_start_row+dms_CRCPlength_Num-1) -> #N/A | D47: =INDEX(INDIRECT(dms_RPT),dms_CRCP_start_row+dms_CRCPlength_Num-1) | E47: Finds the CRCP final year
B48: PRCP_final_year | C48: =INDEX(INDIRECT(dms_RPT),dms_PRCP_start_row+dms_FRCPlength_Num-1) -> #N/A | D48: =INDEX(INDIRECT(dms_RPT),dms_PRCP_start_row+dms_FRCPlength_Num-1) | E48: Finds the PRCP final year
B49: dms_Reset_final_year | C49: =INDEX(INDIRECT(dms_RPT),dms_RYE_start_row) -> #N/A | D49: =INDEX(INDIRECT(dms_RPT),dms_RYE_start_row) | E49: For Resets and PTRM/RFMs (same as FRCP_final_year)
B50: dms_SpecifiedYear_final_year | C50: =FRY -> #NAME? | D50: =FRY | E50: FRY from cover sheet
B51: dms_DollarReal_year | C51: =LEFT(CRCP_final_year,2)&RIGHT(CRCP_final_year,2) -> #N/A | D51: =LEFT(CRCP_final_year,2)&RIGHT(CRCP_final_year,2) | E51: Uses the value in CRCP_final_year
B52: dms_Previous_DollarReal_year | C52: =LEFT(PRCP_final_year,2)&RIGHT(PRCP_final_year,2) -> #N/A | D52: =LEFT(PRCP_final_year,2)&RIGHT(PRCP_final_year,2) | E52: Uses the value in PRCP_final_year
B53: dms_CRY_RYE | C53: =IFERROR(LEFT(CRY,2)&RIGHT(CRY,2),0) -> 0 | D53: =IFERROR(LEFT(CRY,2)&RIGHT(CRY,2),0) | E53: For ABC single year RINS
B54: dms_Reset_RYE | C54: =IF(dms_Model_Span>1,IF(dms_Model="RFM",(LEFT(dms_DollarReal_year,2)&RIGHT(dms_DollarReal_year,2)),(LEFT(dms_Reset_final_year,2)&RIGHT(dms_Reset_final_year,2))),0) -> #N/A | D54: =IF(dms_Model_Span>1,IF(dms_Model="RFM",(LEFT(dms_DollarReal_year,2)&RIGHT(dms_DollarReal_year,2)),(LEFT(dms_Reset_final_year,2)&RIGHT(dms_Reset_final_year,2))),0) | E54: If model span > 1 then uses dms_Reset_RYE otherwise it's a multi year ABC and uses dms_Specified_RYE
B55: dms_Specified_RYE | C55: =IF(dms_MultiYear_ResponseFlag="Yes",(LEFT(dms_Specified_FinalYear,2)&RIGHT(dms_Specified_FinalYear,2)),0) -> 0 | D55: =IF(dms_MultiYear_ResponseFlag="Yes",(LEFT(dms_Specified_FinalYear,2)&RIGHT(dms_Specified_FinalYear,2)),0) | E55: If multi year ABC - uses dms_Specified_FinalYear
B56: dms_Model_Span | C56: =INDEX(dms_Model_Span_List,MATCH(dms_Model,dms_Model_List)) -> 5 | D56: =INDEX(dms_Model_Span_List,MATCH(dms_Model,dms_Model_List)) | E56: A result of 5 is used to signify that it is more than 1 year span
B57: dms_RYE_result | C57: =IF(dms_MultiYear_ResponseFlag="yes",dms_Specified_RYE,(IF(dms_Model_Span>1,dms_Reset_RYE,dms_CRY_RYE))) -> #N/A | D57: =IF(dms_MultiYear_ResponseFlag="yes",dms_Specified_RYE,(IF(dms_Model_Span>1,dms_Reset_RYE,dms_CRY_RYE))) | E57: Nested IF - feeds into dms_RYE
B58: dms_Reset_Span | C58: =IF(dms_Reset_RYE>0,CONCATENATE(FRCP_y1," to ",FRCP_final_year),0) -> #N/A | D58: =IF(dms_Reset_RYE>0,CONCATENATE(FRCP_y1," to ",FRCP_final_year),0) | E58: Reset span of years as text
B59: dms_SpecifiedYear_Span | C59: =IF(dms_Specified_RYE>0,CONCATENATE(CRY," to ",dms_Specified_FinalYear),0) -> 0 | D59: =IF(dms_Specified_RYE>0,CONCATENATE(CRY," to ",dms_Specified_FinalYear),0) | E59: Multi year ABC span of years as text
B60: dms_Header_Span | C60: =IF(dms_MultiYear_Flag=1,dms_SpecifiedYear_Span,IF(dms_Model_Span>1,dms_y1&" - "&FRCP_final_year,CRY)) -> #N/A | D60: =IF(dms_MultiYear_Flag=1,dms_SpecifiedYear_Span,IF(dms_Model_Span>1,dms_Reset_Span,CRY)) | E60: NESTED IF - for Sheet Headers
B61: ABC RINS THAT SPAN MULTIPLE YEARS
B62: This is a multi year ABC RIN? | C62: No
C63: =IF(dms_MultiYear_ResponseFlag="No",0,1) -> 0 | D63: dms_MultiYear_Flag | E63: This is set from the answer provided above
C64: =IF(dms_MultiYear_Flag=1,FRY,"not a Multiple year submission") -> not a Multiple year submission | D64: dms_Specified_FinalYear | E64: The result here is returned to dms_CRCP_FinalYear_Result if response to Q in C73 is "yes" and dms_MultiYear_Flag is set to 1
B65: Start year for 5.2 in Multi year ABC RINS | C65: =IFERROR(IF(dms_MultiYear_Flag=1,FRY,CRY),"not an ABC") -> not an ABC | D65: dms_0502_Inst_Year | E65: =IF(dms_MultiYear_Flag=1,FRY,CRY) | G65: For single year RINS this is CRY - multi year RINS need to start a the end of the span of years (ie. FRY)
B66: WHAT IS THE RYE?
B67: Reg Period Lengths
B68: PRCP length in years | C68: =INDEX(dms_PRCPlength_List,MATCH(dms_TradingName,dms_TradingName_List)) -> #N/A | D68: dms_PRCPlength_Num | E68: =INDEX(dms_PRCPlength_List,MATCH(dms_TradingName,dms_TradingName_List))
B69: CRCP length in years | C69: =INDEX(dms_CRCPlength_List,MATCH(dms_TradingName,dms_TradingName_List)) -> #N/A | D69: dms_CRCPlength_Num | E69: =INDEX(dms_CRCPlength_List,MATCH(dms_TradingName,dms_TradingName_List))
B70: FRCP length in years | C70: =INDEX(dms_FRCPlength_List,MATCH(dms_TradingName,dms_TradingName_List)) -> #N/A | D70: dms_FRCPlength_Num | E70: =INDEX(dms_FRCPlength_List,MATCH(dms_TradingName,dms_TradingName_List))
B71: Single year RIN?
B72: Single Year ABC RIN ? | C72: =IF(dms_Model="EB",1,0) -> 0 | D72: dms_EB
C73: =IF(dms_Model="CA",1,0) -> 0 | D73: dms_CA | E73: =dms_SingleYear_Model
C74: =IF(dms_Model="ARR",1,0) -> 0 | D74: dms_ARR
B75: Is this a single Year ABC RIN? | C75: =IF(SUM(dms_SingleYear_Model)=1,"yes","no") -> no | D75: dms_SingleYearModel | E75: =IF(SUM(dms_SingleYear_Model)=1,"yes","no")
B76: Single Year Final Year Result | C76: =IF(AND(dms_SingleYearModel="yes",dms_MultiYear_Flag=0),CRY,0) -> 0 | D76: dms_SingleYear_FinalYear_Result | E76: =IFERROR(IF(SUM(dms_SingleYear_Model)<>0,(INDIRECT(dms_SingleYear_FinalYear_Ref)),"not a single year RIN"),"CRY not present")
B77: Multi year RIN?
B79: Multi Year Reset/Model? | C79: =IF(dms_Model_Span>1,"yes","no") -> yes
B80: Final year result for Reset/Model | C80: =IF(dms_Model_Span>1,dms_Reset_final_year,0) -> #N/A | D80: dms_MultiYear_FinalYear_Result | E80: dms_CRCP_FinalYear_Result
B82: Multi Year ABC RIN? | C82: =IF(dms_MultiYear_Flag=1,"yes","no") -> no | D82: dms_MultiYear_ABC_RIN
B83: Final year result for ABC multi year | C83: =IF(dms_MultiYear_Flag=1,C50,0) -> 0
B85: EB RINS
B86: Calendar Year for table 3.6 data | C86: =IFERROR(IF(dms_Segment="Transmission",dms_Cal_Year_B4_CRY,CRY),"CRY not present") -> CRY not present | D86: dms_0306_Year | E86: =IF(dms_Segment="Transmission",dms_Cal_Year_B4_CRY,CRY)
B87: CA RINS
B88: Find how many rows in tables 6.3 sustained interruptions? | E88: dms_060301_MaxRows only returns a valid value when cover sheet is attached to a CA file
C89: =IF(dms_Model<>"CA","not a CA","Is a CA") -> not a CA | E89: =IF(dms_Model<>"CA","not a CA","Is a CA")
B90: dms_060301_Avg_Duration_Sustained_Int_Values present? | C90: =IFERROR(IF(INDEX(dms_060301_Avg_Duration_Sustained_Int_Values,1,1)<>"","yes","no"),"no") -> no | D90: dms_060301_checkvalue | E90: =IFERROR(IF(INDEX(dms_060301_Avg_Duration_Sustained_Int_Values,1,1)<>"","yes","no"),"no")
C91: =IF(AND(dms_Model="CA",(dms_060301_checkvalue="no")),"error - NR not present","no errors") -> no errors | E91: =IF(AND(dms_Model="CA",(dms_060301_checkvalue="no")),"error - NR not present","no errors")
B92: Table 6.3.1 - last row reference | C92: =IFERROR(IF(dms_Model="CA",LOOKUP(2,1/(dms_060301_Avg_Duration_Sustained_Int_Values<>""),(ROW(dms_060301_Avg_Duration_Sustained_Int_Values))),"not a CA"),"6.3 not present") -> not a CA | D92: dms_060301_LastRow | E92: =IFERROR(IF(dms_Model="CA",LOOKUP(2,1/(dms_060301_Avg_Duration_Sustained_Int_Values<>""),(ROW(dms_060301_Avg_Duration_Sustained_Int_Values))),"not a CA"),"6.3 not present")
B93: Table 6.3.1 - max number rows | C93: =IFERROR(IF(dms_Model="CA",(dms_060301_LastRow-15),"not a CA"),"error") -> not a CA | D93: dms_060301_MaxRows | E93: =IFERROR(IF(dms_Model="CA",(dms_060301_LastRow-15),"not a CA"),"error")
B94: Table 6.6.3 - Public lighting repair - no. business days | C94: =INDEX(dms_663_List,MATCH(dms_TradingName,dms_TradingName_List)) -> #N/A | D94: dms_663 | E94: =INDEX(dms_663_List,MATCH(dms_TradingName,dms_TradingName_List))
B95: ARR or RESET RINS
B96: How many rows in tables 6.1 or 6.7? (leap year?) | C96: insert dms_LeapYear NR if required | E96: 'dms_LeapYear is used to determine dms_060701_Max_Rows BUT it is only found on worksheet 6.1 or 6.7 and the date value in the cell is used to determine whether it is a leap year
B97: Is dms_LeapYear named range present? | C97: =IFERROR(IF(dms_LeapYear,"yes"),"no") -> no
B98: Table 6.7.1 - includes a leap year? | C98: =IFERROR(IF(MONTH(DATE(YEAR(dms_LeapYear),2,29))=2,"is a leap year","not a leap year"), "dms_LeapYear not present") -> dms_LeapYear not present | D98: dms_LeapYear_Result | E98: =IFERROR(IF(MONTH(DATE(YEAR(dms_LeapYear),2,29))=2,"is a leap year","not a leap year"),"dms_LeapYear not present")
B99: MaxRows if Reset and leap year | C99: =IF(dms_LeapYear_Result="is a leap year",1827,1826) -> 1826 | D99: dms_060701_Reset_MaxRows | E99: =IF(dms_LeapYear_Result="is a leap year",1827,1826) | H99: number of days present in Reset RIN table
B100: MaxRows if ARR and leap year | C100: =IF(dms_LeapYear_Result="is a leap year",366,365) -> 365 | D100: dms_060701_ARR_MaxRows | E100: =IF(dms_LeapYear_Result="is a leap year",366,365) | H100: number of days present in ARR RIN table
B101: Table 6.7.1 - Max Rows (leap year/ non leap year) | C101: =IF(dms_Model="ARR",dms_060701_ARR_MaxRows,IF(dms_Model="Reset",dms_060701_Reset_MaxRows,"not a relevant RIN type")) -> not a relevant RIN type | D101: dms_060701_MaxRows | E101: =IF(dms_Model="ARR",dms_060701_ARR_MaxRows,IF(dms_Model="Reset",dms_060701_Reset_MaxRows,"not a relevant RIN type"))
B102: How many columns in 6.7? (4 or 5 feeder categories) | C102: =IF(dms_FifthFeeder_flag_NSP="NO","This NSP has only 4 feeder categories","This NSP has 5 feeder categories") -> #N/A
B103: Table 6.7.1 - Last column (# of feeder categories > 4) | C103: =IF(dms_FifthFeeder_flag_NSP="NO",10,12) -> #N/A | D103: dms_060701_MaxCols | E103: =IF(dms_FifthFeeder_flag_NSP="NO",8,10)
B104: Table 6.7.1 - Number of offset rows | C104: =IF(dms_Model="ARR",15,9) -> 9 | D104: dms_060701_OffsetRows | E104: =IF(dms_Model="ARR",15,9)
B105: Start date for telephone answering in 6.1 or 6.7? | E105: Using 060101 as naming standard not 060701 for start dates
B106: Table 6.1.1 and 6.7.1 - Start Date as Text | C106: =IF(dms_SingleYearModel="yes",(CONCATENATE(IF(LEN(CRY)=4,"1-Jan-","1-Jul-"),LEFT(CRY,4))),(CONCATENATE(IF(LEN(PRCP_y4)=4,"1-Jan-","1-Jul-"),LEFT(PRCP_y4,4)))) -> #N/A | D106: dms_060101_StartDateTxt | E106: =IF(SUM(dms_SingleYear_Model)>1,(CONCATENATE(IF(LEN(CRY)=4,"1-Jan-","1-Jul-"),LEFT(CRY,4))),(CONCATENATE(IF(LEN(CRCP_y4)=4,"1-Jan-","1-Jul-"),LEFT(CRCP_y4,4))))
B107: Table 6.1.1 and 6.7.1 - Start Date as Date Value | C107: =DATEVALUE(dms_060701_StartDateTxt) -> #N/A | D107: dms_060101_StartDateVal | E107: =DATEVALUE(dms_060701_StartDateTxt)
...

Sheet Business & other details
V1: =INDEX(dms_Worksheet_List,MATCH(dms_Model,dms_Model_List)) -> ROLL FORWARD MODEL
V2: =INDEX(dms_TradingNameFull_List,MATCH(dms_TradingName,dms_TradingName_List)) -> #N/A
V3: =dms_Header_Span -> #N/A
V4: BUSINESS & OTHER DETAILS
V6: INSTRUCTIONS
V7: Complete the following business details regulatory template before entering data or values in any other regulatory template. This regulatory template is linked to other cells within the spreadsheet and automatically generates column headings and conditional formatting to distinguish business specific input and non-input cells.
Q9: SUBMISSION PARTICULARS INPUT SHEET
V12: ENTITY DETAILS
V14: Business Name
V16: Short name | AL16: =dms_InputTradingName -> 0
V17: ACN/ABN | AL17: =INDEX(dms_ABN_List,MATCH(dms_TradingName,dms_TradingName_List)) -> #N/A
V21: Business Address | BQ21: Postal Address
V23: Address 1 | AL23: =INDEX(dms_Addr1_List,MATCH(dms_TradingName,dms_TradingName_List)) -> #N/A | BI23: Address 1 | BQ23: =INDEX(dms_PAddr1_List,MATCH(dms_TradingName,dms_TradingName_List)) -> #N/A
V24: Address 2 | AL24: =IF(ISBLANK(INDEX(dms_Addr2_List,MATCH(dms_TradingName,dms_TradingName_List))),"",(INDEX(dms_Addr2_List,MATCH(dms_TradingName,dms_TradingName_List)))) -> #N/A | BI24: Address 2 | BQ24: =IF(ISBLANK(INDEX(dms_PAddr2_List,MATCH(dms_TradingName,dms_TradingName_List))),"",(INDEX(dms_PAddr2_List,MATCH(dms_TradingName,dms_TradingName_List)))) -> #N/A
V25: Suburb | AL25: =INDEX(dms_Suburb_List,MATCH(dms_TradingName,dms_TradingName_List)) -> #N/A | BI25: Suburb | BQ25: =INDEX(dms_PSuburb_List,MATCH(dms_TradingName,dms_TradingName_List)) -> #N/A
V26: State | AL26: =INDEX(dms_State_List,MATCH(dms_TradingName,dms_TradingName_List)) -> #N/A | AV26: Post code | BI26: State | BQ26: =INDEX(dms_PState_List,MATCH(dms_TradingName,dms_TradingName_List)) -> #N/A | CA26: Post code
BA28: `
V30: Contact Names
V32: Name | AL32: -- enter name -- | BI32: Name | BQ32: -- enter name --
V33: Phone | AL33: -- enter phone number -- | BI33: Phone | BQ33: -- enter phone number --
V34: Email | AL34: -- enter email address -- | BI34: Email | BQ34: -- enter email address --
Q39: REGULATORY CONTROL PERIODS
Z42: Forthcoming period | AL42: 2020-21 | AU42: =FRCP_y2 -> #N/A | BD42: =FRCP_y3 -> #N/A | BM42: =FRCP_y4 -> #N/A | BV42: =FRCP_y5 -> #N/A
AL43: =FRCP_y6 -> #N/A | AU43: =FRCP_y7 -> #N/A | BD43: =FRCP_y8 -> #N/A | BM43: =FRCP_y9 -> #N/A | BV43: =FRCP_y10 -> #N/A
AL44: =FRCP_y11 -> #N/A | AU44: =FRCP_y12 -> #N/A | BD44: =FRCP_y13 -> #N/A | BM44: =FRCP_y14 -> #N/A | BV44: =FRCP_y15 -> #N/A
X46: RESETS | Z46: Current period | AL46: =CRCP_y1 -> #N/A | AU46: =CRCP_y2 -> #N/A | BD46: =CRCP_y3 -> #N/A | BM46: =CRCP_y4 -> #N/A | BV46: =CRCP_y5 -> #N/A
AL47: =CRCP_y6 -> #N/A | AU47: =CRCP_y7 -> #N/A | BD47: =CRCP_y8 -> #N/A | BM47: =CRCP_y9 -> #N/A | BV47: =CRCP_y10 -> #N/A
AL48: =CRCP_y11 -> #N/A | AU48: =CRCP_y12 -> #N/A | BD48: =CRCP_y13 -> #N/A | BM48: =CRCP_y14 -> #N/A | BV48: =CRCP_y15 -> #N/A
Z50: Previous period | AL50: =PRCP_y1 -> #N/A | AU50: =PRCP_y2 -> #N/A | BD50: =PRCP_y3 -> #N/A | BM50: =PRCP_y4 -> #N/A | BV50: =PRCP_y5 -> #N/A
AL51: =PRCP_y6 -> #N/A | AU51: =PRCP_y7 -> #N/A | BD51: =PRCP_y8 -> #N/A | BM51: =PRCP_y9 -> #N/A | BV51: =PRCP_y10 -> #N/A
Q54: SUBMISSION DETAILS
Z56: RIN type | AL56: =INDIRECT(dms_Model) -> Roll Forward Model
Z58: Source | AL58: =dms_InputSource -> 0
X60: THIS FILE | Z60: Data Quality | AL60: Consolidated
Z62: Confidentiality Status | AL62: Public
Z64: Amended RIN Amendment Reason | AL64: .
Z68: Submission Date | AL68: dd/mm/yy | BD68: Please enter date this file submitted to AER

Sheet Intro
G2: Gas Transmission Service Provider
I3: Roll Forward Model
L4: Version: | M4: 1.1
L5: Date: | M5: May 2022
B8: Introduction | J8: Gas Transmission Model
C14: This model is used by the AER to determine the opening capital and tax asset bases for a gas transmission service provider. It also calculates a weighted average remaining
C15: asset lives for regulatory and tax purposes using the asset values as weights.
C16: The roll forward of the asset base is undertaken in nominal terms.
C18: INSTRUCTIONS FOR USE
C19: The RFM handbook is available on the AER website at http://www.aer.gov.au
C21: a. Fill out input cells on the 'DMS Input' sheet. These input cells are highlighted blue.
C22: This provides information on the service provider submitting the RFM and the context for the RFM preparation.
C23: This information also controls the automatic import of the RFM into the AER's Data Management System (DMS).
C25: b. Fill out input cells on the 'RFM Input' sheet. These input cells are highlighted blue.
C26: This provides the data for the RFM calculations.
C27: In general, input expenditure data should be valued in nominal dollar terms of the year indicated.
C28: Units and basis for entry are specified where required for each data table.
... C34: VERSION RECORD
C36: Version | D36: Date | F36: Description
C37: 1 | D37: April 2020 | F37: Initial model
C39: 1.1 | D39: May 2022 | F39: Fixed default adjustments for capitalised provisions calculation in 'Inputs working' sheet and minor formula error in 'TAB roll forward' and 'Remaining lives' sheets

Sheet DMS input
B2: =$C$16&" - DMS Input"&" - TNSP RFM - version "&Intro!$M$4 -> Carpentaria Gas Pipeline - DMS Input - TNSP RFM - version 1.1 | G2: Input cells are in blue
B6: This sheet requests information that allows the AER to automatically import the RFM into our data management system (DMS).
B7: This sheet's metadata relates to the business and context for the RFM (rather than the RFM itself).
B8: Only change blue input cells. To facilitate the automatic import, please do not delete or add rows on this sheet.
B9: Throughout the rest of the workbook, defined name ranges are used to identify data that is imported into the DMS.
B12: Entity details
B14: Trading name
B15: ACN / ABN | C15: 49 080 382 387
B16: Business short name | C16: Carpentaria Gas Pipeline
B19: Regulatory process details
B22: Source
B23: Amended model submission - reason

Sheet RFM input
E2: ='DMS input'!$C$16&" - RFM Input"&" - TNSP RFM - version "&Intro!$M$4 -> Carpentaria Gas Pipeline - RFM Input - TNSP RFM - version 1.1 | G2: Input cells are in blue
E5: ="Opening Capital Base for "&IF(LEN($Z$7)>4,CONCATENATE(LEFT($Z$7,4)-1&"-"&IF($Z$7>"2009-10",,"0")&RIGHT($Z$7,2)-1),$Z$7-1)&" and Opening Tax Asset Base for "&$Z$7&" ($m Nominal)" -> Opening Capital Base for 2015-16 and Opening Tax Asset Base for 2016-17 ($m Nominal)
F6: Asset Class Name | I6: Opening Asset Value (Partially As Incurred) | J6: Opening Asset Value (As Commissioned) | K6: Average Remaining Life (Year) | L6: Standard Life (Year) | M6: Forecast Net Capex (As Incurred) | N6: Forecast Net Capex (As Commissioned) | O6: Forecast Regulatory Depreciation (Partially As Incurred) | P6: Forecast Regulatory Depreciation (As Commissioned) | Q6: Difference in Final Year Capex (As Incurred) | R6: Difference in Final Year Capex (As Commissioned) | S6: Return on Difference in Final Year Capex ( As Incurred) | T6: Return on Difference in Final Year Capex (As Commissioned) | U6: Other Final Year Adjustments (As Incurred) | V6: Other Final Year Adjustments (As Commissioned) | W6: Opening Tax Asset Value | X6: Average Tax Remaining Life (Year) | Y6: Tax Standard Life (Year) | Z6: Base Regulatory Year | AA6: Length of Access Arrangement Period (Year)
E7: Asset Class 1 | F7: Pipelines | I7: 239.56529 | J7: 239.56529 | K7: 62.218288 | L7: 80 | M7: 0.28598169 | N7: 0.28598169 | O7: 1.4989513 | P7: 1.4989513 | W7: 20.92753 | X7: 3.7421827 | Y7: 20 | Z7: 2016-17 | AA7: 10
E8: Asset Class 2 | F8: Compressors | I8: 44.311963 | J8: 44.311963 | K8: 26.703125 | L8: 35 | M8: 0.012516034 | N8: 0.012516034 | O8: 1.1958344 | P8: 1.1958344 | W8: 26.111482 | X8: 12.24173 | Y8: 20
E9: Asset Class 3 | F9: City Gates, supply regulators and valve stations | I9: 0.1110144 | J9: 0.1110144 | K9: 43.760581 | L9: 50 | M9: 0.0091874124 | N9: 0.0091874124 | O9: 0.0014894416 | P9: 0.0014894416 | W9: 0.079006288 | X9: 14.887846 | Y9: 20
E10: Asset Class 4 | F10: Metering | I10: 8.0913495 | J10: 8.0913495 | K10: 35.459357 | L10: 50 | M10: 0 | N10: 0 | O10: 0.15362391 | P10: 0.15362391 | W10: 2.0957609 | X10: 12.613456 | Y10: 20
E11: Asset Class 5 | F11: Odourant plants | I11: 0.10522313 | J11: 0.10522313 | K11: 78 | L11: 80 | M11: 0 | N11: 0 | O11: 0.00029565953 | P11: 0.00029565953 | W11: 0.090892656 | X11: 18 | Y11: 20
E12: Asset Class 6 | F12: SCADA (Communications) | I12: 0.8711736 | J12: 0.8711736 | K12: 13.618428 | L12: 15 | M12: 1.0594006 | N12: 1.0594006 | O12: 0.068046662 | P12: 0.068046662 | W12: 1.6442643 | X12: 9.0570071 | Y12: 10
E13: Asset Class 7 | F13: Buildings | I13: 4.271416 | J13: 4.271416 | K13: 62.960155 | L13: 80 | M13: 0 | N13: 0 | O13: 0.02587191 | P13: 0.02587191 | W13: 1.8821232 | X13: 23.116706 | Y13: 40
E14: Asset Class 8 | F14: Land and easements | I14: 0.013334824 | J14: 0.013334824 | K14: n/a | L14: n/a | M14: 0 | N14: 0 | O14: -0.00013644936 | P14: -0.00013644936 | W14: 0.007947 | X14: n/a | Y14: N/A
E15: Asset Class 9 | F15: Other depreciable pipeline assets | I15: 6.6973907 | J15: 6.6973907 | K15: 73.029984 | L15: 80 | M15: 0.1068883 | N15: 0.1068883 | O15: 0.025252131 | P15: 0.025252131 | W15: 4.1585903 | X15: 16.11101 | Y15: 20
E16: Asset Class 10 | F16: IT Systems | I16: 1.0586432 | J16: 1.0586432 | K16: 1.2750016 | L16: 5 | M16: 0.017759483 | N16: 0.017759483 | O16: 0.50363763 | P16: 0.50363763 | W16: 0.048561082 | X16: 2.7467822 | Y16: 4
E17: Asset Class 11 | F17: Leased pipeline assets | I17: 1.7092659 | J17: 1.7092659 | K17: 6.5281836 | L17: 15.5 | M17: 0 | N17: 0 | O17: 0.21332529 | P17: 0.21332529 | W17: 1.1595648 | X17: 6.5291527 | Y17: 15.5
E18: Asset Class 12 | F18: Shared supporting assets | I18: 2.6665477 | J18: 2.6665477 | K18: 4.2699982 | L18: 5 | M18: 1.8843988 | N18: 1.8843988 | O18: 0.88914898 | P18: 0.88914898 | W18: 3.5526742 | X18: 4.2926758 | Y18: 5
E19: Asset Class 13 | F19: Shared leased assets | I19: 0 | J19: 0 | K19: 0 | L19: 5 | M19: 0 | N19: 0 | O19: 0 | P19: 0 | W19: 0 | X19: 0 | Y19: 5
E20: Asset Class 14 | F20: PMA - Buyout contract | I20: 12.155048 | J20: 12.155048 | K20: 4 | L20: 12 | M20: 0 | N20: 0 | O20: 2.4950739 | P20: 2.4950739 | W20: -1.7763568e-15 | X20: 5 | Y20: 5
E21: Asset Class 15
E22: Asset Class 16
E23: Asset Class 17
E24: Asset Class 18
E25: Asset Class 19
E26: Asset Class 20
E27: Asset Class 21
E28: Asset Class 22
E29: Asset Class 23
E30: Asset Class 24
E31: Asset Class 25
E32: Asset Class 26
... E52: Asset Class 46
E53: Asset Class 47 | F53: Spare straight-line tax asset class
E54: Asset Class 48 | F54: Buildings - capital works
E55: Asset Class 49 | F55: In-house software
E56: Asset Class 50 | F56: Equity raising costs
E57: Total | I57: =SUM(I7:I56) -> 321.62766 | J57: =SUM(J7:J56) -> 321.62766 | M57: =SUM(M7:M56) -> 3.3761324 | N57: =SUM(N7:N56) -> 3.3761324 | O57: =SUM(O7:O56) -> 7.0704148 | P57: =SUM(P7:P56) -> 7.0704148 | Q57: =SUM(Q7:Q56) -> 0 | R57: =SUM(R7:R56) -> 0 | S57: =SUM(S7:S56) -> 0 | T57: =SUM(T7:T56) -> 0 | ... W57: =SUM(W7:W56) -> 61.758396
E59: Actual Capital Expenditure – As Incurred ($m Nominal)
E60: Year | G60: =IF(LEN(H60)>4,CONCATENATE(LEFT(H60,4)-1&"-"&IF(H60>"2009-10",,"0")&RIGHT(H60,2)-1),H60-1) -> 2015-16 | H60: =Z7 -> 2016-17 | I60: =IF(LEN(H60)>4,CONCATENATE(LEFT(H60,4)+1&"-"&IF(H60>"2007-08",,"0")&RIGHT(H60,2)+1),H60+1) -> 2017-18 | J60: =IF(LEN(I60)>4,CONCATENATE(LEFT(I60,4)+1&"-"&IF(I60>"2007-08",,"0")&RIGHT(I60,2)+1),I60+1) -> 2018-19 | K60: =IF(LEN(J60)>4,CONCATENATE(LEFT(J60,4)+1&"-"&IF(J60>"2007-08",,"0")&RIGHT(J60,2)+1),J60+1) -> 2019-20 | L60: =IF(LEN(K60)>4,CONCATENATE(LEFT(K60,4)+1&"-"&IF(K60>"2007-08",,"0")&RIGHT(K60,2)+1),K60+1) -> 2020-21 | M60: =IF(LEN(L60)>4,CONCATENATE(LEFT(L60,4)+1&"-"&IF(L60>"2007-08",,"0")&RIGHT(L60,2)+1),L60+1) -> 2021-22 | N60: =IF(LEN(M60)>4,CONCATENATE(LEFT(M60,4)+1&"-"&IF(M60>"2007-08",,"0")&RIGHT(M60,2)+1),M60+1) -> 2022-23 | O60: =IF(LEN(N60)>4,CONCATENATE(LEFT(N60,4)+1&"-"&IF(N60>"2007-08",,"0")&RIGHT(N60,2)+1),N60+1) -> 2023-24 | P60: =IF(LEN(O60)>4,CONCATENATE(LEFT(O60,4)+1&"-"&IF(O60>"2007-08",,"0")&RIGHT(O60,2)+1),O60+1) -> 2024-25 | Q60: =IF(LEN(P60)>4,CONCATENATE(LEFT(P60,4)+1&"-"&IF(P60>"2007-08",,"0")&RIGHT(P60,2)+1),P60+1) -> 2025-26
E61: =Asset1 -> Pipelines | G61: 0.27849824 | H61: 0 | I61: 0 | J61: 0.01702799 | K61: 1.3283121 | L61: 0.61771703 | M61: 0
E62: =Asset2 -> Compressors | G62: 0.01218852 | H62: 0.58380156 | I62: 0.00814223 | J62: 0.29607051 | K62: 0.21128007 | L62: 0.60571892 | M62: 2.910383e-17
E63: =Asset3 -> City Gates, supply regulators and valve stations | G63: 0.008947 | H63: 0 | I63: 0 | J63: 0 | K63: 0 | L63: 0 | M63: 0
E64: =Asset4 -> Metering | G64: 0 | H64: 0 | I64: 0 | J64: 0 | K64: 0 | L64: 0 | M64: 0.41405203
E65: =Asset5 -> Odourant plants | G65: 0 | H65: 0 | I65: 0 | J65: 0 | K65: 0 | L65: 0 | M65: 0
E66: =Asset6 -> SCADA (Communications) | G66: 1.0316786 | H66: 0.00395705 | I66: 0.07994708 | J66: 0.35065796 | K66: 0.23417115 | L66: 0 | M66: 0
E67: =Asset7 -> Buildings | G67: 0 | H67: 0 | I67: 0 | J67: 0 | K67: 0 | L67: 0 | M67: 0
E68: =Asset8 -> Land and easements | G68: 0 | H68: 0 | I68: 0 | J68: 0 | K68: 0 | L68: 0 | M68: 0
E69: =Asset9 -> Other depreciable pipeline assets | G69: 0.10409129 | H69: 0.01333242 | I69: 0.54334485 | J69: 0.20177433 | K69: 0.24845664 | L69: 0.0818072 | M69: 1e-08
E70: =Asset10 -> IT Systems | G70: 0.01729476 | H70: 0 | I70: 0.001735 | J70: 0 | K70: 1.03769 | L70: 6.1320754e-09 | M70: 0
E71: =Asset11 -> Leased pipeline assets | G71: 0 | H71: 0 | I71: 0 | J71: 0 | K71: 0 | L71: 0 | M71: 0
E72: =Asset12 -> Shared supporting assets | G72: 1.8430683 | H72: 0.60808711 | I72: 0.99798309 | J72: 1.5844927 | K72: 1.0840752 | L72: 0.63720248 | M72: 3.0556403
E73: =Asset13 -> Shared leased assets | G73: 0 | H73: 0 | I73: 0 | J73: 0 | K73: 0.87894072 | L73: 0.20130235 | M73: 0.23104586
E74: =Asset14 -> PMA - Buyout contract | G74: 0 | H74: 0 | I74: 0 | J74: 0 | K74: 0 | L74: 0 | M74: 0
E75: =Asset15 -> 0
E76: =Asset16 -> 0
E77: =Asset17 -> 0
E78: =Asset18 -> 0
E79: =Asset19 -> 0
E80: =Asset20 -> 0
E81: =Asset21 -> 0
E82: =Asset22 -> 0
E83: =Asset23 -> 0
E84: =Asset24 -> 0
E85: =Asset25 -> 0
E86: =Asset26 -> 0
E87: =Asset27 -> 0
E88: =Asset28 -> 0
E89: =Asset29 -> 0
E90: =Asset30 -> 0
E91: =Asset31 -> 0
E92: =Asset32 -> 0
E93: =Asset33 -> 0
E94: =Asset34 -> 0
E95: =Asset35 -> 0
E96: =Asset36 -> 0
E97: =Asset37 -> 0
E98: =Asset38 -> 0
E99: =Asset39 -> 0
E100: =Asset40 -> 0
E101: =Asset41 -> 0
E102: =Asset42 -> 0
E103: =Asset43 -> 0
E104: =Asset44 -> 0
E105: =Asset45 -> 0
E106: =Asset46 -> 0
E107: =Asset47 -> Spare straight-line tax asset class
E108: =Asset48 -> Buildings - capital works
E109: =Asset49 -> In-house software
E110: =Asset50 -> Equity raising costs
E111: Total | G111: =SUM(G61:G110) -> 3.2957667 | H111: =SUM(H61:H110) -> 1.2091781 | I111: =SUM(I61:I110) -> 1.6311523 | J111: =SUM(J61:J110) -> 2.4500235 | K111: =SUM(K61:K110) -> 5.022926 | L111: =SUM(L61:L110) -> 2.143748 | M111: =SUM(M61:M110) -> 3.7007382 | N111: =SUM(N61:N110) -> 0 | ... Q111: =SUM(Q61:Q110) -> 0
R112: =SUM(G111:Q111) -> 19.453533
E113: Actual Asset Disposal – As Incurred ($m Nominal)
E114: Year | G114: =G$60 -> 2015-16 | H114: =H$60 -> 2016-17 | I114: =I$60 -> 2017-18 | J114: =J$60 -> 2018-19 | K114: =K$60 -> 2019-20 | L114: =L$60 -> 2020-21 | M114: =M$60 -> 2021-22 | N114: =N$60 -> 2022-23 | ... Q114: =Q$60 -> 2025-26
E115: =Asset1 -> Pipelines | G115: 0 | H115: 0 | I115: 0 | J115: 0 | K115: 0 | L115: 0 | M115: 0
E116: =Asset2 -> Compressors | G116: 0 | H116: 0 | I116: 0 | J116: 0 | K116: 0 | L116: 0 | M116: 0
E117: =Asset3 -> City Gates, supply regulators and valve stations | G117: 0 | H117: 0 | I117: 0 | J117: 0 | K117: 0 | L117: 0 | M117: 0
E118: =Asset4 -> Metering | G118: 0 | H118: 0 | I118: 0 | J118: 0 | K118: 0 | L118: 0 | M118: 0
E119: =Asset5 -> Odourant plants | G119: 0 | H119: 0 | I119: 0 | J119: 0 | K119: 0 | L119: 0 | M119: 0
E120: =Asset6 -> SCADA (Communications) | G120: 0 | H120: 0 | I120: 0 | J120: 0 | K120: 0 | L120: 0 | M120: 0
E121: =Asset7 -> Buildings | G121: 0 | H121: 0 | I121: 0 | J121: 0 | K121: 0 | L121: 0 | M121: 0
E122: =Asset8 -> Land and easements | G122: 0 | H122: 0 | I122: 0 | J122: 0 | K122: 0 | L122: 0 | M122: 0
E123: =Asset9 -> Other depreciable pipeline assets | G123: 0 | H123: 0 | I123: 0.19642925 | J123: 0 | K123: 0.15260459 | L123: 0 | M123: 0.11106859
...

Sheet Adjustment for previous period
B2: ='DMS input'!$C$16&" - Adjustment For Previous Period"&" - TNSP RFM - version "&Intro!$M$4 -> Carpentaria Gas Pipeline - Adjustment For Previous Period - TNSP RFM - version 1.1
B4: Year | G4: ='RFM input'!G60 -> 2015-16 | H4: ='RFM input'!H60 -> 2016-17 | I4: ='RFM input'!I60 -> 2017-18 | J4: ='RFM input'!J60 -> 2018-19 | K4: ='RFM input'!K60 -> 2019-20 | L4: ='RFM input'!L60 -> 2020-21 | M4: ='RFM input'!M60 -> 2021-22 | N4: ='RFM input'!N60 -> 2022-23 | ... Q4: ='RFM input'!Q60 -> 2025-26
B6: Actual CPI Inflation Rate | G6: ='RFM input'!G$385 -> 0.010232558 | H6: ='RFM input'!H$385 -> 0.019337017 | I6: ='RFM input'!I$385 -> 0.020776874 | J6: ='RFM input'!J$385 -> 0.015929204 | K6: ='RFM input'!K$385 -> -0.0034843206 | L6: ='RFM input'!L$385 -> 0.038461538 | M6: ='RFM input'!M$385 -> 0.061447811 | N6: ='RFM input'!N$385 -> 0 | ... Q6: ='RFM input'!Q$385 -> 0
B7: Actual CPI (one year lagged) | G7: ='RFM input'!G$386 -> 1 | H7: ='RFM input'!H$386 -> 1.0102326 | I7: ='RFM input'!I$386 -> 1.0297674 | J7: ='RFM input'!J$386 -> 1.0511628 | K7: ='RFM input'!K$386 -> 1.067907 | L7: ='RFM input'!L$386 -> 1.064186 | M7: ='RFM input'!M$386 -> 1.1051163 | N7: ='RFM input'!N$386 -> 1.1730233 | ... Q7: ='RFM input'!Q$386 -> 1.1730233
B8: Nominal Vanilla WACC (fixed real time varying) | H8: =vanilla1 -> 0.052373391 | I8: =vanilla2 -> 0.051966696 | J8: =vanilla3 -> 0.048326342 | K8: =vanilla4 -> 0.01895526 | L8: =vanilla5 -> 0.054185068 | M8: =vanilla6 -> 0.089868362 | N8: =vanilla7 -> -0.019607843 | O8: =vanilla8 -> -0.019607843 | P8: =vanilla9 -> -0.019607843 | Q8: =vanilla10 -> -0.019607843
B9: Real Vanilla WACC | H9: ='RFM input'!H$391 -> 0.032409668 | I9: ='RFM input'!I$391 -> 0.030554985 | J9: ='RFM input'!J$391 -> 0.031889169 | K9: ='RFM input'!K$391 -> 0.022518041 | L9: ='RFM input'!L$391 -> 0.015141176 | M9: ='RFM input'!M$391 -> 0.026775268 | N9: ='RFM input'!N$391 -> -0.019607843 | O9: ='RFM input'!O$391 -> -0.019607843 | ... Q9: ='RFM input'!Q$391 -> -0.019607843
B11: Nominal Adjustments for Difference Between Forecast and Actual Net Capex - As Incurred
B13: Nominal Forecast Net Capex (previous regulatory control period) | G13: =SUM(G14:G63) -> 3.3761324
C14: =Asset1 -> Pipelines | G14: ='RFM input'!M7 -> 0.28598169
C15: =Asset2 -> Compressors | G15: ='RFM input'!M8 -> 0.012516034
C16: =Asset3 -> City Gates, supply regulators and valve stations | G16: ='RFM input'!M9 -> 0.0091874124
C17: =Asset4 -> Metering | G17: ='RFM input'!M10 -> 0
C18: =Asset5 -> Odourant plants | G18: ='RFM input'!M11 -> 0
C19: =Asset6 -> SCADA (Communications) | G19: ='RFM input'!M12 -> 1.0594006
C20: =Asset7 -> Buildings | G20: ='RFM input'!M13 -> 0
C21: =Asset8 -> Land and easements | G21: ='RFM input'!M14 -> 0
C22: =Asset9 -> Other depreciable pipeline assets | G22: ='RFM input'!M15 -> 0.1068883
C23: =Asset10 -> IT Systems | G23: ='RFM input'!M16 -> 0.017759483
C24: =Asset11 -> Leased pipeline assets | G24: ='RFM input'!M17 -> 0
C25: =Asset12 -> Shared supporting assets | G25: ='RFM input'!M18 -> 1.8843988
C26: =Asset13 -> Shared leased assets | G26: ='RFM input'!M19 -> 0
C27: =Asset14 -> PMA - Buyout contract | G27: ='RFM input'!M20 -> 0
C28: =Asset15 -> 0 | G28: ='RFM input'!M21 -> 0
C29: =Asset16 -> 0 | G29: ='RFM input'!M22 -> 0
C30: =Asset17 -> 0 | G30: ='RFM input'!M23 -> 0
C31: =Asset18 -> 0 | G31: ='RFM input'!M24 -> 0
C32: =Asset19 -> 0 | G32: ='RFM input'!M25 -> 0
C33: =Asset20 -> 0 | G33: ='RFM input'!M26 -> 0
C34: =Asset21 -> 0 | G34: ='RFM input'!M27 -> 0
C35: =Asset22 -> 0 | G35: ='RFM input'!M28 -> 0
C36: =Asset23 -> 0 | G36: ='RFM input'!M29 -> 0
C37: =Asset24 -> 0 | G37: ='RFM input'!M30 -> 0
C38: =Asset25 -> 0 | G38: ='RFM input'!M31 -> 0
C39: =Asset26 -> 0 | G39: ='RFM input'!M32 -> 0
C40: =Asset27 -> 0 | G40: ='RFM input'!M33 -> 0
C41: =Asset28 -> 0 | G41: ='RFM input'!M34 -> 0
C42: =Asset29 -> 0 | G42: ='RFM input'!M35 -> 0
C43: =Asset30 -> 0 | G43: ='RFM input'!M36 -> 0
C44: =Asset31 -> 0 | G44: ='RFM input'!M37 -> 0
C45: =Asset32 -> 0 | G45: ='RFM input'!M38 -> 0
C46: =Asset33 -> 0 | G46: ='RFM input'!M39 -> 0
C47: =Asset34 -> 0 | G47: ='RFM input'!M40 -> 0
C48: =Asset35 -> 0 | G48: ='RFM input'!M41 -> 0
C49: =Asset36 -> 0 | G49: ='RFM input'!M42 -> 0
C50: =Asset37 -> 0 | G50: ='RFM input'!M43 -> 0
C51: =Asset38 -> 0 | G51: ='RFM input'!M44 -> 0
C52: =Asset39 -> 0 | G52: ='RFM input'!M45 -> 0
C53: =Asset40 -> 0 | G53: ='RFM input'!M46 -> 0
C54: =Asset41 -> 0 | G54: ='RFM input'!M47 -> 0
C55: =Asset42 -> 0 | G55: ='RFM input'!M48 -> 0
C56: =Asset43 -> 0 | G56: ='RFM input'!M49 -> 0
C57: =Asset44 -> 0 | G57: ='RFM input'!M50 -> 0
C58: =Asset45 -> 0 | G58: ='RFM input'!M51 -> 0
C59: =Asset46 -> 0 | G59: ='RFM input'!M52 -> 0
C60: =Asset47 -> Spare straight-line tax asset class | G60: ='RFM input'!M53 -> 0
C61: =Asset48 -> Buildings - capital works | G61: ='RFM input'!M54 -> 0
C62: =Asset49 -> In-house software | G62: ='RFM input'!M55 -> 0
C63: =Asset50 -> Equity raising costs | G63: ='RFM input'!M56 -> 0
B65: Nominal Actual Net Capex | G65: =SUM(G66:G115) -> 3.3761324
C66: =Asset1 -> Pipelines | G66: ='RFM input'!G169*(1+previous_vanilla)^0.5 -> 0.28598169
C67: =Asset2 -> Compressors | G67: ='RFM input'!G170*(1+previous_vanilla)^0.5 -> 0.012516034
C68: =Asset3 -> City Gates, supply regulators and valve stations | G68: ='RFM input'!G171*(1+previous_vanilla)^0.5 -> 0.0091874124
C69: =Asset4 -> Metering | G69: ='RFM input'!G172*(1+previous_vanilla)^0.5 -> 0
C70: =Asset5 -> Odourant plants | G70: ='RFM input'!G173*(1+previous_vanilla)^0.5 -> 0
C71: =Asset6 -> SCADA (Communications) | G71: ='RFM input'!G174*(1+previous_vanilla)^0.5 -> 1.0594006
C72: =Asset7 -> Buildings | G72: ='RFM input'!G175*(1+previous_vanilla)^0.5 -> 0
C73: =Asset8 -> Land and easements | G73: ='RFM input'!G176*(1+previous_vanilla)^0.5 -> 0
C74: =Asset9 -> Other depreciable pipeline assets | G74: ='RFM input'!G177*(1+previous_vanilla)^0.5 -> 0.1068883
C75: =Asset10 -> IT Systems | G75: ='RFM input'!G178*(1+previous_vanilla)^0.5 -> 0.017759483
C76: =Asset11 -> Leased pipeline assets | G76: ='RFM input'!G179*(1+previous_vanilla)^0.5 -> 0
C77: =Asset12 -> Shared supporting assets | G77: ='RFM input'!G180*(1+previous_vanilla)^0.5 -> 1.8843988
C78: =Asset13 -> Shared leased assets | G78: ='RFM input'!G181*(1+previous_vanilla)^0.5 -> 0
C79: =Asset14 -> PMA - Buyout contract | G79: ='RFM input'!G182*(1+previous_vanilla)^0.5 -> 0
C80: =Asset15 -> 0 | G80: ='RFM input'!G183*(1+previous_vanilla)^0.5 -> 0
C81: =Asset16 -> 0 | G81: ='RFM input'!G184*(1+previous_vanilla)^0.5 -> 0
C82: =Asset17 -> 0 | G82: ='RFM input'!G185*(1+previous_vanilla)^0.5 -> 0
C83: =Asset18 -> 0 | G83: ='RFM input'!G186*(1+previous_vanilla)^0.5 -> 0
C84: =Asset19 -> 0 | G84: ='RFM input'!G187*(1+previous_vanilla)^0.5 -> 0
C85: =Asset20 -> 0 | G85: ='RFM input'!G188*(1+previous_vanilla)^0.5 -> 0
C86: =Asset21 -> 0 | G86: ='RFM input'!G189*(1+previous_vanilla)^0.5 -> 0
C87: =Asset22 -> 0 | G87: ='RFM input'!G190*(1+previous_vanilla)^0.5 -> 0
C88: =Asset23 -> 0 | G88: ='RFM input'!G191*(1+previous_vanilla)^0.5 -> 0
C89: =Asset24 -> 0 | G89: ='RFM input'!G192*(1+previous_vanilla)^0.5 -> 0
C90: =Asset25 -> 0 | G90: ='RFM input'!G193*(1+previous_vanilla)^0.5 -> 0
C91: =Asset26 -> 0 | G91: ='RFM input'!G194*(1+previous_vanilla)^0.5 -> 0
C92: =Asset27 -> 0 | G92: ='RFM input'!G195*(1+previous_vanilla)^0.5 -> 0
C93: =Asset28 -> 0 | G93: ='RFM input'!G196*(1+previous_vanilla)^0.5 -> 0
C94: =Asset29 -> 0 | G94: ='RFM input'!G197*(1+previous_vanilla)^0.5 -> 0
C95: =Asset30 -> 0 | G95: ='RFM input'!G198*(1+previous_vanilla)^0.5 -> 0
C96: =Asset31 -> 0 | G96: ='RFM input'!G199*(1+previous_vanilla)^0.5 -> 0
C97: =Asset32 -> 0 | G97: ='RFM input'!G200*(1+previous_vanilla)^0.5 -> 0
C98: =Asset33 -> 0 | G98: ='RFM input'!G201*(1+previous_vanilla)^0.5 -> 0
C99: =Asset34 -> 0 | G99: ='RFM input'!G202*(1+previous_vanilla)^0.5 -> 0
C100: =Asset35 -> 0 | G100: ='RFM input'!G203*(1+previous_vanilla)^0.5 -> 0
C101: =Asset36 -> 0 | G101: ='RFM input'!G204*(1+previous_vanilla)^0.5 -> 0
C102: =Asset37 -> 0 | G102: ='RFM input'!G205*(1+previous_vanilla)^0.5 -> 0
C103: =Asset38 -> 0 | G103: ='RFM input'!G206*(1+previous_vanilla)^0.5 -> 0
C104: =Asset39 -> 0 | G104: ='RFM input'!G207*(1+previous_vanilla)^0.5 -> 0
C105: =Asset40 -> 0 | G105: ='RFM input'!G208*(1+previous_vanilla)^0.5 -> 0
C106: =Asset41 -> 0 | G106: ='RFM input'!G209*(1+previous_vanilla)^0.5 -> 0
...

Sheet Capital base roll forward
C2: ='DMS input'!$C$16&" - Asset Roll Forward"&" - TNSP RFM - version "&Intro!$M$4 -> Carpentaria Gas Pipeline - Asset Roll Forward - TNSP RFM - version 1.1
G3: 0 | H3: =G3+1 -> 1 | I3: =H3+1 -> 2 | J3: =I3+1 -> 3 | K3: =J3+1 -> 4 | L3: =K3+1 -> 5 | M3: =L3+1 -> 6 | N3: =M3+1 -> 7 | O3: =N3+1 -> 8 | ... R3: =Q3+1 -> 11
C4: Year | G4: ='RFM input'!G60 -> 2015-16 | H4: ='RFM input'!H60 -> 2016-17 | I4: ='RFM input'!I60 -> 2017-18 | J4: ='RFM input'!J60 -> 2018-19 | K4: ='RFM input'!K60 -> 2019-20 | L4: ='RFM input'!L60 -> 2020-21 | M4: ='RFM input'!M60 -> 2021-22 | N4: ='RFM input'!N60 -> 2022-23 | ... Q4: ='RFM input'!Q60 -> 2025-26 | R4: =IF(LEN(Q4)>4,CONCATENATE(LEFT(Q4, 4)+1 &"-" &IF(Q4>"2007-08",,"0") &RIGHT(Q4,2)+1),Q4+1) -> 2026-27
C6: Actual CPI Inflation Rate | G6: ='RFM input'!G385 -> 0.010232558 | H6: ='RFM input'!H385 -> 0.019337017 | I6: ='RFM input'!I385 -> 0.020776874 | J6: ='RFM input'!J385 -> 0.015929204 | K6: ='RFM input'!K385 -> -0.0034843206 | L6: ='RFM input'!L385 -> 0.038461538 | M6: ='RFM input'!M385 -> 0.061447811 | N6: ='RFM input'!N385 -> 0 | ... Q6: ='RFM input'!Q385 -> 0
C7: Actual CPI (one year lagged) | G7: ='RFM input'!G386 -> 1 | H7: ='RFM input'!H386 -> 1.0102326 | I7: ='RFM input'!I386 -> 1.0297674 | J7: ='RFM input'!J386 -> 1.0511628 | K7: ='RFM input'!K386 -> 1.067907 | L7: ='RFM input'!L386 -> 1.064186 | M7: ='RFM input'!M386 -> 1.1051163 | N7: ='RFM input'!N386 -> 1.1730233 | ... Q7: ='RFM input'!Q386 -> 1.1730233
C9: ="Asset Values ($m Real "&G4&")" -> Asset Values ($m Real 2015-16)
C11: Real Actual Net Capex - As Incurred | H11: =SUM(H12:H61) -> 1.2156911 | I11: =SUM(I12:I61) -> 1.4273191 | J11: =SUM(J12:J61) -> 2.3797076 | K11: =SUM(K12:K61) -> 4.5980412 | L11: =SUM(L12:L61) -> 2.0565674 | M11: =SUM(M12:M61) -> 3.3902824 | N11: =SUM(N12:N61) -> 0 | O11: =SUM(O12:O61) -> 0 | ... Q11: =SUM(Q12:Q61) -> 0
D12: =Asset1 -> Pipelines | H12: ='RFM input'!H169*(1+vanilla1)^0.5 -> 0 | I12: ='RFM input'!I169*(1+vanilla2)^0.5 -> 0 | J12: ='RFM input'!J169*(1+vanilla3)^0.5 -> 0.016586 | K12: ='RFM input'!K169*(1+vanilla4)^0.5 -> 1.2555797 | L12: ='RFM input'!L169*(1+vanilla5)^0.5 -> 0.5959783 | M12: ='RFM input'!M169*(1+vanilla6)^0.5 -> 0 | N12: ='RFM input'!N169*(1+vanilla7)^0.5 -> 0 | O12: ='RFM input'!O169*(1+vanilla8)^0.5 -> 0 | P12: ='RFM input'!P169*(1+vanilla9)^0.5 -> 0 | Q12: ='RFM input'!Q169*(1+vanilla10)^0.5 -> 0
D13: =Asset2 -> Compressors | H13: ='RFM input'!H170*(1+vanilla1)^0.5 -> 0.59282815 | I13: ='RFM input'!I170*(1+vanilla2)^0.5 -> 0.0081097078 | J13: ='RFM input'!J170*(1+vanilla3)^0.5 -> 0.2883855 | K13: ='RFM input'!K170*(1+vanilla4)^0.5 -> 0.19971131 | L13: ='RFM input'!L170*(1+vanilla5)^0.5 -> 0.58440242 | M13: ='RFM input'!M170*(1+vanilla6)^0.5 -> 2.7493447e-17 | N13: ='RFM input'!N170*(1+vanilla7)^0.5 -> 0 | O13: ='RFM input'!O170*(1+vanilla8)^0.5 -> 0 | P13: ='RFM input'!P170*(1+vanilla9)^0.5 -> 0 | Q13: ='RFM input'!Q170*(1+vanilla10)^0.5 -> 0
D14: =Asset3 -> City Gates, supply regulators and valve stations | H14: ='RFM input'!H171*(1+vanilla1)^0.5 -> 0 | I14: ='RFM input'!I171*(1+vanilla2)^0.5 -> 0 | J14: ='RFM input'!J171*(1+vanilla3)^0.5 -> 0 | K14: ='RFM input'!K171*(1+vanilla4)^0.5 -> 0 | L14: ='RFM input'!L171*(1+vanilla5)^0.5 -> 0 | M14: ='RFM input'!M171*(1+vanilla6)^0.5 -> 0 | N14: ='RFM input'!N171*(1+vanilla7)^0.5 -> 0 | O14: ='RFM input'!O171*(1+vanilla8)^0.5 -> 0 | P14: ='RFM input'!P171*(1+vanilla9)^0.5 -> 0 | Q14: ='RFM input'!Q171*(1+vanilla10)^0.5 -> 0
D15: =Asset4 -> Metering | H15: ='RFM input'!H172*(1+vanilla1)^0.5 -> 0 | I15: ='RFM input'!I172*(1+vanilla2)^0.5 -> 0 | J15: ='RFM input'!J172*(1+vanilla3)^0.5 -> 0 | K15: ='RFM input'!K172*(1+vanilla4)^0.5 -> 0 | L15: ='RFM input'!L172*(1+vanilla5)^0.5 -> 0 | M15: ='RFM input'!M172*(1+vanilla6)^0.5 -> 0.39114156 | N15: ='RFM input'!N172*(1+vanilla7)^0.5 -> 0 | O15: ='RFM input'!O172*(1+vanilla8)^0.5 -> 0 | P15: ='RFM input'!P172*(1+vanilla9)^0.5 -> 0 | Q15: ='RFM input'!Q172*(1+vanilla10)^0.5 -> 0
D16: =Asset5 -> Odourant plants | H16: ='RFM input'!H173*(1+vanilla1)^0.5 -> 0 | I16: ='RFM input'!I173*(1+vanilla2)^0.5 -> 0 | J16: ='RFM input'!J173*(1+vanilla3)^0.5 -> 0 | K16: ='RFM input'!K173*(1+vanilla4)^0.5 -> 0 | L16: ='RFM input'!L173*(1+vanilla5)^0.5 -> 0 | M16: ='RFM input'!M173*(1+vanilla6)^0.5 -> 0 | N16: ='RFM input'!N173*(1+vanilla7)^0.5 -> 0 | O16: ='RFM input'!O173*(1+vanilla8)^0.5 -> 0 | P16: ='RFM input'!P173*(1+vanilla9)^0.5 -> 0 | Q16: ='RFM input'!Q173*(1+vanilla10)^0.5 -> 0
D17: =Asset6 -> SCADA (Communications) | H17: ='RFM input'!H174*(1+vanilla1)^0.5 -> 0.0040182329 | I17: ='RFM input'!I174*(1+vanilla2)^0.5 -> 0.07962775 | J17: ='RFM input'!J174*(1+vanilla3)^0.5 -> 0.34155604 | K17: ='RFM input'!K174*(1+vanilla4)^0.5 -> 0.22134898 | L17: ='RFM input'!L174*(1+vanilla5)^0.5 -> 0 | M17: ='RFM input'!M174*(1+vanilla6)^0.5 -> 0 | N17: ='RFM input'!N174*(1+vanilla7)^0.5 -> 0 | O17: ='RFM input'!O174*(1+vanilla8)^0.5 -> 0 | P17: ='RFM input'!P174*(1+vanilla9)^0.5 -> 0 | Q17: ='RFM input'!Q174*(1+vanilla10)^0.5 -> 0
D18: =Asset7 -> Buildings | H18: ='RFM input'!H175*(1+vanilla1)^0.5 -> 0 | I18: ='RFM input'!I175*(1+vanilla2)^0.5 -> 0 | J18: ='RFM input'!J175*(1+vanilla3)^0.5 -> 0 | K18: ='RFM input'!K175*(1+vanilla4)^0.5 -> 0 | L18: ='RFM input'!L175*(1+vanilla5)^0.5 -> 0 | M18: ='RFM input'!M175*(1+vanilla6)^0.5 -> 0 | N18: ='RFM input'!N175*(1+vanilla7)^0.5 -> 0 | O18: ='RFM input'!O175*(1+vanilla8)^0.5 -> 0 | P18: ='RFM input'!P175*(1+vanilla9)^0.5 -> 0 | Q18: ='RFM input'!Q175*(1+vanilla10)^0.5 -> 0
D19: =Asset8 -> Land and easements | H19: ='RFM input'!H176*(1+vanilla1)^0.5 -> 0 | I19: ='RFM input'!I176*(1+vanilla2)^0.5 -> 0 | J19: ='RFM input'!J176*(1+vanilla3)^0.5 -> 0 | K19: ='RFM input'!K176*(1+vanilla4)^0.5 -> 0 | L19: ='RFM input'!L176*(1+vanilla5)^0.5 -> 0 | M19: ='RFM input'!M176*(1+vanilla6)^0.5 -> 0 | N19: ='RFM input'!N176*(1+vanilla7)^0.5 -> 0 | O19: ='RFM input'!O176*(1+vanilla8)^0.5 -> 0 | P19: ='RFM input'!P176*(1+vanilla9)^0.5 -> 0 | Q19: ='RFM input'!Q176*(1+vanilla10)^0.5 -> 0
D20: =Asset9 -> Other depreciable pipeline assets | H20: ='RFM input'!H177*(1+vanilla1)^0.5 -> 0.013538563 | I20: ='RFM input'!I177*(1+vanilla2)^0.5 -> 0.34552993 | J20: ='RFM input'!J177*(1+vanilla3)^0.5 -> 0.19653694 | K20: ='RFM input'!K177*(1+vanilla4)^0.5 -> 0.090603618 | L20: ='RFM input'!L177*(1+vanilla5)^0.5 -> 0.078928236 | M20: ='RFM input'!M177*(1+vanilla6)^0.5 -> -0.1049229 | N20: ='RFM input'!N177*(1+vanilla7)^0.5 -> 0 | O20: ='RFM input'!O177*(1+vanilla8)^0.5 -> 0 | P20: ='RFM input'!P177*(1+vanilla9)^0.5 -> 0 | Q20: ='RFM input'!Q177*(1+vanilla10)^0.5 -> 0
D21: =Asset10 -> IT Systems | H21: ='RFM input'!H178*(1+vanilla1)^0.5 -> 0 | I21: ='RFM input'!I178*(1+vanilla2)^0.5 -> 0.0017280699 | J21: ='RFM input'!J178*(1+vanilla3)^0.5 -> 0 | K21: ='RFM input'!K178*(1+vanilla4)^0.5 -> 0.98087075 | L21: ='RFM input'!L178*(1+vanilla5)^0.5 -> 5.9162751e-09 | M21: ='RFM input'!M178*(1+vanilla6)^0.5 -> 0 | N21: ='RFM input'!N178*(1+vanilla7)^0.5 -> 0 | O21: ='RFM input'!O178*(1+vanilla8)^0.5 -> 0 | P21: ='RFM input'!P178*(1+vanilla9)^0.5 -> 0 | Q21: ='RFM input'!Q178*(1+vanilla10)^0.5 -> 0
D22: =Asset11 -> Leased pipeline assets | H22: ='RFM input'!H179*(1+vanilla1)^0.5 -> 0 | I22: ='RFM input'!I179*(1+vanilla2)^0.5 -> 0 | J22: ='RFM input'!J179*(1+vanilla3)^0.5 -> 0 | K22: ='RFM input'!K179*(1+vanilla4)^0.5 -> 0 | L22: ='RFM input'!L179*(1+vanilla5)^0.5 -> 0 | M22: ='RFM input'!M179*(1+vanilla6)^0.5 -> 0 | N22: ='RFM input'!N179*(1+vanilla7)^0.5 -> 0 | O22: ='RFM input'!O179*(1+vanilla8)^0.5 -> 0 | P22: ='RFM input'!P179*(1+vanilla9)^0.5 -> 0 | Q22: ='RFM input'!Q179*(1+vanilla10)^0.5 -> 0
D23: =Asset12 -> Shared supporting assets | H23: ='RFM input'!H180*(1+vanilla1)^0.5 -> 0.60530619 | I23: ='RFM input'!I180*(1+vanilla2)^0.5 -> 0.99232363 | J23: ='RFM input'!J180*(1+vanilla3)^0.5 -> 1.5366431 | K23: ='RFM input'!K180*(1+vanilla4)^0.5 -> 1.019113 | L23: ='RFM input'!L180*(1+vanilla5)^0.5 -> 0.60304034 | M23: ='RFM input'!M180*(1+vanilla6)^0.5 -> 2.8858022 | N23: ='RFM input'!N180*(1+vanilla7)^0.5 -> 0 | O23: ='RFM input'!O180*(1+vanilla8)^0.5 -> 0 | P23: ='RFM input'!P180*(1+vanilla9)^0.5 -> 0 | Q23: ='RFM input'!Q180*(1+vanilla10)^0.5 -> 0
D24: =Asset13 -> Shared leased assets | H24: ='RFM input'!H181*(1+vanilla1)^0.5 -> 0 | I24: ='RFM input'!I181*(1+vanilla2)^0.5 -> 0 | J24: ='RFM input'!J181*(1+vanilla3)^0.5 -> 0 | K24: ='RFM input'!K181*(1+vanilla4)^0.5 -> 0.83081384 | L24: ='RFM input'!L181*(1+vanilla5)^0.5 -> 0.19421811 | M24: ='RFM input'!M181*(1+vanilla6)^0.5 -> 0.21826155 | N24: ='RFM input'!N181*(1+vanilla7)^0.5 -> 0 | O24: ='RFM input'!O181*(1+vanilla8)^0.5 -> 0 | P24: ='RFM input'!P181*(1+vanilla9)^0.5 -> 0 | Q24: ='RFM input'!Q181*(1+vanilla10)^0.5 -> 0
D25: =Asset14 -> PMA - Buyout contract | H25: ='RFM input'!H182*(1+vanilla1)^0.5 -> 0 | I25: ='RFM input'!I182*(1+vanilla2)^0.5 -> 0 | J25: ='RFM input'!J182*(1+vanilla3)^0.5 -> 0 | K25: ='RFM input'!K182*(1+vanilla4)^0.5 -> 0 | L25: ='RFM input'!L182*(1+vanilla5)^0.5 -> 0 | M25: ='RFM input'!M182*(1+vanilla6)^0.5 -> 0 | N25: ='RFM input'!N182*(1+vanilla7)^0.5 -> 0 | O25: ='RFM input'!O182*(1+vanilla8)^0.5 -> 0 | P25: ='RFM input'!P182*(1+vanilla9)^0.5 -> 0 | Q25: ='RFM input'!Q182*(1+vanilla10)^0.5 -> 0
D26: =Asset15 -> 0 | H26: ='RFM input'!H183*(1+vanilla1)^0.5 -> 0 | I26: ='RFM input'!I183*(1+vanilla2)^0.5 -> 0 | J26: ='RFM input'!J183*(1+vanilla3)^0.5 -> 0 | K26: ='RFM input'!K183*(1+vanilla4)^0.5 -> 0 | L26: ='RFM input'!L183*(1+vanilla5)^0.5 -> 0 | M26: ='RFM input'!M183*(1+vanilla6)^0.5 -> 0 | N26: ='RFM input'!N183*(1+vanilla7)^0.5 -> 0 | O26: ='RFM input'!O183*(1+vanilla8)^0.5 -> 0 | P26: ='RFM input'!P183*(1+vanilla9)^0.5 -> 0 | Q26: ='RFM input'!Q183*(1+vanilla10)^0.5 -> 0
D27: =Asset16 -> 0 | H27: ='RFM input'!H184*(1+vanilla1)^0.5 -> 0 | I27: ='RFM input'!I184*(1+vanilla2)^0.5 -> 0 | J27: ='RFM input'!J184*(1+vanilla3)^0.5 -> 0 | K27: ='RFM input'!K184*(1+vanilla4)^0.5 -> 0 | L27: ='RFM input'!L184*(1+vanilla5)^0.5 -> 0 | M27: ='RFM input'!M184*(1+vanilla6)^0.5 -> 0 | N27: ='RFM input'!N184*(1+vanilla7)^0.5 -> 0 | O27: ='RFM input'!O184*(1+vanilla8)^0.5 -> 0 | P27: ='RFM input'!P184*(1+vanilla9)^0.5 -> 0 | Q27: ='RFM input'!Q184*(1+vanilla10)^0.5 -> 0
D28: =Asset17 -> 0 | H28: ='RFM input'!H185*(1+vanilla1)^0.5 -> 0 | I28: ='RFM input'!I185*(1+vanilla2)^0.5 -> 0 | J28: ='RFM input'!J185*(1+vanilla3)^0.5 -> 0 | K28: ='RFM input'!K185*(1+vanilla4)^0.5 -> 0 | L28: ='RFM input'!L185*(1+vanilla5)^0.5 -> 0 | M28: ='RFM input'!M185*(1+vanilla6)^0.5 -> 0 | N28: ='RFM input'!N185*(1+vanilla7)^0.5 -> 0 | O28: ='RFM input'!O185*(1+vanilla8)^0.5 -> 0 | P28: ='RFM input'!P185*(1+vanilla9)^0.5 -> 0 | Q28: ='RFM input'!Q185*(1+vanilla10)^0.5 -> 0
D29: =Asset18 -> 0 | H29: ='RFM input'!H186*(1+vanilla1)^0.5 -> 0 | I29: ='RFM input'!I186*(1+vanilla2)^0.5 -> 0 | J29: ='RFM input'!J186*(1+vanilla3)^0.5 -> 0 | K29: ='RFM input'!K186*(1+vanilla4)^0.5 -> 0 | L29: ='RFM input'!L186*(1+vanilla5)^0.5 -> 0 | M29: ='RFM input'!M186*(1+vanilla6)^0.5 -> 0 | N29: ='RFM input'!N186*(1+vanilla7)^0.5 -> 0 | O29: ='RFM input'!O186*(1+vanilla8)^0.5 -> 0 | P29: ='RFM input'!P186*(1+vanilla9)^0.5 -> 0 | Q29: ='RFM input'!Q186*(1+vanilla10)^0.5 -> 0
D30: =Asset19 -> 0 | H30: ='RFM input'!H187*(1+vanilla1)^0.5 -> 0 | I30: ='RFM input'!I187*(1+vanilla2)^0.5 -> 0 | J30: ='RFM input'!J187*(1+vanilla3)^0.5 -> 0 | K30: ='RFM input'!K187*(1+vanilla4)^0.5 -> 0 | L30: ='RFM input'!L187*(1+vanilla5)^0.5 -> 0 | M30: ='RFM input'!M187*(1+vanilla6)^0.5 -> 0 | N30: ='RFM input'!N187*(1+vanilla7)^0.5 -> 0 | O30: ='RFM input'!O187*(1+vanilla8)^0.5 -> 0 | P30: ='RFM input'!P187*(1+vanilla9)^0.5 -> 0 | Q30: ='RFM input'!Q187*(1+vanilla10)^0.5 -> 0
D31: =Asset20 -> 0 | H31: ='RFM input'!H188*(1+vanilla1)^0.5 -> 0 | I31: ='RFM input'!I188*(1+vanilla2)^0.5 -> 0 | J31: ='RFM input'!J188*(1+vanilla3)^0.5 -> 0 | K31: ='RFM input'!K188*(1+vanilla4)^0.5 -> 0 | L31: ='RFM input'!L188*(1+vanilla5)^0.5 -> 0 | M31: ='RFM input'!M188*(1+vanilla6)^0.5 -> 0 | N31: ='RFM input'!N188*(1+vanilla7)^0.5 -> 0 | O31: ='RFM input'!O188*(1+vanilla8)^0.5 -> 0 | P31: ='RFM input'!P188*(1+vanilla9)^0.5 -> 0 | Q31: ='RFM input'!Q188*(1+vanilla10)^0.5 -> 0
D32: =Asset21 -> 0 | H32: ='RFM input'!H189*(1+vanilla1)^0.5 -> 0 | I32: ='RFM input'!I189*(1+vanilla2)^0.5 -> 0 | J32: ='RFM input'!J189*(1+vanilla3)^0.5 -> 0 | K32: ='RFM input'!K189*(1+vanilla4)^0.5 -> 0 | L32: ='RFM input'!L189*(1+vanilla5)^0.5 -> 0 | M32: ='RFM input'!M189*(1+vanilla6)^0.5 -> 0 | N32: ='RFM input'!N189*(1+vanilla7)^0.5 -> 0 | O32: ='RFM input'!O189*(1+vanilla8)^0.5 -> 0 | P32: ='RFM input'!P189*(1+vanilla9)^0.5 -> 0 | Q32: ='RFM input'!Q189*(1+vanilla10)^0.5 -> 0
D33: =Asset22 -> 0 | H33: ='RFM input'!H190*(1+vanilla1)^0.5 -> 0 | I33: ='RFM input'!I190*(1+vanilla2)^0.5 -> 0 | J33: ='RFM input'!J190*(1+vanilla3)^0.5 -> 0 | K33: ='RFM input'!K190*(1+vanilla4)^0.5 -> 0 | L33: ='RFM input'!L190*(1+vanilla5)^0.5 -> 0 | M33: ='RFM input'!M190*(1+vanilla6)^0.5 -> 0 | N33: ='RFM input'!N190*(1+vanilla7)^0.5 -> 0 | O33: ='RFM input'!O190*(1+vanilla8)^0.5 -> 0 | P33: ='RFM input'!P190*(1+vanilla9)^0.5 -> 0 | Q33: ='RFM input'!Q190*(1+vanilla10)^0.5 -> 0
D34: =Asset23 -> 0 | H34: ='RFM input'!H191*(1+vanilla1)^0.5 -> 0 | I34: ='RFM input'!I191*(1+vanilla2)^0.5 -> 0 | J34: ='RFM input'!J191*(1+vanilla3)^0.5 -> 0 | K34: ='RFM input'!K191*(1+vanilla4)^0.5 -> 0 | L34: ='RFM input'!L191*(1+vanilla5)^0.5 -> 0 | M34: ='RFM input'!M191*(1+vanilla6)^0.5 -> 0 | N34: ='RFM input'!N191*(1+vanilla7)^0.5 -> 0 | O34: ='RFM input'!O191*(1+vanilla8)^0.5 -> 0 | P34: ='RFM input'!P191*(1+vanilla9)^0.5 -> 0 | Q34: ='RFM input'!Q191*(1+vanilla10)^0.5 -> 0
D35: =Asset24 -> 0 | H35: ='RFM input'!H192*(1+vanilla1)^0.5 -> 0 | I35: ='RFM input'!I192*(1+vanilla2)^0.5 -> 0 | J35: ='RFM input'!J192*(1+vanilla3)^0.5 -> 0 | K35: ='RFM input'!K192*(1+vanilla4)^0.5 -> 0 | L35: ='RFM input'!L192*(1+vanilla5)^0.5 -> 0 | M35: ='RFM input'!M192*(1+vanilla6)^0.5 -> 0 | N35: ='RFM input'!N192*(1+vanilla7)^0.5 -> 0 | O35: ='RFM input'!O192*(1+vanilla8)^0.5 -> 0 | P35: ='RFM input'!P192*(1+vanilla9)^0.5 -> 0 | Q35: ='RFM input'!Q192*(1+vanilla10)^0.5 -> 0
D36: =Asset25 -> 0 | H36: ='RFM input'!H193*(1+vanilla1)^0.5 -> 0 | I36: ='RFM input'!I193*(1+vanilla2)^0.5 -> 0 | J36: ='RFM input'!J193*(1+vanilla3)^0.5 -> 0 | K36: ='RFM input'!K193*(1+vanilla4)^0.5 -> 0 | L36: ='RFM input'!L193*(1+vanilla5)^0.5 -> 0 | M36: ='RFM input'!M193*(1+vanilla6)^0.5 -> 0 | N36: ='RFM input'!N193*(1+vanilla7)^0.5 -> 0 | O36: ='RFM input'!O193*(1+vanilla8)^0.5 -> 0 | P36: ='RFM input'!P193*(1+vanilla9)^0.5 -> 0 | Q36: ='RFM input'!Q193*(1+vanilla10)^0.5 -> 0
D37: =Asset26 -> 0 | H37: ='RFM input'!H194*(1+vanilla1)^0.5 -> 0 | I37: ='RFM input'!I194*(1+vanilla2)^0.5 -> 0 | J37: ='RFM input'!J194*(1+vanilla3)^0.5 -> 0 | K37: ='RFM input'!K194*(1+vanilla4)^0.5 -> 0 | L37: ='RFM input'!L194*(1+vanilla5)^0.5 -> 0 | M37: ='RFM input'!M194*(1+vanilla6)^0.5 -> 0 | N37: ='RFM input'!N194*(1+vanilla7)^0.5 -> 0 | O37: ='RFM input'!O194*(1+vanilla8)^0.5 -> 0 | P37: ='RFM input'!P194*(1+vanilla9)^0.5 -> 0 | Q37: ='RFM input'!Q194*(1+vanilla10)^0.5 -> 0
D38: =Asset27 -> 0 | H38: ='RFM input'!H195*(1+vanilla1)^0.5 -> 0 | I38: ='RFM input'!I195*(1+vanilla2)^0.5 -> 0 | J38: ='RFM input'!J195*(1+vanilla3)^0.5 -> 0 | K38: ='RFM input'!K195*(1+vanilla4)^0.5 -> 0 | L38: ='RFM input'!L195*(1+vanilla5)^0.5 -> 0 | M38: ='RFM input'!M195*(1+vanilla6)^0.5 -> 0 | N38: ='RFM input'!N195*(1+vanilla7)^0.5 -> 0 | O38: ='RFM input'!O195*(1+vanilla8)^0.5 -> 0 | P38: ='RFM input'!P195*(1+vanilla9)^0.5 -> 0 | Q38: ='RFM input'!Q195*(1+vanilla10)^0.5 -> 0
D39: =Asset28 -> 0 | H39: ='RFM input'!H196*(1+vanilla1)^0.5 -> 0 | I39: ='RFM input'!I196*(1+vanilla2)^0.5 -> 0 | J39: ='RFM input'!J196*(1+vanilla3)^0.5 -> 0 | K39: ='RFM input'!K196*(1+vanilla4)^0.5 -> 0 | L39: ='RFM input'!L196*(1+vanilla5)^0.5 -> 0 | M39: ='RFM input'!M196*(1+vanilla6)^0.5 -> 0 | N39: ='RFM input'!N196*(1+vanilla7)^0.5 -> 0 | O39: ='RFM input'!O196*(1+vanilla8)^0.5 -> 0 | P39: ='RFM input'!P196*(1+vanilla9)^0.5 -> 0 | Q39: ='RFM input'!Q196*(1+vanilla10)^0.5 -> 0
D40: =Asset29 -> 0 | H40: ='RFM input'!H197*(1+vanilla1)^0.5 -> 0 | I40: ='RFM input'!I197*(1+vanilla2)^0.5 -> 0 | J40: ='RFM input'!J197*(1+vanilla3)^0.5 -> 0 | K40: ='RFM input'!K197*(1+vanilla4)^0.5 -> 0 | L40: ='RFM input'!L197*(1+vanilla5)^0.5 -> 0 | M40: ='RFM input'!M197*(1+vanilla6)^0.5 -> 0 | N40: ='RFM input'!N197*(1+vanilla7)^0.5 -> 0 | O40: ='RFM input'!O197*(1+vanilla8)^0.5 -> 0 | P40: ='RFM input'!P197*(1+vanilla9)^0.5 -> 0 | Q40: ='RFM input'!Q197*(1+vanilla10)^0.5 -> 0
D41: =Asset30 -> 0 | H41: ='RFM input'!H198*(1+vanilla1)^0.5 -> 0 | I41: ='RFM input'!I198*(1+vanilla2)^0.5 -> 0 | J41: ='RFM input'!J198*(1+vanilla3)^0.5 -> 0 | K41: ='RFM input'!K198*(1+vanilla4)^0.5 -> 0 | L41: ='RFM input'!L198*(1+vanilla5)^0.5 -> 0 | M41: ='RFM input'!M198*(1+vanilla6)^0.5 -> 0 | N41: ='RFM input'!N198*(1+vanilla7)^0.5 -> 0 | O41: ='RFM input'!O198*(1+vanilla8)^0.5 -> 0 | P41: ='RFM input'!P198*(1+vanilla9)^0.5 -> 0 | Q41: ='RFM input'!Q198*(1+vanilla10)^0.5 -> 0
D42: =Asset31 -> 0 | H42: ='RFM input'!H199*(1+vanilla1)^0.5 -> 0 | I42: ='RFM input'!I199*(1+vanilla2)^0.5 -> 0 | J42: ='RFM input'!J199*(1+vanilla3)^0.5 -> 0 | K42: ='RFM input'!K199*(1+vanilla4)^0.5 -> 0 | L42: ='RFM input'!L199*(1+vanilla5)^0.5 -> 0 | M42: ='RFM input'!M199*(1+vanilla6)^0.5 -> 0 | N42: ='RFM input'!N199*(1+vanilla7)^0.5 -> 0 | O42: ='RFM input'!O199*(1+vanilla8)^0.5 -> 0 | P42: ='RFM input'!P199*(1+vanilla9)^0.5 -> 0 | Q42: ='RFM input'!Q199*(1+vanilla10)^0.5 -> 0
D43: =Asset32 -> 0 | H43: ='RFM input'!H200*(1+vanilla1)^0.5 -> 0 | I43: ='RFM input'!I200*(1+vanilla2)^0.5 -> 0 | J43: ='RFM input'!J200*(1+vanilla3)^0.5 -> 0 | K43: ='RFM input'!K200*(1+vanilla4)^0.5 -> 0 | L43: ='RFM input'!L200*(1+vanilla5)^0.5 -> 0 | M43: ='RFM input'!M200*(1+vanilla6)^0.5 -> 0 | N43: ='RFM input'!N200*(1+vanilla7)^0.5 -> 0 | O43: ='RFM input'!O200*(1+vanilla8)^0.5 -> 0 | P43: ='RFM input'!P200*(1+vanilla9)^0.5 -> 0 | Q43: ='RFM input'!Q200*(1+vanilla10)^0.5 -> 0
D44: =Asset33 -> 0 | H44: ='RFM input'!H201*(1+vanilla1)^0.5 -> 0 | I44: ='RFM input'!I201*(1+vanilla2)^0.5 -> 0 | J44: ='RFM input'!J201*(1+vanilla3)^0.5 -> 0 | K44: ='RFM input'!K201*(1+vanilla4)^0.5 -> 0 | L44: ='RFM input'!L201*(1+vanilla5)^0.5 -> 0 | M44: ='RFM input'!M201*(1+vanilla6)^0.5 -> 0 | N44: ='RFM input'!N201*(1+vanilla7)^0.5 -> 0 | O44: ='RFM input'!O201*(1+vanilla8)^0.5 -> 0 | P44: ='RFM input'!P201*(1+vanilla9)^0.5 -> 0 | Q44: ='RFM input'!Q201*(1+vanilla10)^0.5 -> 0
D45: =Asset34 -> 0 | H45: ='RFM input'!H202*(1+vanilla1)^0.5 -> 0 | I45: ='RFM input'!I202*(1+vanilla2)^0.5 -> 0 | J45: ='RFM input'!J202*(1+vanilla3)^0.5 -> 0 | K45: ='RFM input'!K202*(1+vanilla4)^0.5 -> 0 | L45: ='RFM input'!L202*(1+vanilla5)^0.5 -> 0 | M45: ='RFM input'!M202*(1+vanilla6)^0.5 -> 0 | N45: ='RFM input'!N202*(1+vanilla7)^0.5 -> 0 | O45: ='RFM input'!O202*(1+vanilla8)^0.5 -> 0 | P45: ='RFM input'!P202*(1+vanilla9)^0.5 -> 0 | Q45: ='RFM input'!Q202*(1+vanilla10)^0.5 -> 0
D46: =Asset35 -> 0 | H46: ='RFM input'!H203*(1+vanilla1)^0.5 -> 0 | I46: ='RFM input'!I203*(1+vanilla2)^0.5 -> 0 | J46: ='RFM input'!J203*(1+vanilla3)^0.5 -> 0 | K46: ='RFM input'!K203*(1+vanilla4)^0.5 -> 0 | L46: ='RFM input'!L203*(1+vanilla5)^0.5 -> 0 | M46: ='RFM input'!M203*(1+vanilla6)^0.5 -> 0 | N46: ='RFM input'!N203*(1+vanilla7)^0.5 -> 0 | O46: ='RFM input'!O203*(1+vanilla8)^0.5 -> 0 | P46: ='RFM input'!P203*(1+vanilla9)^0.5 -> 0 | Q46: ='RFM input'!Q203*(1+vanilla10)^0.5 -> 0
D47: =Asset36 -> 0 | H47: ='RFM input'!H204*(1+vanilla1)^0.5 -> 0 | I47: ='RFM input'!I204*(1+vanilla2)^0.5 -> 0 | J47: ='RFM input'!J204*(1+vanilla3)^0.5 -> 0 | K47: ='RFM input'!K204*(1+vanilla4)^0.5 -> 0 | L47: ='RFM input'!L204*(1+vanilla5)^0.5 -> 0 | M47: ='RFM input'!M204*(1+vanilla6)^0.5 -> 0 | N47: ='RFM input'!N204*(1+vanilla7)^0.5 -> 0 | O47: ='RFM input'!O204*(1+vanilla8)^0.5 -> 0 | P47: ='RFM input'!P204*(1+vanilla9)^0.5 -> 0 | Q47: ='RFM input'!Q204*(1+vanilla10)^0.5 -> 0
D48: =Asset37 -> 0 | H48: ='RFM input'!H205*(1+vanilla1)^0.5 -> 0 | I48: ='RFM input'!I205*(1+vanilla2)^0.5 -> 0 | J48: ='RFM input'!J205*(1+vanilla3)^0.5 -> 0 | K48: ='RFM input'!K205*(1+vanilla4)^0.5 -> 0 | L48: ='RFM input'!L205*(1+vanilla5)^0.5 -> 0 | M48: ='RFM input'!M205*(1+vanilla6)^0.5 -> 0 | N48: ='RFM input'!N205*(1+vanilla7)^0.5 -> 0 | O48: ='RFM input'!O205*(1+vanilla8)^0.5 -> 0 | P48: ='RFM input'!P205*(1+vanilla9)^0.5 -> 0 | Q48: ='RFM input'!Q205*(1+vanilla10)^0.5 -> 0
D49: =Asset38 -> 0 | H49: ='RFM input'!H206*(1+vanilla1)^0.5 -> 0 | I49: ='RFM input'!I206*(1+vanilla2)^0.5 -> 0 | J49: ='RFM input'!J206*(1+vanilla3)^0.5 -> 0 | K49: ='RFM input'!K206*(1+vanilla4)^0.5 -> 0 | L49: ='RFM input'!L206*(1+vanilla5)^0.5 -> 0 | M49: ='RFM input'!M206*(1+vanilla6)^0.5 -> 0 | N49: ='RFM input'!N206*(1+vanilla7)^0.5 -> 0 | O49: ='RFM input'!O206*(1+vanilla8)^0.5 -> 0 | P49: ='RFM input'!P206*(1+vanilla9)^0.5 -> 0 | Q49: ='RFM input'!Q206*(1+vanilla10)^0.5 -> 0
D50: =Asset39 -> 0 | H50: ='RFM input'!H207*(1+vanilla1)^0.5 -> 0 | I50: ='RFM input'!I207*(1+vanilla2)^0.5 -> 0 | J50: ='RFM input'!J207*(1+vanilla3)^0.5 -> 0 | K50: ='RFM input'!K207*(1+vanilla4)^0.5 -> 0 | L50: ='RFM input'!L207*(1+vanilla5)^0.5 -> 0 | M50: ='RFM input'!M207*(1+vanilla6)^0.5 -> 0 | N50: ='RFM input'!N207*(1+vanilla7)^0.5 -> 0 | O50: ='RFM input'!O207*(1+vanilla8)^0.5 -> 0 | P50: ='RFM input'!P207*(1+vanilla9)^0.5 -> 0 | Q50: ='RFM input'!Q207*(1+vanilla10)^0.5 -> 0
D51: =Asset40 -> 0 | H51: ='RFM input'!H208*(1+vanilla1)^0.5 -> 0 | I51: ='RFM input'!I208*(1+vanilla2)^0.5 -> 0 | J51: ='RFM input'!J208*(1+vanilla3)^0.5 -> 0 | K51: ='RFM input'!K208*(1+vanilla4)^0.5 -> 0 | L51: ='RFM input'!L208*(1+vanilla5)^0.5 -> 0 | M51: ='RFM input'!M208*(1+vanilla6)^0.5 -> 0 | N51: ='RFM input'!N208*(1+vanilla7)^0.5 -> 0 | O51: ='RFM input'!O208*(1+vanilla8)^0.5 -> 0 | P51: ='RFM input'!P208*(1+vanilla9)^0.5 -> 0 | Q51: ='RFM input'!Q208*(1+vanilla10)^0.5 -> 0
D52: =Asset41 -> 0 | H52: ='RFM input'!H209*(1+vanilla1)^0.5 -> 0 | I52: ='RFM input'!I209*(1+vanilla2)^0.5 -> 0 | J52: ='RFM input'!J209*(1+vanilla3)^0.5 -> 0 | K52: ='RFM input'!K209*(1+vanilla4)^0.5 -> 0 | L52: ='RFM input'!L209*(1+vanilla5)^0.5 -> 0 | M52: ='RFM input'!M209*(1+vanilla6)^0.5 -> 0 | N52: ='RFM input'!N209*(1+vanilla7)^0.5 -> 0 | O52: ='RFM input'!O209*(1+vanilla8)^0.5 -> 0 | P52: ='RFM input'!P209*(1+vanilla9)^0.5 -> 0 | Q52: ='RFM input'!Q209*(1+vanilla10)^0.5 -> 0
D53: =Asset42 -> 0 | H53: ='RFM input'!H210*(1+vanilla1)^0.5 -> 0 | I53: ='RFM input'!I210*(1+vanilla2)^0.5 -> 0 | J53: ='RFM input'!J210*(1+vanilla3)^0.5 -> 0 | K53: ='RFM input'!K210*(1+vanilla4)^0.5 -> 0 | L53: ='RFM input'!L210*(1+vanilla5)^0.5 -> 0 | M53: ='RFM input'!M210*(1+vanilla6)^0.5 -> 0 | N53: ='RFM input'!N210*(1+vanilla7)^0.5 -> 0 | O53: ='RFM input'!O210*(1+vanilla8)^0.5 -> 0 | P53: ='RFM input'!P210*(1+vanilla9)^0.5 -> 0 | Q53: ='RFM input'!Q210*(1+vanilla10)^0.5 -> 0
D54: =Asset43 -> 0 | H54: ='RFM input'!H211*(1+vanilla1)^0.5 -> 0 | I54: ='RFM input'!I211*(1+vanilla2)^0.5 -> 0 | J54: ='RFM input'!J211*(1+vanilla3)^0.5 -> 0 | K54: ='RFM input'!K211*(1+vanilla4)^0.5 -> 0 | L54: ='RFM input'!L211*(1+vanilla5)^0.5 -> 0 | M54: ='RFM input'!M211*(1+vanilla6)^0.5 -> 0 | N54: ='RFM input'!N211*(1+vanilla7)^0.5 -> 0 | O54: ='RFM input'!O211*(1+vanilla8)^0.5 -> 0 | P54: ='RFM input'!P211*(1+vanilla9)^0.5 -> 0 | Q54: ='RFM input'!Q211*(1+vanilla10)^0.5 -> 0
D55: =Asset44 -> 0 | H55: ='RFM input'!H212*(1+vanilla1)^0.5 -> 0 | I55: ='RFM input'!I212*(1+vanilla2)^0.5 -> 0 | J55: ='RFM input'!J212*(1+vanilla3)^0.5 -> 0 | K55: ='RFM input'!K212*(1+vanilla4)^0.5 -> 0 | L55: ='RFM input'!L212*(1+vanilla5)^0.5 -> 0 | M55: ='RFM input'!M212*(1+vanilla6)^0.5 -> 0 | N55: ='RFM input'!N212*(1+vanilla7)^0.5 -> 0 | O55: ='RFM input'!O212*(1+vanilla8)^0.5 -> 0 | P55: ='RFM input'!P212*(1+vanilla9)^0.5 -> 0 | Q55: ='RFM input'!Q212*(1+vanilla10)^0.5 -> 0
D56: =Asset45 -> 0 | H56: ='RFM input'!H213*(1+vanilla1)^0.5 -> 0 | I56: ='RFM input'!I213*(1+vanilla2)^0.5 -> 0 | J56: ='RFM input'!J213*(1+vanilla3)^0.5 -> 0 | K56: ='RFM input'!K213*(1+vanilla4)^0.5 -> 0 | L56: ='RFM input'!L213*(1+vanilla5)^0.5 -> 0 | M56: ='RFM input'!M213*(1+vanilla6)^0.5 -> 0 | N56: ='RFM input'!N213*(1+vanilla7)^0.5 -> 0 | O56: ='RFM input'!O213*(1+vanilla8)^0.5 -> 0 | P56: ='RFM input'!P213*(1+vanilla9)^0.5 -> 0 | Q56: ='RFM input'!Q213*(1+vanilla10)^0.5 -> 0
D57: =Asset46 -> 0 | H57: ='RFM input'!H214*(1+vanilla1)^0.5 -> 0 | I57: ='RFM input'!I214*(1+vanilla2)^0.5 -> 0 | J57: ='RFM input'!J214*(1+vanilla3)^0.5 -> 0 | K57: ='RFM input'!K214*(1+vanilla4)^0.5 -> 0 | L57: ='RFM input'!L214*(1+vanilla5)^0.5 -> 0 | M57: ='RFM input'!M214*(1+vanilla6)^0.5 -> 0 | N57: ='RFM input'!N214*(1+vanilla7)^0.5 -> 0 | O57: ='RFM input'!O214*(1+vanilla8)^0.5 -> 0 | P57: ='RFM input'!P214*(1+vanilla9)^0.5 -> 0 | Q57: ='RFM input'!Q214*(1+vanilla10)^0.5 -> 0
D58: =Asset47 -> Spare straight-line tax asset class | H58: ='RFM input'!H215*(1+vanilla1)^0.5 -> 0 | I58: ='RFM input'!I215*(1+vanilla2)^0.5 -> 0 | J58: ='RFM input'!J215*(1+vanilla3)^0.5 -> 0 | K58: ='RFM input'!K215*(1+vanilla4)^0.5 -> 0 | L58: ='RFM input'!L215*(1+vanilla5)^0.5 -> 0 | M58: ='RFM input'!M215*(1+vanilla6)^0.5 -> 0 | N58: ='RFM input'!N215*(1+vanilla7)^0.5 -> 0 | O58: ='RFM input'!O215*(1+vanilla8)^0.5 -> 0 | P58: ='RFM input'!P215*(1+vanilla9)^0.5 -> 0 | Q58: ='RFM input'!Q215*(1+vanilla10)^0.5 -> 0
D59: =Asset48 -> Buildings - capital works | H59: ='RFM input'!H216*(1+vanilla1)^0.5 -> 0 | I59: ='RFM input'!I216*(1+vanilla2)^0.5 -> 0 | J59: ='RFM input'!J216*(1+vanilla3)^0.5 -> 0 | K59: ='RFM input'!K216*(1+vanilla4)^0.5 -> 0 | L59: ='RFM input'!L216*(1+vanilla5)^0.5 -> 0 | M59: ='RFM input'!M216*(1+vanilla6)^0.5 -> 0 | N59: ='RFM input'!N216*(1+vanilla7)^0.5 -> 0 | O59: ='RFM input'!O216*(1+vanilla8)^0.5 -> 0 | P59: ='RFM input'!P216*(1+vanilla9)^0.5 -> 0 | Q59: ='RFM input'!Q216*(1+vanilla10)^0.5 -> 0
D60: =Asset49 -> In-house software | H60: ='RFM input'!H217*(1+vanilla1)^0.5 -> 0 | I60: ='RFM input'!I217*(1+vanilla2)^0.5 -> 0 | J60: ='RFM input'!J217*(1+vanilla3)^0.5 -> 0 | K60: ='RFM input'!K217*(1+vanilla4)^0.5 -> 0 | L60: ='RFM input'!L217*(1+vanilla5)^0.5 -> 0 | M60: ='RFM input'!M217*(1+vanilla6)^0.5 -> 0 | N60: ='RFM input'!N217*(1+vanilla7)^0.5 -> 0 | O60: ='RFM input'!O217*(1+vanilla8)^0.5 -> 0 | P60: ='RFM input'!P217*(1+vanilla9)^0.5 -> 0 | Q60: ='RFM input'!Q217*(1+vanilla10)^0.5 -> 0
D61: =Asset50 -> Equity raising costs | H61: ='RFM input'!H218*(1+vanilla1)^0.5 -> 0 | I61: ='RFM input'!I218*(1+vanilla2)^0.5 -> 0 | J61: ='RFM input'!J218*(1+vanilla3)^0.5 -> 0 | K61: ='RFM input'!K218*(1+vanilla4)^0.5 -> 0 | L61: ='RFM input'!L218*(1+vanilla5)^0.5 -> 0 | M61: ='RFM input'!M218*(1+vanilla6)^0.5 -> 0 | N61: ='RFM input'!N218*(1+vanilla7)^0.5 -> 0 | O61: ='RFM input'!O218*(1+vanilla8)^0.5 -> 0 | P61: ='RFM input'!P218*(1+vanilla9)^0.5 -> 0 | Q61: ='RFM input'!Q218*(1+vanilla10)^0.5 -> 0
C63: Real Actual Net Capex - As Commissioned | H63: =SUM(H64:H113) -> 1.2156911 | I63: =SUM(I64:I113) -> 1.4273191 | J63: =SUM(J64:J113) -> 2.3797076 | K63: =SUM(K64:K113) -> 4.5980412 | L63: =SUM(L64:L113) -> 2.0565674 | M63: =SUM(M64:M113) -> 3.3902824 | N63: =SUM(N64:N113) -> 0 | O63: =SUM(O64:O113) -> 0 | ... Q63: =SUM(Q64:Q113) -> 0
D64: =Asset1 -> Pipelines | H64: ='RFM input'!H331*(1+vanilla1)^0.5 -> 0 | I64: ='RFM input'!I331*(1+vanilla2)^0.5 -> 0 | J64: ='RFM input'!J331*(1+vanilla3)^0.5 -> 0.016586 | K64: ='RFM input'!K331*(1+vanilla4)^0.5 -> 1.2555797 | L64: ='RFM input'!L331*(1+vanilla5)^0.5 -> 0.5959783 | M64: ='RFM input'!M331*(1+vanilla6)^0.5 -> 0 | N64: ='RFM input'!N331*(1+vanilla7)^0.5 -> 0 | O64: ='RFM input'!O331*(1+vanilla8)^0.5 -> 0 | P64: ='RFM input'!P331*(1+vanilla9)^0.5 -> 0 | Q64: ='RFM input'!Q331*(1+vanilla10)^0.5 -> 0
D65: =Asset2 -> Compressors | H65: ='RFM input'!H332*(1+vanilla1)^0.5 -> 0.59282815 | I65: ='RFM input'!I332*(1+vanilla2)^0.5 -> 0.0081097078 | J65: ='RFM input'!J332*(1+vanilla3)^0.5 -> 0.2883855 | K65: ='RFM input'!K332*(1+vanilla4)^0.5 -> 0.19971131 | L65: ='RFM input'!L332*(1+vanilla5)^0.5 -> 0.58440242 | M65: ='RFM input'!M332*(1+vanilla6)^0.5 -> 2.7493447e-17 | N65: ='RFM input'!N332*(1+vanilla7)^0.5 -> 0 | O65: ='RFM input'!O332*(1+vanilla8)^0.5 -> 0 | P65: ='RFM input'!P332*(1+vanilla9)^0.5 -> 0 | Q65: ='RFM input'!Q332*(1+vanilla10)^0.5 -> 0
D66: =Asset3 -> City Gates, supply regulators and valve stations | H66: ='RFM input'!H333*(1+vanilla1)^0.5 -> 0 | I66: ='RFM input'!I333*(1+vanilla2)^0.5 -> 0 | J66: ='RFM input'!J333*(1+vanilla3)^0.5 -> 0 | K66: ='RFM input'!K333*(1+vanilla4)^0.5 -> 0 | L66: ='RFM input'!L333*(1+vanilla5)^0.5 -> 0 | M66: ='RFM input'!M333*(1+vanilla6)^0.5 -> 0 | N66: ='RFM input'!N333*(1+vanilla7)^0.5 -> 0 | O66: ='RFM input'!O333*(1+vanilla8)^0.5 -> 0 | P66: ='RFM input'!P333*(1+vanilla9)^0.5 -> 0 | Q66: ='RFM input'!Q333*(1+vanilla10)^0.5 -> 0
D67: =Asset4 -> Metering | H67: ='RFM input'!H334*(1+vanilla1)^0.5 -> 0 | I67: ='RFM input'!I334*(1+vanilla2)^0.5 -> 0 | J67: ='RFM input'!J334*(1+vanilla3)^0.5 -> 0 | K67: ='RFM input'!K334*(1+vanilla4)^0.5 -> 0 | L67: ='RFM input'!L334*(1+vanilla5)^0.5 -> 0 | M67: ='RFM input'!M334*(1+vanilla6)^0.5 -> 0.39114156 | N67: ='RFM input'!N334*(1+vanilla7)^0.5 -> 0 | O67: ='RFM input'!O334*(1+vanilla8)^0.5 -> 0 | P67: ='RFM input'!P334*(1+vanilla9)^0.5 -> 0 | Q67: ='RFM input'!Q334*(1+vanilla10)^0.5 -> 0
D68: =Asset5 -> Odourant plants | H68: ='RFM input'!H335*(1+vanilla1)^0.5 -> 0 | I68: ='RFM input'!I335*(1+vanilla2)^0.5 -> 0 | J68: ='RFM input'!J335*(1+vanilla3)^0.5 -> 0 | K68: ='RFM input'!K335*(1+vanilla4)^0.5 -> 0 | L68: ='RFM input'!L335*(1+vanilla5)^0.5 -> 0 | M68: ='RFM input'!M335*(1+vanilla6)^0.5 -> 0 | N68: ='RFM input'!N335*(1+vanilla7)^0.5 -> 0 | O68: ='RFM input'!O335*(1+vanilla8)^0.5 -> 0 | P68: ='RFM input'!P335*(1+vanilla9)^0.5 -> 0 | Q68: ='RFM input'!Q335*(1+vanilla10)^0.5 -> 0
D69: =Asset6 -> SCADA (Communications) | H69: ='RFM input'!H336*(1+vanilla1)^0.5 -> 0.0040182329 | I69: ='RFM input'!I336*(1+vanilla2)^0.5 -> 0.07962775 | J69: ='RFM input'!J336*(1+vanilla3)^0.5 -> 0.34155604 | K69: ='RFM input'!K336*(1+vanilla4)^0.5 -> 0.22134898 | L69: ='RFM input'!L336*(1+vanilla5)^0.5 -> 0 | M69: ='RFM input'!M336*(1+vanilla6)^0.5 -> 0 | N69: ='RFM input'!N336*(1+vanilla7)^0.5 -> 0 | O69: ='RFM input'!O336*(1+vanilla8)^0.5 -> 0 | P69: ='RFM input'!P336*(1+vanilla9)^0.5 -> 0 | Q69: ='RFM input'!Q336*(1+vanilla10)^0.5 -> 0
D70: =Asset7 -> Buildings | H70: ='RFM input'!H337*(1+vanilla1)^0.5 -> 0 | I70: ='RFM input'!I337*(1+vanilla2)^0.5 -> 0 | J70: ='RFM input'!J337*(1+vanilla3)^0.5 -> 0 | K70: ='RFM input'!K337*(1+vanilla4)^0.5 -> 0 | L70: ='RFM input'!L337*(1+vanilla5)^0.5 -> 0 | M70: ='RFM input'!M337*(1+vanilla6)^0.5 -> 0 | N70: ='RFM input'!N337*(1+vanilla7)^0.5 -> 0 | O70: ='RFM input'!O337*(1+vanilla8)^0.5 -> 0 | P70: ='RFM input'!P337*(1+vanilla9)^0.5 -> 0 | Q70: ='RFM input'!Q337*(1+vanilla10)^0.5 -> 0
D71: =Asset8 -> Land and easements | H71: ='RFM input'!H338*(1+vanilla1)^0.5 -> 0 | I71: ='RFM input'!I338*(1+vanilla2)^0.5 -> 0 | J71: ='RFM input'!J338*(1+vanilla3)^0.5 -> 0 | K71: ='RFM input'!K338*(1+vanilla4)^0.5 -> 0 | L71: ='RFM input'!L338*(1+vanilla5)^0.5 -> 0 | M71: ='RFM input'!M338*(1+vanilla6)^0.5 -> 0 | N71: ='RFM input'!N338*(1+vanilla7)^0.5 -> 0 | O71: ='RFM input'!O338*(1+vanilla8)^0.5 -> 0 | P71: ='RFM input'!P338*(1+vanilla9)^0.5 -> 0 | Q71: ='RFM input'!Q338*(1+vanilla10)^0.5 -> 0
D72: =Asset9 -> Other depreciable pipeline assets | H72: ='RFM input'!H339*(1+vanilla1)^0.5 -> 0.013538563 | I72: ='RFM input'!I339*(1+vanilla2)^0.5 -> 0.34552993 | J72: ='RFM input'!J339*(1+vanilla3)^0.5 -> 0.19653694 | K72: ='RFM input'!K339*(1+vanilla4)^0.5 -> 0.090603618 | L72: ='RFM input'!L339*(1+vanilla5)^0.5 -> 0.078928236 | M72: ='RFM input'!M339*(1+vanilla6)^0.5 -> -0.1049229 | N72: ='RFM input'!N339*(1+vanilla7)^0.5 -> 0 | O72: ='RFM input'!O339*(1+vanilla8)^0.5 -> 0 | P72: ='RFM input'!P339*(1+vanilla9)^0.5 -> 0 | Q72: ='RFM input'!Q339*(1+vanilla10)^0.5 -> 0
D73: =Asset10 -> IT Systems | H73: ='RFM input'!H340*(1+vanilla1)^0.5 -> 0 | I73: ='RFM input'!I340*(1+vanilla2)^0.5 -> 0.0017280699 | J73: ='RFM input'!J340*(1+vanilla3)^0.5 -> 0 | K73: ='RFM input'!K340*(1+vanilla4)^0.5 -> 0.98087075 | L73: ='RFM input'!L340*(1+vanilla5)^0.5 -> 5.9162751e-09 | M73: ='RFM input'!M340*(1+vanilla6)^0.5 -> 0 | N73: ='RFM input'!N340*(1+vanilla7)^0.5 -> 0 | O73: ='RFM input'!O340*(1+vanilla8)^0.5 -> 0 | P73: ='RFM input'!P340*(1+vanilla9)^0.5 -> 0 | Q73: ='RFM input'!Q340*(1+vanilla10)^0.5 -> 0
D74: =Asset11 -> Leased pipeline assets | H74: ='RFM input'!H341*(1+vanilla1)^0.5 -> 0 | I74: ='RFM input'!I341*(1+vanilla2)^0.5 -> 0 | J74: ='RFM input'!J341*(1+vanilla3)^0.5 -> 0 | K74: ='RFM input'!K341*(1+vanilla4)^0.5 -> 0 | L74: ='RFM input'!L341*(1+vanilla5)^0.5 -> 0 | M74: ='RFM input'!M341*(1+vanilla6)^0.5 -> 0 | N74: ='RFM input'!N341*(1+vanilla7)^0.5 -> 0 | O74: ='RFM input'!O341*(1+vanilla8)^0.5 -> 0 | P74: ='RFM input'!P341*(1+vanilla9)^0.5 -> 0 | Q74: ='RFM input'!Q341*(1+vanilla10)^0.5 -> 0
D75: =Asset12 -> Shared supporting assets | H75: ='RFM input'!H342*(1+vanilla1)^0.5 -> 0.60530619 | I75: ='RFM input'!I342*(1+vanilla2)^0.5 -> 0.99232363 | J75: ='RFM input'!J342*(1+vanilla3)^0.5 -> 1.5366431 | K75: ='RFM input'!K342*(1+vanilla4)^0.5 -> 1.019113 | L75: ='RFM input'!L342*(1+vanilla5)^0.5 -> 0.60304034 | M75: ='RFM input'!M342*(1+vanilla6)^0.5 -> 2.8858022 | N75: ='RFM input'!N342*(1+vanilla7)^0.5 -> 0 | O75: ='RFM input'!O342*(1+vanilla8)^0.5 -> 0 | P75: ='RFM input'!P342*(1+vanilla9)^0.5 -> 0 | Q75: ='RFM input'!Q342*(1+vanilla10)^0.5 -> 0
D76: =Asset13 -> Shared leased assets | H76: ='RFM input'!H343*(1+vanilla1)^0.5 -> 0 | I76: ='RFM input'!I343*(1+vanilla2)^0.5 -> 0 | J76: ='RFM input'!J343*(1+vanilla3)^0.5 -> 0 | K76: ='RFM input'!K343*(1+vanilla4)^0.5 -> 0.83081384 | L76: ='RFM input'!L343*(1+vanilla5)^0.5 -> 0.19421811 | M76: ='RFM input'!M343*(1+vanilla6)^0.5 -> 0.21826155 | N76: ='RFM input'!N343*(1+vanilla7)^0.5 -> 0 | O76: ='RFM input'!O343*(1+vanilla8)^0.5 -> 0 | P76: ='RFM input'!P343*(1+vanilla9)^0.5 -> 0 | Q76: ='RFM input'!Q343*(1+vanilla10)^0.5 -> 0
D77: =Asset14 -> PMA - Buyout contract | H77: ='RFM input'!H344*(1+vanilla1)^0.5 -> 0 | I77: ='RFM input'!I344*(1+vanilla2)^0.5 -> 0 | J77: ='RFM input'!J344*(1+vanilla3)^0.5 -> 0 | K77: ='RFM input'!K344*(1+vanilla4)^0.5 -> 0 | L77: ='RFM input'!L344*(1+vanilla5)^0.5 -> 0 | M77: ='RFM input'!M344*(1+vanilla6)^0.5 -> 0 | N77: ='RFM input'!N344*(1+vanilla7)^0.5 -> 0 | O77: ='RFM input'!O344*(1+vanilla8)^0.5 -> 0 | P77: ='RFM input'!P344*(1+vanilla9)^0.5 -> 0 | Q77: ='RFM input'!Q344*(1+vanilla10)^0.5 -> 0
D78: =Asset15 -> 0 | H78: ='RFM input'!H345*(1+vanilla1)^0.5 -> 0 | I78: ='RFM input'!I345*(1+vanilla2)^0.5 -> 0 | J78: ='RFM input'!J345*(1+vanilla3)^0.5 -> 0 | K78: ='RFM input'!K345*(1+vanilla4)^0.5 -> 0 | L78: ='RFM input'!L345*(1+vanilla5)^0.5 -> 0 | M78: ='RFM input'!M345*(1+vanilla6)^0.5 -> 0 | N78: ='RFM input'!N345*(1+vanilla7)^0.5 -> 0 | O78: ='RFM input'!O345*(1+vanilla8)^0.5 -> 0 | P78: ='RFM input'!P345*(1+vanilla9)^0.5 -> 0 | Q78: ='RFM input'!Q345*(1+vanilla10)^0.5 -> 0
D79: =Asset16 -> 0 | H79: ='RFM input'!H346*(1+vanilla1)^0.5 -> 0 | I79: ='RFM input'!I346*(1+vanilla2)^0.5 -> 0 | J79: ='RFM input'!J346*(1+vanilla3)^0.5 -> 0 | K79: ='RFM input'!K346*(1+vanilla4)^0.5 -> 0 | L79: ='RFM input'!L346*(1+vanilla5)^0.5 -> 0 | M79: ='RFM input'!M346*(1+vanilla6)^0.5 -> 0 | N79: ='RFM input'!N346*(1+vanilla7)^0.5 -> 0 | O79: ='RFM input'!O346*(1+vanilla8)^0.5 -> 0 | P79: ='RFM input'!P346*(1+vanilla9)^0.5 -> 0 | Q79: ='RFM input'!Q346*(1+vanilla10)^0.5 -> 0
D80: =Asset17 -> 0 | H80: ='RFM input'!H347*(1+vanilla1)^0.5 -> 0 | I80: ='RFM input'!I347*(1+vanilla2)^0.5 -> 0 | J80: ='RFM input'!J347*(1+vanilla3)^0.5 -> 0 | K80: ='RFM input'!K347*(1+vanilla4)^0.5 -> 0 | L80: ='RFM input'!L347*(1+vanilla5)^0.5 -> 0 | M80: ='RFM input'!M347*(1+vanilla6)^0.5 -> 0 | N80: ='RFM input'!N347*(1+vanilla7)^0.5 -> 0 | O80: ='RFM input'!O347*(1+vanilla8)^0.5 -> 0 | P80: ='RFM input'!P347*(1+vanilla9)^0.5 -> 0 | Q80: ='RFM input'!Q347*(1+vanilla10)^0.5 -> 0
D81: =Asset18 -> 0 | H81: ='RFM input'!H348*(1+vanilla1)^0.5 -> 0 | I81: ='RFM input'!I348*(1+vanilla2)^0.5 -> 0 | J81: ='RFM input'!J348*(1+vanilla3)^0.5 -> 0 | K81: ='RFM input'!K348*(1+vanilla4)^0.5 -> 0 | L81: ='RFM input'!L348*(1+vanilla5)^0.5 -> 0 | M81: ='RFM input'!M348*(1+vanilla6)^0.5 -> 0 | N81: ='RFM input'!N348*(1+vanilla7)^0.5 -> 0 | O81: ='RFM input'!O348*(1+vanilla8)^0.5 -> 0 | P81: ='RFM input'!P348*(1+vanilla9)^0.5 -> 0 | Q81: ='RFM input'!Q348*(1+vanilla10)^0.5 -> 0
D82: =Asset19 -> 0 | H82: ='RFM input'!H349*(1+vanilla1)^0.5 -> 0 | I82: ='RFM input'!I349*(1+vanilla2)^0.5 -> 0 | J82: ='RFM input'!J349*(1+vanilla3)^0.5 -> 0 | K82: ='RFM input'!K349*(1+vanilla4)^0.5 -> 0 | L82: ='RFM input'!L349*(1+vanilla5)^0.5 -> 0 | M82: ='RFM input'!M349*(1+vanilla6)^0.5 -> 0 | N82: ='RFM input'!N349*(1+vanilla7)^0.5 -> 0 | O82: ='RFM input'!O349*(1+vanilla8)^0.5 -> 0 | P82: ='RFM input'!P349*(1+vanilla9)^0.5 -> 0 | Q82: ='RFM input'!Q349*(1+vanilla10)^0.5 -> 0
D83: =Asset20 -> 0 | H83: ='RFM input'!H350*(1+vanilla1)^0.5 -> 0 | I83: ='RFM input'!I350*(1+vanilla2)^0.5 -> 0 | J83: ='RFM input'!J350*(1+vanilla3)^0.5 -> 0 | K83: ='RFM input'!K350*(1+vanilla4)^0.5 -> 0 | L83: ='RFM input'!L350*(1+vanilla5)^0.5 -> 0 | M83: ='RFM input'!M350*(1+vanilla6)^0.5 -> 0 | N83: ='RFM input'!N350*(1+vanilla7)^0.5 -> 0 | O83: ='RFM input'!O350*(1+vanilla8)^0.5 -> 0 | P83: ='RFM input'!P350*(1+vanilla9)^0.5 -> 0 | Q83: ='RFM input'!Q350*(1+vanilla10)^0.5 -> 0
D84: =Asset21 -> 0 | H84: ='RFM input'!H351*(1+vanilla1)^0.5 -> 0 | I84: ='RFM input'!I351*(1+vanilla2)^0.5 -> 0 | J84: ='RFM input'!J351*(1+vanilla3)^0.5 -> 0 | K84: ='RFM input'!K351*(1+vanilla4)^0.5 -> 0 | L84: ='RFM input'!L351*(1+vanilla5)^0.5 -> 0 | M84: ='RFM input'!M351*(1+vanilla6)^0.5 -> 0 | N84: ='RFM input'!N351*(1+vanilla7)^0.5 -> 0 | O84: ='RFM input'!O351*(1+vanilla8)^0.5 -> 0 | P84: ='RFM input'!P351*(1+vanilla9)^0.5 -> 0 | Q84: ='RFM input'!Q351*(1+vanilla10)^0.5 -> 0
D85: =Asset22 -> 0 | H85: ='RFM input'!H352*(1+vanilla1)^0.5 -> 0 | I85: ='RFM input'!I352*(1+vanilla2)^0.5 -> 0 | J85: ='RFM input'!J352*(1+vanilla3)^0.5 -> 0 | K85: ='RFM input'!K352*(1+vanilla4)^0.5 -> 0 | L85: ='RFM input'!L352*(1+vanilla5)^0.5 -> 0 | M85: ='RFM input'!M352*(1+vanilla6)^0.5 -> 0 | N85: ='RFM input'!N352*(1+vanilla7)^0.5 -> 0 | O85: ='RFM input'!O352*(1+vanilla8)^0.5 -> 0 | P85: ='RFM input'!P352*(1+vanilla9)^0.5 -> 0 | Q85: ='RFM input'!Q352*(1+vanilla10)^0.5 -> 0
D86: =Asset23 -> 0 | H86: ='RFM input'!H353*(1+vanilla1)^0.5 -> 0 | I86: ='RFM input'!I353*(1+vanilla2)^0.5 -> 0 | J86: ='RFM input'!J353*(1+vanilla3)^0.5 -> 0 | K86: ='RFM input'!K353*(1+vanilla4)^0.5 -> 0 | L86: ='RFM input'!L353*(1+vanilla5)^0.5 -> 0 | M86: ='RFM input'!M353*(1+vanilla6)^0.5 -> 0 | N86: ='RFM input'!N353*(1+vanilla7)^0.5 -> 0 | O86: ='RFM input'!O353*(1+vanilla8)^0.5 -> 0 | P86: ='RFM input'!P353*(1+vanilla9)^0.5 -> 0 | Q86: ='RFM input'!Q353*(1+vanilla10)^0.5 -> 0
D87: =Asset24 -> 0 | H87: ='RFM input'!H354*(1+vanilla1)^0.5 -> 0 | I87: ='RFM input'!I354*(1+vanilla2)^0.5 -> 0 | J87: ='RFM input'!J354*(1+vanilla3)^0.5 -> 0 | K87: ='RFM input'!K354*(1+vanilla4)^0.5 -> 0 | L87: ='RFM input'!L354*(1+vanilla5)^0.5 -> 0 | M87: ='RFM input'!M354*(1+vanilla6)^0.5 -> 0 | N87: ='RFM input'!N354*(1+vanilla7)^0.5 -> 0 | O87: ='RFM input'!O354*(1+vanilla8)^0.5 -> 0 | P87: ='RFM input'!P354*(1+vanilla9)^0.5 -> 0 | Q87: ='RFM input'!Q354*(1+vanilla10)^0.5 -> 0
D88: =Asset25 -> 0 | H88: ='RFM input'!H355*(1+vanilla1)^0.5 -> 0 | I88: ='RFM input'!I355*(1+vanilla2)^0.5 -> 0 | J88: ='RFM input'!J355*(1+vanilla3)^0.5 -> 0 | K88: ='RFM input'!K355*(1+vanilla4)^0.5 -> 0 | L88: ='RFM input'!L355*(1+vanilla5)^0.5 -> 0 | M88: ='RFM input'!M355*(1+vanilla6)^0.5 -> 0 | N88: ='RFM input'!N355*(1+vanilla7)^0.5 -> 0 | O88: ='RFM input'!O355*(1+vanilla8)^0.5 -> 0 | P88: ='RFM input'!P355*(1+vanilla9)^0.5 -> 0 | Q88: ='RFM input'!Q355*(1+vanilla10)^0.5 -> 0
D89: =Asset26 -> 0 | H89: ='RFM input'!H356*(1+vanilla1)^0.5 -> 0 | I89: ='RFM input'!I356*(1+vanilla2)^0.5 -> 0 | J89: ='RFM input'!J356*(1+vanilla3)^0.5 -> 0 | K89: ='RFM input'!K356*(1+vanilla4)^0.5 -> 0 | L89: ='RFM input'!L356*(1+vanilla5)^0.5 -> 0 | M89: ='RFM input'!M356*(1+vanilla6)^0.5 -> 0 | N89: ='RFM input'!N356*(1+vanilla7)^0.5 -> 0 | O89: ='RFM input'!O356*(1+vanilla8)^0.5 -> 0 | P89: ='RFM input'!P356*(1+vanilla9)^0.5 -> 0 | Q89: ='RFM input'!Q356*(1+vanilla10)^0.5 -> 0
D90: =Asset27 -> 0 | H90: ='RFM input'!H357*(1+vanilla1)^0.5 -> 0 | I90: ='RFM input'!I357*(1+vanilla2)^0.5 -> 0 | J90: ='RFM input'!J357*(1+vanilla3)^0.5 -> 0 | K90: ='RFM input'!K357*(1+vanilla4)^0.5 -> 0 | L90: ='RFM input'!L357*(1+vanilla5)^0.5 -> 0 | M90: ='RFM input'!M357*(1+vanilla6)^0.5 -> 0 | N90: ='RFM input'!N357*(1+vanilla7)^0.5 -> 0 | O90: ='RFM input'!O357*(1+vanilla8)^0.5 -> 0 | P90: ='RFM input'!P357*(1+vanilla9)^0.5 -> 0 | Q90: ='RFM input'!Q357*(1+vanilla10)^0.5 -> 0
D91: =Asset28 -> 0 | H91: ='RFM input'!H358*(1+vanilla1)^0.5 -> 0 | I91: ='RFM input'!I358*(1+vanilla2)^0.5 -> 0 | J91: ='RFM input'!J358*(1+vanilla3)^0.5 -> 0 | K91: ='RFM input'!K358*(1+vanilla4)^0.5 -> 0 | L91: ='RFM input'!L358*(1+vanilla5)^0.5 -> 0 | M91: ='RFM input'!M358*(1+vanilla6)^0.5 -> 0 | N91: ='RFM input'!N358*(1+vanilla7)^0.5 -> 0 | O91: ='RFM input'!O358*(1+vanilla8)^0.5 -> 0 | P91: ='RFM input'!P358*(1+vanilla9)^0.5 -> 0 | Q91: ='RFM input'!Q358*(1+vanilla10)^0.5 -> 0
D92: =Asset29 -> 0 | H92: ='RFM input'!H359*(1+vanilla1)^0.5 -> 0 | I92: ='RFM input'!I359*(1+vanilla2)^0.5 -> 0 | J92: ='RFM input'!J359*(1+vanilla3)^0.5 -> 0 | K92: ='RFM input'!K359*(1+vanilla4)^0.5 -> 0 | L92: ='RFM input'!L359*(1+vanilla5)^0.5 -> 0 | M92: ='RFM input'!M359*(1+vanilla6)^0.5 -> 0 | N92: ='RFM input'!N359*(1+vanilla7)^0.5 -> 0 | O92: ='RFM input'!O359*(1+vanilla8)^0.5 -> 0 | P92: ='RFM input'!P359*(1+vanilla9)^0.5 -> 0 | Q92: ='RFM input'!Q359*(1+vanilla10)^0.5 -> 0
D93: =Asset30 -> 0 | H93: ='RFM input'!H360*(1+vanilla1)^0.5 -> 0 | I93: ='RFM input'!I360*(1+vanilla2)^0.5 -> 0 | J93: ='RFM input'!J360*(1+vanilla3)^0.5 -> 0 | K93: ='RFM input'!K360*(1+vanilla4)^0.5 -> 0 | L93: ='RFM input'!L360*(1+vanilla5)^0.5 -> 0 | M93: ='RFM input'!M360*(1+vanilla6)^0.5 -> 0 | N93: ='RFM input'!N360*(1+vanilla7)^0.5 -> 0 | O93: ='RFM input'!O360*(1+vanilla8)^0.5 -> 0 | P93: ='RFM input'!P360*(1+vanilla9)^0.5 -> 0 | Q93: ='RFM input'!Q360*(1+vanilla10)^0.5 -> 0
D94: =Asset31 -> 0 | H94: ='RFM input'!H361*(1+vanilla1)^0.5 -> 0 | I94: ='RFM input'!I361*(1+vanilla2)^0.5 -> 0 | J94: ='RFM input'!J361*(1+vanilla3)^0.5 -> 0 | K94: ='RFM input'!K361*(1+vanilla4)^0.5 -> 0 | L94: ='RFM input'!L361*(1+vanilla5)^0.5 -> 0 | M94: ='RFM input'!M361*(1+vanilla6)^0.5 -> 0 | N94: ='RFM input'!N361*(1+vanilla7)^0.5 -> 0 | O94: ='RFM input'!O361*(1+vanilla8)^0.5 -> 0 | P94: ='RFM input'!P361*(1+vanilla9)^0.5 -> 0 | Q94: ='RFM input'!Q361*(1+vanilla10)^0.5 -> 0
D95: =Asset32 -> 0 | H95: ='RFM input'!H362*(1+vanilla1)^0.5 -> 0 | I95: ='RFM input'!I362*(1+vanilla2)^0.5 -> 0 | J95: ='RFM input'!J362*(1+vanilla3)^0.5 -> 0 | K95: ='RFM input'!K362*(1+vanilla4)^0.5 -> 0 | L95: ='RFM input'!L362*(1+vanilla5)^0.5 -> 0 | M95: ='RFM input'!M362*(1+vanilla6)^0.5 -> 0 | N95: ='RFM input'!N362*(1+vanilla7)^0.5 -> 0 | O95: ='RFM input'!O362*(1+vanilla8)^0.5 -> 0 | P95: ='RFM input'!P362*(1+vanilla9)^0.5 -> 0 | Q95: ='RFM input'!Q362*(1+vanilla10)^0.5 -> 0
D96: =Asset33 -> 0 | H96: ='RFM input'!H363*(1+vanilla1)^0.5 -> 0 | I96: ='RFM input'!I363*(1+vanilla2)^0.5 -> 0 | J96: ='RFM input'!J363*(1+vanilla3)^0.5 -> 0 | K96: ='RFM input'!K363*(1+vanilla4)^0.5 -> 0 | L96: ='RFM input'!L363*(1+vanilla5)^0.5 -> 0 | M96: ='RFM input'!M363*(1+vanilla6)^0.5 -> 0 | N96: ='RFM input'!N363*(1+vanilla7)^0.5 -> 0 | O96: ='RFM input'!O363*(1+vanilla8)^0.5 -> 0 | P96: ='RFM input'!P363*(1+vanilla9)^0.5 -> 0 | Q96: ='RFM input'!Q363*(1+vanilla10)^0.5 -> 0
D97: =Asset34 -> 0 | H97: ='RFM input'!H364*(1+vanilla1)^0.5 -> 0 | I97: ='RFM input'!I364*(1+vanilla2)^0.5 -> 0 | J97: ='RFM input'!J364*(1+vanilla3)^0.5 -> 0 | K97: ='RFM input'!K364*(1+vanilla4)^0.5 -> 0 | L97: ='RFM input'!L364*(1+vanilla5)^0.5 -> 0 | M97: ='RFM input'!M364*(1+vanilla6)^0.5 -> 0 | N97: ='RFM input'!N364*(1+vanilla7)^0.5 -> 0 | O97: ='RFM input'!O364*(1+vanilla8)^0.5 -> 0 | P97: ='RFM input'!P364*(1+vanilla9)^0.5 -> 0 | Q97: ='RFM input'!Q364*(1+vanilla10)^0.5 -> 0
D98: =Asset35 -> 0 | H98: ='RFM input'!H365*(1+vanilla1)^0.5 -> 0 | I98: ='RFM input'!I365*(1+vanilla2)^0.5 -> 0 | J98: ='RFM input'!J365*(1+vanilla3)^0.5 -> 0 | K98: ='RFM input'!K365*(1+vanilla4)^0.5 -> 0 | L98: ='RFM input'!L365*(1+vanilla5)^0.5 -> 0 | M98: ='RFM input'!M365*(1+vanilla6)^0.5 -> 0 | N98: ='RFM input'!N365*(1+vanilla7)^0.5 -> 0 | O98: ='RFM input'!O365*(1+vanilla8)^0.5 -> 0 | P98: ='RFM input'!P365*(1+vanilla9)^0.5 -> 0 | Q98: ='RFM input'!Q365*(1+vanilla10)^0.5 -> 0
D99: =Asset36 -> 0 | H99: ='RFM input'!H366*(1+vanilla1)^0.5 -> 0 | I99: ='RFM input'!I366*(1+vanilla2)^0.5 -> 0 | J99: ='RFM input'!J366*(1+vanilla3)^0.5 -> 0 | K99: ='RFM input'!K366*(1+vanilla4)^0.5 -> 0 | L99: ='RFM input'!L366*(1+vanilla5)^0.5 -> 0 | M99: ='RFM input'!M366*(1+vanilla6)^0.5 -> 0 | N99: ='RFM input'!N366*(1+vanilla7)^0.5 -> 0 | O99: ='RFM input'!O366*(1+vanilla8)^0.5 -> 0 | P99: ='RFM input'!P366*(1+vanilla9)^0.5 -> 0 | Q99: ='RFM input'!Q366*(1+vanilla10)^0.5 -> 0
D100: =Asset37 -> 0 | H100: ='RFM input'!H367*(1+vanilla1)^0.5 -> 0 | I100: ='RFM input'!I367*(1+vanilla2)^0.5 -> 0 | J100: ='RFM input'!J367*(1+vanilla3)^0.5 -> 0 | K100: ='RFM input'!K367*(1+vanilla4)^0.5 -> 0 | L100: ='RFM input'!L367*(1+vanilla5)^0.5 -> 0 | M100: ='RFM input'!M367*(1+vanilla6)^0.5 -> 0 | N100: ='RFM input'!N367*(1+vanilla7)^0.5 -> 0 | O100: ='RFM input'!O367*(1+vanilla8)^0.5 -> 0 | P100: ='RFM input'!P367*(1+vanilla9)^0.5 -> 0 | Q100: ='RFM input'!Q367*(1+vanilla10)^0.5 -> 0
D101: =Asset38 -> 0 | H101: ='RFM input'!H368*(1+vanilla1)^0.5 -> 0 | I101: ='RFM input'!I368*(1+vanilla2)^0.5 -> 0 | J101: ='RFM input'!J368*(1+vanilla3)^0.5 -> 0 | K101: ='RFM input'!K368*(1+vanilla4)^0.5 -> 0 | L101: ='RFM input'!L368*(1+vanilla5)^0.5 -> 0 | M101: ='RFM input'!M368*(1+vanilla6)^0.5 -> 0 | N101: ='RFM input'!N368*(1+vanilla7)^0.5 -> 0 | O101: ='RFM input'!O368*(1+vanilla8)^0.5 -> 0 | P101: ='RFM input'!P368*(1+vanilla9)^0.5 -> 0 | Q101: ='RFM input'!Q368*(1+vanilla10)^0.5 -> 0
D102: =Asset39 -> 0 | H102: ='RFM input'!H369*(1+vanilla1)^0.5 -> 0 | I102: ='RFM input'!I369*(1+vanilla2)^0.5 -> 0 | J102: ='RFM input'!J369*(1+vanilla3)^0.5 -> 0 | K102: ='RFM input'!K369*(1+vanilla4)^0.5 -> 0 | L102: ='RFM input'!L369*(1+vanilla5)^0.5 -> 0 | M102: ='RFM input'!M369*(1+vanilla6)^0.5 -> 0 | N102: ='RFM input'!N369*(1+vanilla7)^0.5 -> 0 | O102: ='RFM input'!O369*(1+vanilla8)^0.5 -> 0 | P102: ='RFM input'!P369*(1+vanilla9)^0.5 -> 0 | Q102: ='RFM input'!Q369*(1+vanilla10)^0.5 -> 0
D103: =Asset40 -> 0 | H103: ='RFM input'!H370*(1+vanilla1)^0.5 -> 0 | I103: ='RFM input'!I370*(1+vanilla2)^0.5 -> 0 | J103: ='RFM input'!J370*(1+vanilla3)^0.5 -> 0 | K103: ='RFM input'!K370*(1+vanilla4)^0.5 -> 0 | L103: ='RFM input'!L370*(1+vanilla5)^0.5 -> 0 | M103: ='RFM input'!M370*(1+vanilla6)^0.5 -> 0 | N103: ='RFM input'!N370*(1+vanilla7)^0.5 -> 0 | O103: ='RFM input'!O370*(1+vanilla8)^0.5 -> 0 | P103: ='RFM input'!P370*(1+vanilla9)^0.5 -> 0 | Q103: ='RFM input'!Q370*(1+vanilla10)^0.5 -> 0
D104: =Asset41 -> 0 | H104: ='RFM input'!H371*(1+vanilla1)^0.5 -> 0 | I104: ='RFM input'!I371*(1+vanilla2)^0.5 -> 0 | J104: ='RFM input'!J371*(1+vanilla3)^0.5 -> 0 | K104: ='RFM input'!K371*(1+vanilla4)^0.5 -> 0 | L104: ='RFM input'!L371*(1+vanilla5)^0.5 -> 0 | M104: ='RFM input'!M371*(1+vanilla6)^0.5 -> 0 | N104: ='RFM input'!N371*(1+vanilla7)^0.5 -> 0 | O104: ='RFM input'!O371*(1+vanilla8)^0.5 -> 0 | P104: ='RFM input'!P371*(1+vanilla9)^0.5 -> 0 | Q104: ='RFM input'!Q371*(1+vanilla10)^0.5 -> 0
D105: =Asset42 -> 0 | H105: ='RFM input'!H372*(1+vanilla1)^0.5 -> 0 | I105: ='RFM input'!I372*(1+vanilla2)^0.5 -> 0 | J105: ='RFM input'!J372*(1+vanilla3)^0.5 -> 0 | K105: ='RFM input'!K372*(1+vanilla4)^0.5 -> 0 | L105: ='RFM input'!L372*(1+vanilla5)^0.5 -> 0 | M105: ='RFM input'!M372*(1+vanilla6)^0.5 -> 0 | N105: ='RFM input'!N372*(1+vanilla7)^0.5 -> 0 | O105: ='RFM input'!O372*(1+vanilla8)^0.5 -> 0 | P105: ='RFM input'!P372*(1+vanilla9)^0.5 -> 0 | Q105: ='RFM input'!Q372*(1+vanilla10)^0.5 -> 0
...

Sheet Total capital base roll forward
C2: ='DMS input'!$C$16&" - Total Asset Roll Forward"&" - TNSP RFM - version "&Intro!$M$4 -> Carpentaria Gas Pipeline - Total Asset Roll Forward - TNSP RFM - version 1.1
G3: 0 | H3: =G3+1 -> 1 | I3: =H3+1 -> 2 | J3: =I3+1 -> 3 | K3: =J3+1 -> 4 | L3: =K3+1 -> 5 | M3: =L3+1 -> 6
C4: Year | G4: ='RFM input'!G60 -> 2015-16 | H4: ='RFM input'!H60 -> 2016-17 | I4: ='RFM input'!I60 -> 2017-18 | J4: ='RFM input'!J60 -> 2018-19 | K4: ='RFM input'!K60 -> 2019-20 | L4: ='RFM input'!L60 -> 2020-21 | M4: ='RFM input'!M60 -> 2021-22 | N4: ='RFM input'!N60 -> 2022-23 | ... Q4: ='RFM input'!Q60 -> 2025-26
C5: Asset Values – Partially As Incurred ($m Nominal)
C7: Nominal Opening Capital Base | G7: =SUM(G8:G57) -> 321.62766 | H7: =SUM(H8:H57) -> 317.93338 | I7: =SUM(I8:I57) -> 315.28598 | J7: =SUM(J8:J57) -> 313.28203 | K7: =SUM(K8:K57) -> 310.45164 | L7: =SUM(L8:L57) -> 303.42945 | M7: =SUM(M8:M57) -> 309.06946 | N7: =SUM(N8:N57) -> 323.32461 | ... Q7: =SUM(Q8:Q57) -> 296.02112
D8: =Asset1 -> Pipelines | G8: ='Capital base roll forward'!G770 -> 239.56529 | H8: =G8+G60+G112+G164+G216+G268 -> 238.35232 | I8: =H8+H60+H112 -> 239.09124 | J8: =IF(COUNT($H8:I8)>='RFM input'!$AA$7,0,I8+I60+I112) -> 240.11387 | K8: =IF(COUNT($H8:J8)>='RFM input'!$AA$7,0,J8+J60+J112) -> 239.92922 | L8: =IF(COUNT($H8:K8)>='RFM input'!$AA$7,0,K8+K60+K112) -> 236.34281 | M8: =IF(COUNT($H8:L8)>='RFM input'!$AA$7,0,L8+L60+L112) -> 241.97343 | N8: =IF(COUNT($H8:M8)>='RFM input'!$AA$7,0,M8+M60+M112) -> 252.58276 | O8: =IF(COUNT($H8:N8)>='RFM input'!$AA$7,0,N8+N60+N112) -> 248.06163 | P8: =IF(COUNT($H8:O8)>='RFM input'!$AA$7,0,O8+O60+O112) -> 243.5405 | Q8: =IF(COUNT($H8:P8)>='RFM input'!$AA$7,0,P8+P60+P112) -> 239.01937
D9: =Asset2 -> Compressors | G9: ='Capital base roll forward'!G771 -> 44.311963 | H9: =G9+G61+G113+G165+G217+G269 -> 43.128645 | I9: =H9+H61+H113 -> 42.929876 | J9: =IF(COUNT($H9:I9)>='RFM input'!$AA$7,0,I9+I61+I113) -> 42.14954 | K9: =IF(COUNT($H9:J9)>='RFM input'!$AA$7,0,J9+J61+J113) -> 41.40829 | L9: =IF(COUNT($H9:K9)>='RFM input'!$AA$7,0,K9+K61+K113) -> 39.725355 | M9: =IF(COUNT($H9:L9)>='RFM input'!$AA$7,0,L9+L61+L113) -> 40.12327 | N9: =IF(COUNT($H9:M9)>='RFM input'!$AA$7,0,M9+M61+M113) -> 40.751028 | O9: =IF(COUNT($H9:N9)>='RFM input'!$AA$7,0,N9+N61+N113) -> 38.800374 | P9: =IF(COUNT($H9:O9)>='RFM input'!$AA$7,0,O9+O61+O113) -> 36.84972 | Q9: =IF(COUNT($H9:P9)>='RFM input'!$AA$7,0,P9+P61+P113) -> 34.899067
D10: =Asset3 -> City Gates, supply regulators and valve stations | G10: ='Capital base roll forward'!G772 -> 0.1110144 | H10: =G10+G62+G114+G166+G218+G270 -> 0.11871237 | I10: =H10+H62+H114 -> 0.11826738 | J10: =IF(COUNT($H10:I10)>='RFM input'!$AA$7,0,I10+I62+I114) -> 0.11793109 | K10: =IF(COUNT($H10:J10)>='RFM input'!$AA$7,0,J10+J62+J114) -> 0.11695807 | L10: =IF(COUNT($H10:K10)>='RFM input'!$AA$7,0,K10+K62+K114) -> 0.11365357 | M10: =IF(COUNT($H10:L10)>='RFM input'!$AA$7,0,L10+L62+L114) -> 0.11513797 | N10: =IF(COUNT($H10:M10)>='RFM input'!$AA$7,0,M10+M62+M114) -> 0.11921502 | O10: =IF(COUNT($H10:N10)>='RFM input'!$AA$7,0,N10+N62+N114) -> 0.11603288 | P10: =IF(COUNT($H10:O10)>='RFM input'!$AA$7,0,O10+O62+O114) -> 0.11285074 | Q10: =IF(COUNT($H10:P10)>='RFM input'!$AA$7,0,P10+P62+P114) -> 0.10966859
D11: =Asset4 -> Metering | G11: ='Capital base roll forward'!G773 -> 8.0913495 | H11: =G11+G63+G115+G167+G219+G271 -> 7.9377256 | I11: =H11+H63+H115 -> 7.8650727 | J11: =IF(COUNT($H11:I11)>='RFM input'!$AA$7,0,I11+I63+I115) -> 7.7979666 | K11: =IF(COUNT($H11:J11)>='RFM input'!$AA$7,0,J11+J63+J115) -> 7.6868748 | L11: =IF(COUNT($H11:K11)>='RFM input'!$AA$7,0,K11+K63+K115) -> 7.4210358 | M11: =IF(COUNT($H11:L11)>='RFM input'!$AA$7,0,L11+L63+L115) -> 7.4682377 | N11: =IF(COUNT($H11:M11)>='RFM input'!$AA$7,0,M11+M63+M115) -> 8.1120166 | O11: =IF(COUNT($H11:N11)>='RFM input'!$AA$7,0,N11+N63+N115) -> 7.8402541 | P11: =IF(COUNT($H11:O11)>='RFM input'!$AA$7,0,O11+O63+O115) -> 7.5684915 | Q11: =IF(COUNT($H11:P11)>='RFM input'!$AA$7,0,P11+P63+P115) -> 7.296729
D12: =Asset5 -> Odourant plants | G12: ='Capital base roll forward'!G774 -> 0.10522313 | H12: =G12+G64+G116+G168+G220+G272 -> 0.10492747 | I12: =H12+H64+H116 -> 0.10559747 | J12: =IF(COUNT($H12:I12)>='RFM input'!$AA$7,0,I12+I64+I116) -> 0.10640619 | K12: =IF(COUNT($H12:J12)>='RFM input'!$AA$7,0,J12+J64+J116) -> 0.1066871 | L12: =IF(COUNT($H12:K12)>='RFM input'!$AA$7,0,K12+K64+K116) -> 0.1048788 | M12: =IF(COUNT($H12:L12)>='RFM input'!$AA$7,0,L12+L64+L116) -> 0.10748103 | N12: =IF(COUNT($H12:M12)>='RFM input'!$AA$7,0,M12+M64+M116) -> 0.11259887 | O12: =IF(COUNT($H12:N12)>='RFM input'!$AA$7,0,N12+N64+N116) -> 0.11102089 | P12: =IF(COUNT($H12:O12)>='RFM input'!$AA$7,0,O12+O64+O116) -> 0.10944292 | Q12: =IF(COUNT($H12:P12)>='RFM input'!$AA$7,0,P12+P64+P116) -> 0.10786494
D13: =Asset6 -> SCADA (Communications) | G13: ='Capital base roll forward'!G775 -> 0.8711736 | H13: =G13+G65+G117+G169+G221+G273 -> 1.8625275 | I13: =H13+H65+H117 -> 1.7644379 | J13: =IF(COUNT($H13:I13)>='RFM input'!$AA$7,0,I13+I65+I117) -> 1.7419833 | K13: =IF(COUNT($H13:J13)>='RFM input'!$AA$7,0,J13+J65+J117) -> 1.9791384 | L13: =IF(COUNT($H13:K13)>='RFM input'!$AA$7,0,K13+K65+K117) -> 2.0322983 | M13: =IF(COUNT($H13:L13)>='RFM input'!$AA$7,0,L13+L65+L117) -> 1.9190499 | N13: =IF(COUNT($H13:M13)>='RFM input'!$AA$7,0,M13+M65+M117) -> 1.8381956 | O13: =IF(COUNT($H13:N13)>='RFM input'!$AA$7,0,N13+N65+N117) -> 1.6272055 | P13: =IF(COUNT($H13:O13)>='RFM input'!$AA$7,0,O13+O65+O117) -> 1.4162154 | Q13: =IF(COUNT($H13:P13)>='RFM input'!$AA$7,0,P13+P65+P117) -> 1.2052253
D14: =Asset7 -> Buildings | G14: ='Capital base roll forward'!G776 -> 4.271416 | H14: =G14+G66+G118+G170+G222+G274 -> 4.2455441 | I14: =H14+H66+H118 -> 4.259518 | J14: =IF(COUNT($H14:I14)>='RFM input'!$AA$7,0,I14+I66+I118) -> 4.2785779 | K14: =IF(COUNT($H14:J14)>='RFM input'!$AA$7,0,J14+J66+J118) -> 4.27585 | L14: =IF(COUNT($H14:K14)>='RFM input'!$AA$7,0,K14+K66+K118) -> 4.1889402 | M14: =IF(COUNT($H14:L14)>='RFM input'!$AA$7,0,L14+L66+L118) -> 4.2782929 | N14: =IF(COUNT($H14:M14)>='RFM input'!$AA$7,0,M14+M66+M118) -> 4.4666641 | O14: =IF(COUNT($H14:N14)>='RFM input'!$AA$7,0,N14+N66+N118) -> 4.3875646 | P14: =IF(COUNT($H14:O14)>='RFM input'!$AA$7,0,O14+O66+O118) -> 4.308465 | Q14: =IF(COUNT($H14:P14)>='RFM input'!$AA$7,0,P14+P66+P118) -> 4.2293654
D15: =Asset8 -> Land and easements | G15: ='Capital base roll forward'!G777 -> 0.013334824 | H15: =G15+G67+G119+G171+G223+G275 -> 0.013471274 | I15: =H15+H67+H119 -> 0.013731768 | J15: =IF(COUNT($H15:I15)>='RFM input'!$AA$7,0,I15+I67+I119) -> 0.014017071 | K15: =IF(COUNT($H15:J15)>='RFM input'!$AA$7,0,J15+J67+J119) -> 0.014240352 | L15: =IF(COUNT($H15:K15)>='RFM input'!$AA$7,0,K15+K67+K119) -> 0.014190734 | M15: =IF(COUNT($H15:L15)>='RFM input'!$AA$7,0,L15+L67+L119) -> 0.014736531 | N15: =IF(COUNT($H15:M15)>='RFM input'!$AA$7,0,M15+M67+M119) -> 0.015642059 | O15: =IF(COUNT($H15:N15)>='RFM input'!$AA$7,0,N15+N67+N119) -> 0.015642059 | P15: =IF(COUNT($H15:O15)>='RFM input'!$AA$7,0,O15+O67+O119) -> 0.015642059 | Q15: =IF(COUNT($H15:P15)>='RFM input'!$AA$7,0,P15+P67+P119) -> 0.015642059
D16: =Asset9 -> Other depreciable pipeline assets | G16: ='Capital base roll forward'!G778 -> 6.6973907 | H16: =G16+G68+G120+G172+G224+G276 -> 6.7790269 | I16: =H16+H68+H120 -> 6.830015 | J16: =IF(COUNT($H16:I16)>='RFM input'!$AA$7,0,I16+I68+I120) -> 7.2319742 | K16: =IF(COUNT($H16:J16)>='RFM input'!$AA$7,0,J16+J68+J120) -> 7.4514736 | L16: =IF(COUNT($H16:K16)>='RFM input'!$AA$7,0,K16+K68+K120) -> 7.4157211 | M16: =IF(COUNT($H16:L16)>='RFM input'!$AA$7,0,L16+L68+L120) -> 7.6775561 | N16: =IF(COUNT($H16:M16)>='RFM input'!$AA$7,0,M16+M68+M120) -> 7.9207734 | O16: =IF(COUNT($H16:N16)>='RFM input'!$AA$7,0,N16+N68+N120) -> 7.8027931 | P16: =IF(COUNT($H16:O16)>='RFM input'!$AA$7,0,O16+O68+O120) -> 7.6848129 | Q16: =IF(COUNT($H16:P16)>='RFM input'!$AA$7,0,P16+P68+P120) -> 7.5668326
D17: =Asset10 -> IT Systems | G17: ='Capital base roll forward'!G779 -> 1.0586432 | H17: =G17+G69+G121+G173+G225+G277 -> 0.57276504 | I17: =H17+H69+H121 -> 0.13001694 | J17: =IF(COUNT($H17:I17)>='RFM input'!$AA$7,0,I17+I69+I121) -> 0.0072822686 | K17: =IF(COUNT($H17:J17)>='RFM input'!$AA$7,0,J17+J69+J121) -> 0.0070349728 | L17: =IF(COUNT($H17:K17)>='RFM input'!$AA$7,0,K17+K69+K121) -> 1.0541201 | M17: =IF(COUNT($H17:L17)>='RFM input'!$AA$7,0,L17+L69+L121) -> 0.88552959 | N17: =IF(COUNT($H17:M17)>='RFM input'!$AA$7,0,M17+M69+M121) -> 0.72276625 | O17: =IF(COUNT($H17:N17)>='RFM input'!$AA$7,0,N17+N69+N121) -> 0.492244 | P17: =IF(COUNT($H17:O17)>='RFM input'!$AA$7,0,O17+O69+O121) -> 0.26212716 | Q17: =IF(COUNT($H17:P17)>='RFM input'!$AA$7,0,P17+P69+P121) -> 0.032010316
D18: =Asset11 -> Leased pipeline assets | G18: ='Capital base roll forward'!G780 -> 1.7092659 | H18: =G18+G70+G122+G174+G226+G278 -> 1.4959406 | I18: =H18+H70+H122 -> 1.2933717 | J18: =IF(COUNT($H18:I18)>='RFM input'!$AA$7,0,I18+I70+I122) -> 1.0842716 | K18: =IF(COUNT($H18:J18)>='RFM input'!$AA$7,0,J18+J70+J122) -> 0.86066803 | L18: =IF(COUNT($H18:K18)>='RFM input'!$AA$7,0,K18+K70+K122) -> 0.6129571 | M18: =IF(COUNT($H18:L18)>='RFM input'!$AA$7,0,L18+L70+L122) -> 0.39267294 | N18: =IF(COUNT($H18:M18)>='RFM input'!$AA$7,0,M18+M70+M122) -> 0.1635632 | O18: =IF(COUNT($H18:N18)>='RFM input'!$AA$7,0,N18+N70+N122) -> 0.021587646 | P18: =IF(COUNT($H18:O18)>='RFM input'!$AA$7,0,O18+O70+O122) -> 0.021587646 | Q18: =IF(COUNT($H18:P18)>='RFM input'!$AA$7,0,P18+P70+P122) -> 0.021587646
D19: =Asset12 -> Shared supporting assets | G19: ='Capital base roll forward'!G781 -> 2.6665477 | H19: =G19+G71+G123+G175+G227+G279 -> 3.6617976 | I19: =H19+H71+H123 -> 3.4777666 | J19: =IF(COUNT($H19:I19)>='RFM input'!$AA$7,0,I19+I71+I123) -> 3.5641296 | K19: =IF(COUNT($H19:J19)>='RFM input'!$AA$7,0,J19+J71+J123) -> 3.998852 | L19: =IF(COUNT($H19:K19)>='RFM input'!$AA$7,0,K19+K71+K123) -> 3.4880155 | M19: =IF(COUNT($H19:L19)>='RFM input'!$AA$7,0,L19+L71+L123) -> 3.1335195 | N19: =IF(COUNT($H19:M19)>='RFM input'!$AA$7,0,M19+M71+M123) -> 5.4639335 | O19: =IF(COUNT($H19:N19)>='RFM input'!$AA$7,0,N19+N71+N123) -> 3.8130389 | P19: =IF(COUNT($H19:O19)>='RFM input'!$AA$7,0,O19+O71+O123) -> 2.3949479 | Q19: =IF(COUNT($H19:P19)>='RFM input'!$AA$7,0,P19+P71+P123) -> 1.3373606
D20: =Asset13 -> Shared leased assets | G20: ='Capital base roll forward'!G782 -> 0 | H20: =G20+G72+G124+G176+G228+G280 -> 0 | I20: =H20+H72+H124 -> 0 | J20: =IF(COUNT($H20:I20)>='RFM input'!$AA$7,0,I20+I72+I124) -> 0 | K20: =IF(COUNT($H20:J20)>='RFM input'!$AA$7,0,J20+J72+J124) -> 0 | L20: =IF(COUNT($H20:K20)>='RFM input'!$AA$7,0,K20+K72+K124) -> 0.88723189 | M20: =IF(COUNT($H20:L20)>='RFM input'!$AA$7,0,L20+L72+L124) -> 0.9512123 | N20: =IF(COUNT($H20:M20)>='RFM input'!$AA$7,0,M20+M72+M124) -> 1.0243107 | O20: =IF(COUNT($H20:N20)>='RFM input'!$AA$7,0,N20+N72+N124) -> 0.73262827 | P20: =IF(COUNT($H20:O20)>='RFM input'!$AA$7,0,O20+O72+O124) -> 0.44094583 | Q20: =IF(COUNT($H20:P20)>='RFM input'!$AA$7,0,P20+P72+P124) -> 0.1492634
D21: =Asset14 -> PMA - Buyout contract | G21: ='Capital base roll forward'!G783 -> 12.155048 | H21: =G21+G73+G125+G177+G229+G281 -> 9.659974 | I21: =H21+H73+H125 -> 7.407064 | J21: =IF(COUNT($H21:I21)>='RFM input'!$AA$7,0,I21+I73+I125) -> 5.074078 | K21: =IF(COUNT($H21:J21)>='RFM input'!$AA$7,0,J21+J73+J125) -> 2.6163527 | L21: =IF(COUNT($H21:K21)>='RFM input'!$AA$7,0,K21+K73+K125) -> 0.028248071 | M21: =IF(COUNT($H21:L21)>='RFM input'!$AA$7,0,L21+L73+L125) -> 0.029334535 | N21: =IF(COUNT($H21:M21)>='RFM input'!$AA$7,0,M21+M73+M125) -> 0.031137078 | O21: =IF(COUNT($H21:N21)>='RFM input'!$AA$7,0,N21+N73+N125) -> 0.031137078 | P21: =IF(COUNT($H21:O21)>='RFM input'!$AA$7,0,O21+O73+O125) -> 0.031137078 | Q21: =IF(COUNT($H21:P21)>='RFM input'!$AA$7,0,P21+P73+P125) -> 0.031137078
D22: =Asset15 -> 0 | G22: ='Capital base roll forward'!G784 -> 0 | H22: =G22+G74+G126+G178+G230+G282 -> 0 | I22: =H22+H74+H126 -> 0 | J22: =IF(COUNT($H22:I22)>='RFM input'!$AA$7,0,I22+I74+I126) -> 0 | K22: =IF(COUNT($H22:J22)>='RFM input'!$AA$7,0,J22+J74+J126) -> 0 | L22: =IF(COUNT($H22:K22)>='RFM input'!$AA$7,0,K22+K74+K126) -> 0 | M22: =IF(COUNT($H22:L22)>='RFM input'!$AA$7,0,L22+L74+L126) -> 0 | N22: =IF(COUNT($H22:M22)>='RFM input'!$AA$7,0,M22+M74+M126) -> 0 | O22: =IF(COUNT($H22:N22)>='RFM input'!$AA$7,0,N22+N74+N126) -> 0 | P22: =IF(COUNT($H22:O22)>='RFM input'!$AA$7,0,O22+O74+O126) -> 0 | Q22: =IF(COUNT($H22:P22)>='RFM input'!$AA$7,0,P22+P74+P126) -> 0
D23: =Asset16 -> 0 | G23: ='Capital base roll forward'!G785 -> 0 | H23: =G23+G75+G127+G179+G231+G283 -> 0 | I23: =H23+H75+H127 -> 0 | J23: =IF(COUNT($H23:I23)>='RFM input'!$AA$7,0,I23+I75+I127) -> 0 | K23: =IF(COUNT($H23:J23)>='RFM input'!$AA$7,0,J23+J75+J127) -> 0 | L23: =IF(COUNT($H23:K23)>='RFM input'!$AA$7,0,K23+K75+K127) -> 0 | M23: =IF(COUNT($H23:L23)>='RFM input'!$AA$7,0,L23+L75+L127) -> 0 | N23: =IF(COUNT($H23:M23)>='RFM input'!$AA$7,0,M23+M75+M127) -> 0 | O23: =IF(COUNT($H23:N23)>='RFM input'!$AA$7,0,N23+N75+N127) -> 0 | P23: =IF(COUNT($H23:O23)>='RFM input'!$AA$7,0,O23+O75+O127) -> 0 | Q23: =IF(COUNT($H23:P23)>='RFM input'!$AA$7,0,P23+P75+P127) -> 0
D24: =Asset17 -> 0 | G24: ='Capital base roll forward'!G786 -> 0 | H24: =G24+G76+G128+G180+G232+G284 -> 0 | I24: =H24+H76+H128 -> 0 | J24: =IF(COUNT($H24:I24)>='RFM input'!$AA$7,0,I24+I76+I128) -> 0 | K24: =IF(COUNT($H24:J24)>='RFM input'!$AA$7,0,J24+J76+J128) -> 0 | L24: =IF(COUNT($H24:K24)>='RFM input'!$AA$7,0,K24+K76+K128) -> 0 | M24: =IF(COUNT($H24:L24)>='RFM input'!$AA$7,0,L24+L76+L128) -> 0 | N24: =IF(COUNT($H24:M24)>='RFM input'!$AA$7,0,M24+M76+M128) -> 0 | O24: =IF(COUNT($H24:N24)>='RFM input'!$AA$7,0,N24+N76+N128) -> 0 | P24: =IF(COUNT($H24:O24)>='RFM input'!$AA$7,0,O24+O76+O128) -> 0 | Q24: =IF(COUNT($H24:P24)>='RFM input'!$AA$7,0,P24+P76+P128) -> 0
D25: =Asset18 -> 0 | G25: ='Capital base roll forward'!G787 -> 0 | H25: =G25+G77+G129+G181+G233+G285 -> 0 | I25: =H25+H77+H129 -> 0 | J25: =IF(COUNT($H25:I25)>='RFM input'!$AA$7,0,I25+I77+I129) -> 0 | K25: =IF(COUNT($H25:J25)>='RFM input'!$AA$7,0,J25+J77+J129) -> 0 | L25: =IF(COUNT($H25:K25)>='RFM input'!$AA$7,0,K25+K77+K129) -> 0 | M25: =IF(COUNT($H25:L25)>='RFM input'!$AA$7,0,L25+L77+L129) -> 0 | N25: =IF(COUNT($H25:M25)>='RFM input'!$AA$7,0,M25+M77+M129) -> 0 | O25: =IF(COUNT($H25:N25)>='RFM input'!$AA$7,0,N25+N77+N129) -> 0 | P25: =IF(COUNT($H25:O25)>='RFM input'!$AA$7,0,O25+O77+O129) -> 0 | Q25: =IF(COUNT($H25:P25)>='RFM input'!$AA$7,0,P25+P77+P129) -> 0
D26: =Asset19 -> 0 | G26: ='Capital base roll forward'!G788 -> 0 | H26: =G26+G78+G130+G182+G234+G286 -> 0 | I26: =H26+H78+H130 -> 0 | J26: =IF(COUNT($H26:I26)>='RFM input'!$AA$7,0,I26+I78+I130) -> 0 | K26: =IF(COUNT($H26:J26)>='RFM input'!$AA$7,0,J26+J78+J130) -> 0 | L26: =IF(COUNT($H26:K26)>='RFM input'!$AA$7,0,K26+K78+K130) -> 0 | M26: =IF(COUNT($H26:L26)>='RFM input'!$AA$7,0,L26+L78+L130) -> 0 | N26: =IF(COUNT($H26:M26)>='RFM input'!$AA$7,0,M26+M78+M130) -> 0 | O26: =IF(COUNT($H26:N26)>='RFM input'!$AA$7,0,N26+N78+N130) -> 0 | P26: =IF(COUNT($H26:O26)>='RFM input'!$AA$7,0,O26+O78+O130) -> 0 | Q26: =IF(COUNT($H26:P26)>='RFM input'!$AA$7,0,P26+P78+P130) -> 0
D27: =Asset20 -> 0 | G27: ='Capital base roll forward'!G789 -> 0 | H27: =G27+G79+G131+G183+G235+G287 -> 0 | I27: =H27+H79+H131 -> 0 | J27: =IF(COUNT($H27:I27)>='RFM input'!$AA$7,0,I27+I79+I131) -> 0 | K27: =IF(COUNT($H27:J27)>='RFM input'!$AA$7,0,J27+J79+J131) -> 0 | L27: =IF(COUNT($H27:K27)>='RFM input'!$AA$7,0,K27+K79+K131) -> 0 | M27: =IF(COUNT($H27:L27)>='RFM input'!$AA$7,0,L27+L79+L131) -> 0 | N27: =IF(COUNT($H27:M27)>='RFM input'!$AA$7,0,M27+M79+M131) -> 0 | O27: =IF(COUNT($H27:N27)>='RFM input'!$AA$7,0,N27+N79+N131) -> 0 | P27: =IF(COUNT($H27:O27)>='RFM input'!$AA$7,0,O27+O79+O131) -> 0 | Q27: =IF(COUNT($H27:P27)>='RFM input'!$AA$7,0,P27+P79+P131) -> 0
D28: =Asset21 -> 0 | G28: ='Capital base roll forward'!G790 -> 0 | H28: =G28+G80+G132+G184+G236+G288 -> 0 | I28: =H28+H80+H132 -> 0 | J28: =IF(COUNT($H28:I28)>='RFM input'!$AA$7,0,I28+I80+I132) -> 0 | K28: =IF(COUNT($H28:J28)>='RFM input'!$AA$7,0,J28+J80+J132) -> 0 | L28: =IF(COUNT($H28:K28)>='RFM input'!$AA$7,0,K28+K80+K132) -> 0 | M28: =IF(COUNT($H28:L28)>='RFM input'!$AA$7,0,L28+L80+L132) -> 0 | N28: =IF(COUNT($H28:M28)>='RFM input'!$AA$7,0,M28+M80+M132) -> 0 | O28: =IF(COUNT($H28:N28)>='RFM input'!$AA$7,0,N28+N80+N132) -> 0 | P28: =IF(COUNT($H28:O28)>='RFM input'!$AA$7,0,O28+O80+O132) -> 0 | Q28: =IF(COUNT($H28:P28)>='RFM input'!$AA$7,0,P28+P80+P132) -> 0
D29: =Asset22 -> 0 | G29: ='Capital base roll forward'!G791 -> 0 | H29: =G29+G81+G133+G185+G237+G289 -> 0 | I29: =H29+H81+H133 -> 0 | J29: =IF(COUNT($H29:I29)>='RFM input'!$AA$7,0,I29+I81+I133) -> 0 | K29: =IF(COUNT($H29:J29)>='RFM input'!$AA$7,0,J29+J81+J133) -> 0 | L29: =IF(COUNT($H29:K29)>='RFM input'!$AA$7,0,K29+K81+K133) -> 0 | M29: =IF(COUNT($H29:L29)>='RFM input'!$AA$7,0,L29+L81+L133) -> 0 | N29: =IF(COUNT($H29:M29)>='RFM input'!$AA$7,0,M29+M81+M133) -> 0 | O29: =IF(COUNT($H29:N29)>='RFM input'!$AA$7,0,N29+N81+N133) -> 0 | P29: =IF(COUNT($H29:O29)>='RFM input'!$AA$7,0,O29+O81+O133) -> 0 | Q29: =IF(COUNT($H29:P29)>='RFM input'!$AA$7,0,P29+P81+P133) -> 0
D30: =Asset23 -> 0 | G30: ='Capital base roll forward'!G792 -> 0 | H30: =G30+G82+G134+G186+G238+G290 -> 0 | I30: =H30+H82+H134 -> 0 | J30: =IF(COUNT($H30:I30)>='RFM input'!$AA$7,0,I30+I82+I134) -> 0 | K30: =IF(COUNT($H30:J30)>='RFM input'!$AA$7,0,J30+J82+J134) -> 0 | L30: =IF(COUNT($H30:K30)>='RFM input'!$AA$7,0,K30+K82+K134) -> 0 | M30: =IF(COUNT($H30:L30)>='RFM input'!$AA$7,0,L30+L82+L134) -> 0 | N30: =IF(COUNT($H30:M30)>='RFM input'!$AA$7,0,M30+M82+M134) -> 0 | O30: =IF(COUNT($H30:N30)>='RFM input'!$AA$7,0,N30+N82+N134) -> 0 | P30: =IF(COUNT($H30:O30)>='RFM input'!$AA$7,0,O30+O82+O134) -> 0 | Q30: =IF(COUNT($H30:P30)>='RFM input'!$AA$7,0,P30+P82+P134) -> 0
D31: =Asset24 -> 0 | G31: ='Capital base roll forward'!G793 -> 0 | H31: =G31+G83+G135+G187+G239+G291 -> 0 | I31: =H31+H83+H135 -> 0 | J31: =IF(COUNT($H31:I31)>='RFM input'!$AA$7,0,I31+I83+I135) -> 0 | K31: =IF(COUNT($H31:J31)>='RFM input'!$AA$7,0,J31+J83+J135) -> 0 | L31: =IF(COUNT($H31:K31)>='RFM input'!$AA$7,0,K31+K83+K135) -> 0 | M31: =IF(COUNT($H31:L31)>='RFM input'!$AA$7,0,L31+L83+L135) -> 0 | N31: =IF(COUNT($H31:M31)>='RFM input'!$AA$7,0,M31+M83+M135) -> 0 | O31: =IF(COUNT($H31:N31)>='RFM input'!$AA$7,0,N31+N83+N135) -> 0 | P31: =IF(COUNT($H31:O31)>='RFM input'!$AA$7,0,O31+O83+O135) -> 0 | Q31: =IF(COUNT($H31:P31)>='RFM input'!$AA$7,0,P31+P83+P135) -> 0
D32: =Asset25 -> 0 | G32: ='Capital base roll forward'!G794 -> 0 | H32: =G32+G84+G136+G188+G240+G292 -> 0 | I32: =H32+H84+H136 -> 0 | J32: =IF(COUNT($H32:I32)>='RFM input'!$AA$7,0,I32+I84+I136) -> 0 | K32: =IF(COUNT($H32:J32)>='RFM input'!$AA$7,0,J32+J84+J136) -> 0 | L32: =IF(COUNT($H32:K32)>='RFM input'!$AA$7,0,K32+K84+K136) -> 0 | M32: =IF(COUNT($H32:L32)>='RFM input'!$AA$7,0,L32+L84+L136) -> 0 | N32: =IF(COUNT($H32:M32)>='RFM input'!$AA$7,0,M32+M84+M136) -> 0 | O32: =IF(COUNT($H32:N32)>='RFM input'!$AA$7,0,N32+N84+N136) -> 0 | P32: =IF(COUNT($H32:O32)>='RFM input'!$AA$7,0,O32+O84+O136) -> 0 | Q32: =IF(COUNT($H32:P32)>='RFM input'!$AA$7,0,P32+P84+P136) -> 0
D33: =Asset26 -> 0 | G33: ='Capital base roll forward'!G795 -> 0 | H33: =G33+G85+G137+G189+G241+G293 -> 0 | I33: =H33+H85+H137 -> 0 | J33: =IF(COUNT($H33:I33)>='RFM input'!$AA$7,0,I33+I85+I137) -> 0 | K33: =IF(COUNT($H33:J33)>='RFM input'!$AA$7,0,J33+J85+J137) -> 0 | L33: =IF(COUNT($H33:K33)>='RFM input'!$AA$7,0,K33+K85+K137) -> 0 | M33: =IF(COUNT($H33:L33)>='RFM input'!$AA$7,0,L33+L85+L137) -> 0 | N33: =IF(COUNT($H33:M33)>='RFM input'!$AA$7,0,M33+M85+M137) -> 0 | O33: =IF(COUNT($H33:N33)>='RFM input'!$AA$7,0,N33+N85+N137) -> 0 | P33: =IF(COUNT($H33:O33)>='RFM input'!$AA$7,0,O33+O85+O137) -> 0 | Q33: =IF(COUNT($H33:P33)>='RFM input'!$AA$7,0,P33+P85+P137) -> 0
D34: =Asset27 -> 0 | G34: ='Capital base roll forward'!G796 -> 0 | H34: =G34+G86+G138+G190+G242+G294 -> 0 | I34: =H34+H86+H138 -> 0 | J34: =IF(COUNT($H34:I34)>='RFM input'!$AA$7,0,I34+I86+I138) -> 0 | K34: =IF(COUNT($H34:J34)>='RFM input'!$AA$7,0,J34+J86+J138) -> 0 | L34: =IF(COUNT($H34:K34)>='RFM input'!$AA$7,0,K34+K86+K138) -> 0 | M34: =IF(COUNT($H34:L34)>='RFM input'!$AA$7,0,L34+L86+L138) -> 0 | N34: =IF(COUNT($H34:M34)>='RFM input'!$AA$7,0,M34+M86+M138) -> 0 | O34: =IF(COUNT($H34:N34)>='RFM input'!$AA$7,0,N34+N86+N138) -> 0 | P34: =IF(COUNT($H34:O34)>='RFM input'!$AA$7,0,O34+O86+O138) -> 0 | Q34: =IF(COUNT($H34:P34)>='RFM input'!$AA$7,0,P34+P86+P138) -> 0
D35: =Asset28 -> 0 | G35: ='Capital base roll forward'!G797 -> 0 | H35: =G35+G87+G139+G191+G243+G295 -> 0 | I35: =H35+H87+H139 -> 0 | J35: =IF(COUNT($H35:I35)>='RFM input'!$AA$7,0,I35+I87+I139) -> 0 | K35: =IF(COUNT($H35:J35)>='RFM input'!$AA$7,0,J35+J87+J139) -> 0 | L35: =IF(COUNT($H35:K35)>='RFM input'!$AA$7,0,K35+K87+K139) -> 0 | M35: =IF(COUNT($H35:L35)>='RFM input'!$AA$7,0,L35+L87+L139) -> 0 | N35: =IF(COUNT($H35:M35)>='RFM input'!$AA$7,0,M35+M87+M139) -> 0 | O35: =IF(COUNT($H35:N35)>='RFM input'!$AA$7,0,N35+N87+N139) -> 0 | P35: =IF(COUNT($H35:O35)>='RFM input'!$AA$7,0,O35+O87+O139) -> 0 | Q35: =IF(COUNT($H35:P35)>='RFM input'!$AA$7,0,P35+P87+P139) -> 0
D36: =Asset29 -> 0 | G36: ='Capital base roll forward'!G798 -> 0 | H36: =G36+G88+G140+G192+G244+G296 -> 0 | I36: =H36+H88+H140 -> 0 | J36: =IF(COUNT($H36:I36)>='RFM input'!$AA$7,0,I36+I88+I140) -> 0 | K36: =IF(COUNT($H36:J36)>='RFM input'!$AA$7,0,J36+J88+J140) -> 0 | L36: =IF(COUNT($H36:K36)>='RFM input'!$AA$7,0,K36+K88+K140) -> 0 | M36: =IF(COUNT($H36:L36)>='RFM input'!$AA$7,0,L36+L88+L140) -> 0 | N36: =IF(COUNT($H36:M36)>='RFM input'!$AA$7,0,M36+M88+M140) -> 0 | O36: =IF(COUNT($H36:N36)>='RFM input'!$AA$7,0,N36+N88+N140) -> 0 | P36: =IF(COUNT($H36:O36)>='RFM input'!$AA$7,0,O36+O88+O140) -> 0 | Q36: =IF(COUNT($H36:P36)>='RFM input'!$AA$7,0,P36+P88+P140) -> 0
D37: =Asset30 -> 0 | G37: ='Capital base roll forward'!G799 -> 0 | H37: =G37+G89+G141+G193+G245+G297 -> 0 | I37: =H37+H89+H141 -> 0 | J37: =IF(COUNT($H37:I37)>='RFM input'!$AA$7,0,I37+I89+I141) -> 0 | K37: =IF(COUNT($H37:J37)>='RFM input'!$AA$7,0,J37+J89+J141) -> 0 | L37: =IF(COUNT($H37:K37)>='RFM input'!$AA$7,0,K37+K89+K141) -> 0 | M37: =IF(COUNT($H37:L37)>='RFM input'!$AA$7,0,L37+L89+L141) -> 0 | N37: =IF(COUNT($H37:M37)>='RFM input'!$AA$7,0,M37+M89+M141) -> 0 | O37: =IF(COUNT($H37:N37)>='RFM input'!$AA$7,0,N37+N89+N141) -> 0 | P37: =IF(COUNT($H37:O37)>='RFM input'!$AA$7,0,O37+O89+O141) -> 0 | Q37: =IF(COUNT($H37:P37)>='RFM input'!$AA$7,0,P37+P89+P141) -> 0
D38: =Asset31 -> 0 | G38: ='Capital base roll forward'!G800 -> 0 | H38: =G38+G90+G142+G194+G246+G298 -> 0 | I38: =H38+H90+H142 -> 0 | J38: =IF(COUNT($H38:I38)>='RFM input'!$AA$7,0,I38+I90+I142) -> 0 | K38: =IF(COUNT($H38:J38)>='RFM input'!$AA$7,0,J38+J90+J142) -> 0 | L38: =IF(COUNT($H38:K38)>='RFM input'!$AA$7,0,K38+K90+K142) -> 0 | M38: =IF(COUNT($H38:L38)>='RFM input'!$AA$7,0,L38+L90+L142) -> 0 | N38: =IF(COUNT($H38:M38)>='RFM input'!$AA$7,0,M38+M90+M142) -> 0 | O38: =IF(COUNT($H38:N38)>='RFM input'!$AA$7,0,N38+N90+N142) -> 0 | P38: =IF(COUNT($H38:O38)>='RFM input'!$AA$7,0,O38+O90+O142) -> 0 | Q38: =IF(COUNT($H38:P38)>='RFM input'!$AA$7,0,P38+P90+P142) -> 0
D39: =Asset32 -> 0 | G39: ='Capital base roll forward'!G801 -> 0 | H39: =G39+G91+G143+G195+G247+G299 -> 0 | I39: =H39+H91+H143 -> 0 | J39: =IF(COUNT($H39:I39)>='RFM input'!$AA$7,0,I39+I91+I143) -> 0 | K39: =IF(COUNT($H39:J39)>='RFM input'!$AA$7,0,J39+J91+J143) -> 0 | L39: =IF(COUNT($H39:K39)>='RFM input'!$AA$7,0,K39+K91+K143) -> 0 | M39: =IF(COUNT($H39:L39)>='RFM input'!$AA$7,0,L39+L91+L143) -> 0 | N39: =IF(COUNT($H39:M39)>='RFM input'!$AA$7,0,M39+M91+M143) -> 0 | O39: =IF(COUNT($H39:N39)>='RFM input'!$AA$7,0,N39+N91+N143) -> 0 | P39: =IF(COUNT($H39:O39)>='RFM input'!$AA$7,0,O39+O91+O143) -> 0 | Q39: =IF(COUNT($H39:P39)>='RFM input'!$AA$7,0,P39+P91+P143) -> 0
D40: =Asset33 -> 0 | G40: ='Capital base roll forward'!G802 -> 0 | H40: =G40+G92+G144+G196+G248+G300 -> 0 | I40: =H40+H92+H144 -> 0 | J40: =IF(COUNT($H40:I40)>='RFM input'!$AA$7,0,I40+I92+I144) -> 0 | K40: =IF(COUNT($H40:J40)>='RFM input'!$AA$7,0,J40+J92+J144) -> 0 | L40: =IF(COUNT($H40:K40)>='RFM input'!$AA$7,0,K40+K92+K144) -> 0 | M40: =IF(COUNT($H40:L40)>='RFM input'!$AA$7,0,L40+L92+L144) -> 0 | N40: =IF(COUNT($H40:M40)>='RFM input'!$AA$7,0,M40+M92+M144) -> 0 | O40: =IF(COUNT($H40:N40)>='RFM input'!$AA$7,0,N40+N92+N144) -> 0 | P40: =IF(COUNT($H40:O40)>='RFM input'!$AA$7,0,O40+O92+O144) -> 0 | Q40: =IF(COUNT($H40:P40)>='RFM input'!$AA$7,0,P40+P92+P144) -> 0
D41: =Asset34 -> 0 | G41: ='Capital base roll forward'!G803 -> 0 | H41: =G41+G93+G145+G197+G249+G301 -> 0 | I41: =H41+H93+H145 -> 0 | J41: =IF(COUNT($H41:I41)>='RFM input'!$AA$7,0,I41+I93+I145) -> 0 | K41: =IF(COUNT($H41:J41)>='RFM input'!$AA$7,0,J41+J93+J145) -> 0 | L41: =IF(COUNT($H41:K41)>='RFM input'!$AA$7,0,K41+K93+K145) -> 0 | M41: =IF(COUNT($H41:L41)>='RFM input'!$AA$7,0,L41+L93+L145) -> 0 | N41: =IF(COUNT($H41:M41)>='RFM input'!$AA$7,0,M41+M93+M145) -> 0 | O41: =IF(COUNT($H41:N41)>='RFM input'!$AA$7,0,N41+N93+N145) -> 0 | P41: =IF(COUNT($H41:O41)>='RFM input'!$AA$7,0,O41+O93+O145) -> 0 | Q41: =IF(COUNT($H41:P41)>='RFM input'!$AA$7,0,P41+P93+P145) -> 0
D42: =Asset35 -> 0 | G42: ='Capital base roll forward'!G804 -> 0 | H42: =G42+G94+G146+G198+G250+G302 -> 0 | I42: =H42+H94+H146 -> 0 | J42: =IF(COUNT($H42:I42)>='RFM input'!$AA$7,0,I42+I94+I146) -> 0 | K42: =IF(COUNT($H42:J42)>='RFM input'!$AA$7,0,J42+J94+J146) -> 0 | L42: =IF(COUNT($H42:K42)>='RFM input'!$AA$7,0,K42+K94+K146) -> 0 | M42: =IF(COUNT($H42:L42)>='RFM input'!$AA$7,0,L42+L94+L146) -> 0 | N42: =IF(COUNT($H42:M42)>='RFM input'!$AA$7,0,M42+M94+M146) -> 0 | O42: =IF(COUNT($H42:N42)>='RFM input'!$AA$7,0,N42+N94+N146) -> 0 | P42: =IF(COUNT($H42:O42)>='RFM input'!$AA$7,0,O42+O94+O146) -> 0 | Q42: =IF(COUNT($H42:P42)>='RFM input'!$AA$7,0,P42+P94+P146) -> 0
D43: =Asset36 -> 0 | G43: ='Capital base roll forward'!G805 -> 0 | H43: =G43+G95+G147+G199+G251+G303 -> 0 | I43: =H43+H95+H147 -> 0 | J43: =IF(COUNT($H43:I43)>='RFM input'!$AA$7,0,I43+I95+I147) -> 0 | K43: =IF(COUNT($H43:J43)>='RFM input'!$AA$7,0,J43+J95+J147) -> 0 | L43: =IF(COUNT($H43:K43)>='RFM input'!$AA$7,0,K43+K95+K147) -> 0 | M43: =IF(COUNT($H43:L43)>='RFM input'!$AA$7,0,L43+L95+L147) -> 0 | N43: =IF(COUNT($H43:M43)>='RFM input'!$AA$7,0,M43+M95+M147) -> 0 | O43: =IF(COUNT($H43:N43)>='RFM input'!$AA$7,0,N43+N95+N147) -> 0 | P43: =IF(COUNT($H43:O43)>='RFM input'!$AA$7,0,O43+O95+O147) -> 0 | Q43: =IF(COUNT($H43:P43)>='RFM input'!$AA$7,0,P43+P95+P147) -> 0
D44: =Asset37 -> 0 | G44: ='Capital base roll forward'!G806 -> 0 | H44: =G44+G96+G148+G200+G252+G304 -> 0 | I44: =H44+H96+H148 -> 0 | J44: =IF(COUNT($H44:I44)>='RFM input'!$AA$7,0,I44+I96+I148) -> 0 | K44: =IF(COUNT($H44:J44)>='RFM input'!$AA$7,0,J44+J96+J148) -> 0 | L44: =IF(COUNT($H44:K44)>='RFM input'!$AA$7,0,K44+K96+K148) -> 0 | M44: =IF(COUNT($H44:L44)>='RFM input'!$AA$7,0,L44+L96+L148) -> 0 | N44: =IF(COUNT($H44:M44)>='RFM input'!$AA$7,0,M44+M96+M148) -> 0 | O44: =IF(COUNT($H44:N44)>='RFM input'!$AA$7,0,N44+N96+N148) -> 0 | P44: =IF(COUNT($H44:O44)>='RFM input'!$AA$7,0,O44+O96+O148) -> 0 | Q44: =IF(COUNT($H44:P44)>='RFM input'!$AA$7,0,P44+P96+P148) -> 0
D45: =Asset38 -> 0 | G45: ='Capital base roll forward'!G807 -> 0 | H45: =G45+G97+G149+G201+G253+G305 -> 0 | I45: =H45+H97+H149 -> 0 | J45: =IF(COUNT($H45:I45)>='RFM input'!$AA$7,0,I45+I97+I149) -> 0 | K45: =IF(COUNT($H45:J45)>='RFM input'!$AA$7,0,J45+J97+J149) -> 0 | L45: =IF(COUNT($H45:K45)>='RFM input'!$AA$7,0,K45+K97+K149) -> 0 | M45: =IF(COUNT($H45:L45)>='RFM input'!$AA$7,0,L45+L97+L149) -> 0 | N45: =IF(COUNT($H45:M45)>='RFM input'!$AA$7,0,M45+M97+M149) -> 0 | O45: =IF(COUNT($H45:N45)>='RFM input'!$AA$7,0,N45+N97+N149) -> 0 | P45: =IF(COUNT($H45:O45)>='RFM input'!$AA$7,0,O45+O97+O149) -> 0 | Q45: =IF(COUNT($H45:P45)>='RFM input'!$AA$7,0,P45+P97+P149) -> 0
D46: =Asset39 -> 0 | G46: ='Capital base roll forward'!G808 -> 0 | H46: =G46+G98+G150+G202+G254+G306 -> 0 | I46: =H46+H98+H150 -> 0 | J46: =IF(COUNT($H46:I46)>='RFM input'!$AA$7,0,I46+I98+I150) -> 0 | K46: =IF(COUNT($H46:J46)>='RFM input'!$AA$7,0,J46+J98+J150) -> 0 | L46: =IF(COUNT($H46:K46)>='RFM input'!$AA$7,0,K46+K98+K150) -> 0 | M46: =IF(COUNT($H46:L46)>='RFM input'!$AA$7,0,L46+L98+L150) -> 0 | N46: =IF(COUNT($H46:M46)>='RFM input'!$AA$7,0,M46+M98+M150) -> 0 | O46: =IF(COUNT($H46:N46)>='RFM input'!$AA$7,0,N46+N98+N150) -> 0 | P46: =IF(COUNT($H46:O46)>='RFM input'!$AA$7,0,O46+O98+O150) -> 0 | Q46: =IF(COUNT($H46:P46)>='RFM input'!$AA$7,0,P46+P98+P150) -> 0
D47: =Asset40 -> 0 | G47: ='Capital base roll forward'!G809 -> 0 | H47: =G47+G99+G151+G203+G255+G307 -> 0 | I47: =H47+H99+H151 -> 0 | J47: =IF(COUNT($H47:I47)>='RFM input'!$AA$7,0,I47+I99+I151) -> 0 | K47: =IF(COUNT($H47:J47)>='RFM input'!$AA$7,0,J47+J99+J151) -> 0 | L47: =IF(COUNT($H47:K47)>='RFM input'!$AA$7,0,K47+K99+K151) -> 0 | M47: =IF(COUNT($H47:L47)>='RFM input'!$AA$7,0,L47+L99+L151) -> 0 | N47: =IF(COUNT($H47:M47)>='RFM input'!$AA$7,0,M47+M99+M151) -> 0 | O47: =IF(COUNT($H47:N47)>='RFM input'!$AA$7,0,N47+N99+N151) -> 0 | P47: =IF(COUNT($H47:O47)>='RFM input'!$AA$7,0,O47+O99+O151) -> 0 | Q47: =IF(COUNT($H47:P47)>='RFM input'!$AA$7,0,P47+P99+P151) -> 0
D48: =Asset41 -> 0 | G48: ='Capital base roll forward'!G810 -> 0 | H48: =G48+G100+G152+G204+G256+G308 -> 0 | I48: =H48+H100+H152 -> 0 | J48: =IF(COUNT($H48:I48)>='RFM input'!$AA$7,0,I48+I100+I152) -> 0 | K48: =IF(COUNT($H48:J48)>='RFM input'!$AA$7,0,J48+J100+J152) -> 0 | L48: =IF(COUNT($H48:K48)>='RFM input'!$AA$7,0,K48+K100+K152) -> 0 | M48: =IF(COUNT($H48:L48)>='RFM input'!$AA$7,0,L48+L100+L152) -> 0 | N48: =IF(COUNT($H48:M48)>='RFM input'!$AA$7,0,M48+M100+M152) -> 0 | O48: =IF(COUNT($H48:N48)>='RFM input'!$AA$7,0,N48+N100+N152) -> 0 | P48: =IF(COUNT($H48:O48)>='RFM input'!$AA$7,0,O48+O100+O152) -> 0 | Q48: =IF(COUNT($H48:P48)>='RFM input'!$AA$7,0,P48+P100+P152) -> 0
D49: =Asset42 -> 0 | G49: ='Capital base roll forward'!G811 -> 0 | H49: =G49+G101+G153+G205+G257+G309 -> 0 | I49: =H49+H101+H153 -> 0 | J49: =IF(COUNT($H49:I49)>='RFM input'!$AA$7,0,I49+I101+I153) -> 0 | K49: =IF(COUNT($H49:J49)>='RFM input'!$AA$7,0,J49+J101+J153) -> 0 | L49: =IF(COUNT($H49:K49)>='RFM input'!$AA$7,0,K49+K101+K153) -> 0 | M49: =IF(COUNT($H49:L49)>='RFM input'!$AA$7,0,L49+L101+L153) -> 0 | N49: =IF(COUNT($H49:M49)>='RFM input'!$AA$7,0,M49+M101+M153) -> 0 | O49: =IF(COUNT($H49:N49)>='RFM input'!$AA$7,0,N49+N101+N153) -> 0 | P49: =IF(COUNT($H49:O49)>='RFM input'!$AA$7,0,O49+O101+O153) -> 0 | Q49: =IF(COUNT($H49:P49)>='RFM input'!$AA$7,0,P49+P101+P153) -> 0
D50: =Asset43 -> 0 | G50: ='Capital base roll forward'!G812 -> 0 | H50: =G50+G102+G154+G206+G258+G310 -> 0 | I50: =H50+H102+H154 -> 0 | J50: =IF(COUNT($H50:I50)>='RFM input'!$AA$7,0,I50+I102+I154) -> 0 | K50: =IF(COUNT($H50:J50)>='RFM input'!$AA$7,0,J50+J102+J154) -> 0 | L50: =IF(COUNT($H50:K50)>='RFM input'!$AA$7,0,K50+K102+K154) -> 0 | M50: =IF(COUNT($H50:L50)>='RFM input'!$AA$7,0,L50+L102+L154) -> 0 | N50: =IF(COUNT($H50:M50)>='RFM input'!$AA$7,0,M50+M102+M154) -> 0 | O50: =IF(COUNT($H50:N50)>='RFM input'!$AA$7,0,N50+N102+N154) -> 0 | P50: =IF(COUNT($H50:O50)>='RFM input'!$AA$7,0,O50+O102+O154) -> 0 | Q50: =IF(COUNT($H50:P50)>='RFM input'!$AA$7,0,P50+P102+P154) -> 0
D51: =Asset44 -> 0 | G51: ='Capital base roll forward'!G813 -> 0 | H51: =G51+G103+G155+G207+G259+G311 -> 0 | I51: =H51+H103+H155 -> 0 | J51: =IF(COUNT($H51:I51)>='RFM input'!$AA$7,0,I51+I103+I155) -> 0 | K51: =IF(COUNT($H51:J51)>='RFM input'!$AA$7,0,J51+J103+J155) -> 0 | L51: =IF(COUNT($H51:K51)>='RFM input'!$AA$7,0,K51+K103+K155) -> 0 | M51: =IF(COUNT($H51:L51)>='RFM input'!$AA$7,0,L51+L103+L155) -> 0 | N51: =IF(COUNT($H51:M51)>='RFM input'!$AA$7,0,M51+M103+M155) -> 0 | O51: =IF(COUNT($H51:N51)>='RFM input'!$AA$7,0,N51+N103+N155) -> 0 | P51: =IF(COUNT($H51:O51)>='RFM input'!$AA$7,0,O51+O103+O155) -> 0 | Q51: =IF(COUNT($H51:P51)>='RFM input'!$AA$7,0,P51+P103+P155) -> 0
D52: =Asset45 -> 0 | G52: ='Capital base roll forward'!G814 -> 0 | H52: =G52+G104+G156+G208+G260+G312 -> 0 | I52: =H52+H104+H156 -> 0 | J52: =IF(COUNT($H52:I52)>='RFM input'!$AA$7,0,I52+I104+I156) -> 0 | K52: =IF(COUNT($H52:J52)>='RFM input'!$AA$7,0,J52+J104+J156) -> 0 | L52: =IF(COUNT($H52:K52)>='RFM input'!$AA$7,0,K52+K104+K156) -> 0 | M52: =IF(COUNT($H52:L52)>='RFM input'!$AA$7,0,L52+L104+L156) -> 0 | N52: =IF(COUNT($H52:M52)>='RFM input'!$AA$7,0,M52+M104+M156) -> 0 | O52: =IF(COUNT($H52:N52)>='RFM input'!$AA$7,0,N52+N104+N156) -> 0 | P52: =IF(COUNT($H52:O52)>='RFM input'!$AA$7,0,O52+O104+O156) -> 0 | Q52: =IF(COUNT($H52:P52)>='RFM input'!$AA$7,0,P52+P104+P156) -> 0
D53: =Asset46 -> 0 | G53: ='Capital base roll forward'!G815 -> 0 | H53: =G53+G105+G157+G209+G261+G313 -> 0 | I53: =H53+H105+H157 -> 0 | J53: =IF(COUNT($H53:I53)>='RFM input'!$AA$7,0,I53+I105+I157) -> 0 | K53: =IF(COUNT($H53:J53)>='RFM input'!$AA$7,0,J53+J105+J157) -> 0 | L53: =IF(COUNT($H53:K53)>='RFM input'!$AA$7,0,K53+K105+K157) -> 0 | M53: =IF(COUNT($H53:L53)>='RFM input'!$AA$7,0,L53+L105+L157) -> 0 | N53: =IF(COUNT($H53:M53)>='RFM input'!$AA$7,0,M53+M105+M157) -> 0 | O53: =IF(COUNT($H53:N53)>='RFM input'!$AA$7,0,N53+N105+N157) -> 0 | P53: =IF(COUNT($H53:O53)>='RFM input'!$AA$7,0,O53+O105+O157) -> 0 | Q53: =IF(COUNT($H53:P53)>='RFM input'!$AA$7,0,P53+P105+P157) -> 0
D54: =Asset47 -> Spare straight-line tax asset class | G54: ='Capital base roll forward'!G816 -> 0 | H54: =G54+G106+G158+G210+G262+G314 -> 0 | I54: =H54+H106+H158 -> 0 | J54: =IF(COUNT($H54:I54)>='RFM input'!$AA$7,0,I54+I106+I158) -> 0 | K54: =IF(COUNT($H54:J54)>='RFM input'!$AA$7,0,J54+J106+J158) -> 0 | L54: =IF(COUNT($H54:K54)>='RFM input'!$AA$7,0,K54+K106+K158) -> 0 | M54: =IF(COUNT($H54:L54)>='RFM input'!$AA$7,0,L54+L106+L158) -> 0 | N54: =IF(COUNT($H54:M54)>='RFM input'!$AA$7,0,M54+M106+M158) -> 0 | O54: =IF(COUNT($H54:N54)>='RFM input'!$AA$7,0,N54+N106+N158) -> 0 | P54: =IF(COUNT($H54:O54)>='RFM input'!$AA$7,0,O54+O106+O158) -> 0 | Q54: =IF(COUNT($H54:P54)>='RFM input'!$AA$7,0,P54+P106+P158) -> 0
D55: =Asset48 -> Buildings - capital works | G55: ='Capital base roll forward'!G817 -> 0 | H55: =G55+G107+G159+G211+G263+G315 -> 0 | I55: =H55+H107+H159 -> 0 | J55: =IF(COUNT($H55:I55)>='RFM input'!$AA$7,0,I55+I107+I159) -> 0 | K55: =IF(COUNT($H55:J55)>='RFM input'!$AA$7,0,J55+J107+J159) -> 0 | L55: =IF(COUNT($H55:K55)>='RFM input'!$AA$7,0,K55+K107+K159) -> 0 | M55: =IF(COUNT($H55:L55)>='RFM input'!$AA$7,0,L55+L107+L159) -> 0 | N55: =IF(COUNT($H55:M55)>='RFM input'!$AA$7,0,M55+M107+M159) -> 0 | O55: =IF(COUNT($H55:N55)>='RFM input'!$AA$7,0,N55+N107+N159) -> 0 | P55: =IF(COUNT($H55:O55)>='RFM input'!$AA$7,0,O55+O107+O159) -> 0 | Q55: =IF(COUNT($H55:P55)>='RFM input'!$AA$7,0,P55+P107+P159) -> 0
D56: =Asset49 -> In-house software | G56: ='Capital base roll forward'!G818 -> 0 | H56: =G56+G108+G160+G212+G264+G316 -> 0 | I56: =H56+H108+H160 -> 0 | J56: =IF(COUNT($H56:I56)>='RFM input'!$AA$7,0,I56+I108+I160) -> 0 | K56: =IF(COUNT($H56:J56)>='RFM input'!$AA$7,0,J56+J108+J160) -> 0 | L56: =IF(COUNT($H56:K56)>='RFM input'!$AA$7,0,K56+K108+K160) -> 0 | M56: =IF(COUNT($H56:L56)>='RFM input'!$AA$7,0,L56+L108+L160) -> 0 | N56: =IF(COUNT($H56:M56)>='RFM input'!$AA$7,0,M56+M108+M160) -> 0 | O56: =IF(COUNT($H56:N56)>='RFM input'!$AA$7,0,N56+N108+N160) -> 0 | P56: =IF(COUNT($H56:O56)>='RFM input'!$AA$7,0,O56+O108+O160) -> 0 | Q56: =IF(COUNT($H56:P56)>='RFM input'!$AA$7,0,P56+P108+P160) -> 0
D57: =Asset50 -> Equity raising costs | G57: ='Capital base roll forward'!G819 -> 0 | H57: =G57+G109+G161+G213+G265+G317 -> 0 | I57: =H57+H109+H161 -> 0 | J57: =IF(COUNT($H57:I57)>='RFM input'!$AA$7,0,I57+I109+I161) -> 0 | K57: =IF(COUNT($H57:J57)>='RFM input'!$AA$7,0,J57+J109+J161) -> 0 | L57: =IF(COUNT($H57:K57)>='RFM input'!$AA$7,0,K57+K109+K161) -> 0 | M57: =IF(COUNT($H57:L57)>='RFM input'!$AA$7,0,L57+L109+L161) -> 0 | N57: =IF(COUNT($H57:M57)>='RFM input'!$AA$7,0,M57+M109+M161) -> 0 | O57: =IF(COUNT($H57:N57)>='RFM input'!$AA$7,0,N57+N109+N161) -> 0 | P57: =IF(COUNT($H57:O57)>='RFM input'!$AA$7,0,O57+O109+O161) -> 0 | Q57: =IF(COUNT($H57:P57)>='RFM input'!$AA$7,0,P57+P109+P161) -> 0
C59: Nominal Actual Net Capex | G59: =SUM(G60:G109) -> 3.3761324 | H59: =SUM(H60:H109) -> 1.2281308 | I59: =SUM(I60:I109) -> 1.4698067 | J59: =SUM(J60:J109) -> 2.5014601 | K59: =SUM(K60:K109) -> 4.9102803 | L59: =SUM(L60:L109) -> 2.1885703 | M59: =SUM(M60:M109) -> 3.7466562 | N59: =SUM(N60:N109) -> 0 | ... Q59: =SUM(Q60:Q109) -> 0
D60: =Asset1 -> Pipelines | G60: ='Capital base roll forward'!G822 -> 0.28598169 | H60: ='Capital base roll forward'!H822 -> 0 | I60: ='Capital base roll forward'!I822 -> 0 | J60: ='Capital base roll forward'!J822 -> 0.017434586 | K60: ='Capital base roll forward'!K822 -> 1.3408423 | L60: ='Capital base roll forward'!L822 -> 0.63423179 | M60: ='Capital base roll forward'!M822 -> 0 | N60: ='Capital base roll forward'!N822 -> 0 | ... Q60: ='Capital base roll forward'!Q822 -> 0
D61: =Asset2 -> Compressors | G61: ='Capital base roll forward'!G823 -> 0.012516034 | H61: ='Capital base roll forward'!H823 -> 0.5988943 | I61: ='Capital base roll forward'!I823 -> 0.008351113 | J61: ='Capital base roll forward'!J823 -> 0.30314011 | K61: ='Capital base roll forward'!K823 -> 0.2132731 | L61: ='Capital base roll forward'!L823 -> 0.62191291 | M61: ='Capital base roll forward'!M823 -> 3.0383456e-17 | N61: ='Capital base roll forward'!N823 -> 0 | ... Q61: ='Capital base roll forward'!Q823 -> 0
D62: =Asset3 -> City Gates, supply regulators and valve stations | G62: ='Capital base roll forward'!G824 -> 0.0091874124 | H62: ='Capital base roll forward'!H824 -> 0 | I62: ='Capital base roll forward'!I824 -> 0 | J62: ='Capital base roll forward'!J824 -> 0 | K62: ='Capital base roll forward'!K824 -> 0 | L62: ='Capital base roll forward'!L824 -> 0 | M62: ='Capital base roll forward'!M824 -> 0 | N62: ='Capital base roll forward'!N824 -> 0 | ... Q62: ='Capital base roll forward'!Q824 -> 0
D63: =Asset4 -> Metering | G63: ='Capital base roll forward'!G825 -> 0 | H63: ='Capital base roll forward'!H825 -> 0 | I63: ='Capital base roll forward'!I825 -> 0 | J63: ='Capital base roll forward'!J825 -> 0 | K63: ='Capital base roll forward'!K825 -> 0 | L63: ='Capital base roll forward'!L825 -> 0 | M63: ='Capital base roll forward'!M825 -> 0.43225691 | N63: ='Capital base roll forward'!N825 -> 0 | ... Q63: ='Capital base roll forward'!Q825 -> 0
D64: =Asset5 -> Odourant plants | G64: ='Capital base roll forward'!G826 -> 0 | H64: ='Capital base roll forward'!H826 -> 0 | I64: ='Capital base roll forward'!I826 -> 0 | J64: ='Capital base roll forward'!J826 -> 0 | K64: ='Capital base roll forward'!K826 -> 0 | L64: ='Capital base roll forward'!L826 -> 0 | M64: ='Capital base roll forward'!M826 -> 0 | N64: ='Capital base roll forward'!N826 -> 0 | ... Q64: ='Capital base roll forward'!Q826 -> 0
D65: =Asset6 -> SCADA (Communications) | G65: ='Capital base roll forward'!G827 -> 1.0594006 | H65: ='Capital base roll forward'!H827 -> 0.0040593497 | I65: ='Capital base roll forward'!I827 -> 0.081998065 | J65: ='Capital base roll forward'!J827 -> 0.359031 | K65: ='Capital base roll forward'!K827 -> 0.23638012 | L65: ='Capital base roll forward'!L827 -> 0 | M65: ='Capital base roll forward'!M827 -> 0 | N65: ='Capital base roll forward'!N827 -> 0 | ... Q65: ='Capital base roll forward'!Q827 -> 0
D66: =Asset7 -> Buildings | G66: ='Capital base roll forward'!G828 -> 0 | H66: ='Capital base roll forward'!H828 -> 0 | I66: ='Capital base roll forward'!I828 -> 0 | J66: ='Capital base roll forward'!J828 -> 0 | K66: ='Capital base roll forward'!K828 -> 0 | L66: ='Capital base roll forward'!L828 -> 0 | M66: ='Capital base roll forward'!M828 -> 0 | N66: ='Capital base roll forward'!N828 -> 0 | ... Q66: ='Capital base roll forward'!Q828 -> 0
D67: =Asset8 -> Land and easements | G67: ='Capital base roll forward'!G829 -> 0 | H67: ='Capital base roll forward'!H829 -> 0 | I67: ='Capital base roll forward'!I829 -> 0 | J67: ='Capital base roll forward'!J829 -> 0 | K67: ='Capital base roll forward'!K829 -> 0 | L67: ='Capital base roll forward'!L829 -> 0 | M67: ='Capital base roll forward'!M829 -> 0 | N67: ='Capital base roll forward'!N829 -> 0 | ... Q67: ='Capital base roll forward'!Q829 -> 0
D68: =Asset9 -> Other depreciable pipeline assets | G68: ='Capital base roll forward'!G830 -> 0.1068883 | H68: ='Capital base roll forward'!H830 -> 0.013677097 | I68: ='Capital base roll forward'!I830 -> 0.35581547 | J68: ='Capital base roll forward'!J830 -> 0.20659232 | K68: ='Capital base roll forward'!K830 -> 0.096756236 | L68: ='Capital base roll forward'!L830 -> 0.083994328 | M68: ='Capital base roll forward'!M830 -> -0.115952 | N68: ='Capital base roll forward'!N830 -> 0 | ... Q68: ='Capital base roll forward'!Q830 -> 0
D69: =Asset10 -> IT Systems | G69: ='Capital base roll forward'!G831 -> 0.017759483 | H69: ='Capital base roll forward'!H831 -> 0 | I69: ='Capital base roll forward'!I831 -> 0.0017795102 | J69: ='Capital base roll forward'!J831 -> 0 | K69: ='Capital base roll forward'!K831 -> 1.0474787 | L69: ='Capital base roll forward'!L831 -> 6.2960174e-09 | M69: ='Capital base roll forward'!M831 -> 0 | N69: ='Capital base roll forward'!N831 -> 0 | ... Q69: ='Capital base roll forward'!Q831 -> 0
D70: =Asset11 -> Leased pipeline assets | G70: ='Capital base roll forward'!G832 -> 0 | H70: ='Capital base roll forward'!H832 -> 0 | I70: ='Capital base roll forward'!I832 -> 0 | J70: ='Capital base roll forward'!J832 -> 0 | K70: ='Capital base roll forward'!K832 -> 0 | L70: ='Capital base roll forward'!L832 -> 0 | M70: ='Capital base roll forward'!M832 -> 0 | N70: ='Capital base roll forward'!N832 -> 0 | ... Q70: ='Capital base roll forward'!Q832 -> 0
D71: =Asset12 -> Shared supporting assets | G71: ='Capital base roll forward'!G833 -> 1.8843988 | H71: ='Capital base roll forward'!H833 -> 0.61150002 | I71: ='Capital base roll forward'!I833 -> 1.0218626 | J71: ='Capital base roll forward'!J833 -> 1.6152621 | K71: ='Capital base roll forward'!K833 -> 1.0883179 | L71: ='Capital base roll forward'!L833 -> 0.64174711 | M71: ='Capital base roll forward'!M833 -> 3.1891469 | N71: ='Capital base roll forward'!N833 -> 0 | ... Q71: ='Capital base roll forward'!Q833 -> 0
D72: =Asset13 -> Shared leased assets | G72: ='Capital base roll forward'!G834 -> 0 | H72: ='Capital base roll forward'!H834 -> 0 | I72: ='Capital base roll forward'!I834 -> 0 | J72: ='Capital base roll forward'!J834 -> 0 | K72: ='Capital base roll forward'!K834 -> 0.88723189 | L72: ='Capital base roll forward'!L834 -> 0.2066842 | M72: ='Capital base roll forward'!M834 -> 0.24120439 | N72: ='Capital base roll forward'!N834 -> 0 | ... Q72: ='Capital base roll forward'!Q834 -> 0
D73: =Asset14 -> PMA - Buyout contract | G73: ='Capital base roll forward'!G835 -> 0 | H73: ='Capital base roll forward'!H835 -> 0 | I73: ='Capital base roll forward'!I835 -> 0 | J73: ='Capital base roll forward'!J835 -> 0 | K73: ='Capital base roll forward'!K835 -> 0 | L73: ='Capital base roll forward'!L835 -> 0 | M73: ='Capital base roll forward'!M835 -> 0 | N73: ='Capital base roll forward'!N835 -> 0 | ... Q73: ='Capital base roll forward'!Q835 -> 0
D74: =Asset15 -> 0 | G74: ='Capital base roll forward'!G836 -> 0 | H74: ='Capital base roll forward'!H836 -> 0 | I74: ='Capital base roll forward'!I836 -> 0 | J74: ='Capital base roll forward'!J836 -> 0 | K74: ='Capital base roll forward'!K836 -> 0 | L74: ='Capital base roll forward'!L836 -> 0 | M74: ='Capital base roll forward'!M836 -> 0 | N74: ='Capital base roll forward'!N836 -> 0 | ... Q74: ='Capital base roll forward'!Q836 -> 0
D75: =Asset16 -> 0 | G75: ='Capital base roll forward'!G837 -> 0 | H75: ='Capital base roll forward'!H837 -> 0 | I75: ='Capital base roll forward'!I837 -> 0 | J75: ='Capital base roll forward'!J837 -> 0 | K75: ='Capital base roll forward'!K837 -> 0 | L75: ='Capital base roll forward'!L837 -> 0 | M75: ='Capital base roll forward'!M837 -> 0 | N75: ='Capital base roll forward'!N837 -> 0 | ... Q75: ='Capital base roll forward'!Q837 -> 0
D76: =Asset17 -> 0 | G76: ='Capital base roll forward'!G838 -> 0 | H76: ='Capital base roll forward'!H838 -> 0 | I76: ='Capital base roll forward'!I838 -> 0 | J76: ='Capital base roll forward'!J838 -> 0 | K76: ='Capital base roll forward'!K838 -> 0 | L76: ='Capital base roll forward'!L838 -> 0 | M76: ='Capital base roll forward'!M838 -> 0 | N76: ='Capital base roll forward'!N838 -> 0 | ... Q76: ='Capital base roll forward'!Q838 -> 0
D77: =Asset18 -> 0 | G77: ='Capital base roll forward'!G839 -> 0 | H77: ='Capital base roll forward'!H839 -> 0 | I77: ='Capital base roll forward'!I839 -> 0 | J77: ='Capital base roll forward'!J839 -> 0 | K77: ='Capital base roll forward'!K839 -> 0 | L77: ='Capital base roll forward'!L839 -> 0 | M77: ='Capital base roll forward'!M839 -> 0 | N77: ='Capital base roll forward'!N839 -> 0 | ... Q77: ='Capital base roll forward'!Q839 -> 0
D78: =Asset19 -> 0 | G78: ='Capital base roll forward'!G840 -> 0 | H78: ='Capital base roll forward'!H840 -> 0 | I78: ='Capital base roll forward'!I840 -> 0 | J78: ='Capital base roll forward'!J840 -> 0 | K78: ='Capital base roll forward'!K840 -> 0 | L78: ='Capital base roll forward'!L840 -> 0 | M78: ='Capital base roll forward'!M840 -> 0 | N78: ='Capital base roll forward'!N840 -> 0 | ... Q78: ='Capital base roll forward'!Q840 -> 0
D79: =Asset20 -> 0 | G79: ='Capital base roll forward'!G841 -> 0 | H79: ='Capital base roll forward'!H841 -> 0 | I79: ='Capital base roll forward'!I841 -> 0 | J79: ='Capital base roll forward'!J841 -> 0 | K79: ='Capital base roll forward'!K841 -> 0 | L79: ='Capital base roll forward'!L841 -> 0 | M79: ='Capital base roll forward'!M841 -> 0 | N79: ='Capital base roll forward'!N841 -> 0 | ... Q79: ='Capital base roll forward'!Q841 -> 0
D80: =Asset21 -> 0 | G80: ='Capital base roll forward'!G842 -> 0 | H80: ='Capital base roll forward'!H842 -> 0 | I80: ='Capital base roll forward'!I842 -> 0 | J80: ='Capital base roll forward'!J842 -> 0 | K80: ='Capital base roll forward'!K842 -> 0 | L80: ='Capital base roll forward'!L842 -> 0 | M80: ='Capital base roll forward'!M842 -> 0 | N80: ='Capital base roll forward'!N842 -> 0 | ... Q80: ='Capital base roll forward'!Q842 -> 0
D81: =Asset22 -> 0 | G81: ='Capital base roll forward'!G843 -> 0 | H81: ='Capital base roll forward'!H843 -> 0 | I81: ='Capital base roll forward'!I843 -> 0 | J81: ='Capital base roll forward'!J843 -> 0 | K81: ='Capital base roll forward'!K843 -> 0 | L81: ='Capital base roll forward'!L843 -> 0 | M81: ='Capital base roll forward'!M843 -> 0 | N81: ='Capital base roll forward'!N843 -> 0 | ... Q81: ='Capital base roll forward'!Q843 -> 0
D82: =Asset23 -> 0 | G82: ='Capital base roll forward'!G844 -> 0 | H82: ='Capital base roll forward'!H844 -> 0 | I82: ='Capital base roll forward'!I844 -> 0 | J82: ='Capital base roll forward'!J844 -> 0 | K82: ='Capital base roll forward'!K844 -> 0 | L82: ='Capital base roll forward'!L844 -> 0 | M82: ='Capital base roll forward'!M844 -> 0 | N82: ='Capital base roll forward'!N844 -> 0 | ... Q82: ='Capital base roll forward'!Q844 -> 0
D83: =Asset24 -> 0 | G83: ='Capital base roll forward'!G845 -> 0 | H83: ='Capital base roll forward'!H845 -> 0 | I83: ='Capital base roll forward'!I845 -> 0 | J83: ='Capital base roll forward'!J845 -> 0 | K83: ='Capital base roll forward'!K845 -> 0 | L83: ='Capital base roll forward'!L845 -> 0 | M83: ='Capital base roll forward'!M845 -> 0 | N83: ='Capital base roll forward'!N845 -> 0 | ... Q83: ='Capital base roll forward'!Q845 -> 0
D84: =Asset25 -> 0 | G84: ='Capital base roll forward'!G846 -> 0 | H84: ='Capital base roll forward'!H846 -> 0 | I84: ='Capital base roll forward'!I846 -> 0 | J84: ='Capital base roll forward'!J846 -> 0 | K84: ='Capital base roll forward'!K846 -> 0 | L84: ='Capital base roll forward'!L846 -> 0 | M84: ='Capital base roll forward'!M846 -> 0 | N84: ='Capital base roll forward'!N846 -> 0 | ... Q84: ='Capital base roll forward'!Q846 -> 0
D85: =Asset26 -> 0 | G85: ='Capital base roll forward'!G847 -> 0 | H85: ='Capital base roll forward'!H847 -> 0 | I85: ='Capital base roll forward'!I847 -> 0 | J85: ='Capital base roll forward'!J847 -> 0 | K85: ='Capital base roll forward'!K847 -> 0 | L85: ='Capital base roll forward'!L847 -> 0 | M85: ='Capital base roll forward'!M847 -> 0 | N85: ='Capital base roll forward'!N847 -> 0 | ... Q85: ='Capital base roll forward'!Q847 -> 0
D86: =Asset27 -> 0 | G86: ='Capital base roll forward'!G848 -> 0 | H86: ='Capital base roll forward'!H848 -> 0 | I86: ='Capital base roll forward'!I848 -> 0 | J86: ='Capital base roll forward'!J848 -> 0 | K86: ='Capital base roll forward'!K848 -> 0 | L86: ='Capital base roll forward'!L848 -> 0 | M86: ='Capital base roll forward'!M848 -> 0 | N86: ='Capital base roll forward'!N848 -> 0 | ... Q86: ='Capital base roll forward'!Q848 -> 0
D87: =Asset28 -> 0 | G87: ='Capital base roll forward'!G849 -> 0 | H87: ='Capital base roll forward'!H849 -> 0 | I87: ='Capital base roll forward'!I849 -> 0 | J87: ='Capital base roll forward'!J849 -> 0 | K87: ='Capital base roll forward'!K849 -> 0 | L87: ='Capital base roll forward'!L849 -> 0 | M87: ='Capital base roll forward'!M849 -> 0 | N87: ='Capital base roll forward'!N849 -> 0 | ... Q87: ='Capital base roll forward'!Q849 -> 0
D88: =Asset29 -> 0 | G88: ='Capital base roll forward'!G850 -> 0 | H88: ='Capital base roll forward'!H850 -> 0 | I88: ='Capital base roll forward'!I850 -> 0 | J88: ='Capital base roll forward'!J850 -> 0 | K88: ='Capital base roll forward'!K850 -> 0 | L88: ='Capital base roll forward'!L850 -> 0 | M88: ='Capital base roll forward'!M850 -> 0 | N88: ='Capital base roll forward'!N850 -> 0 | ... Q88: ='Capital base roll forward'!Q850 -> 0
D89: =Asset30 -> 0 | G89: ='Capital base roll forward'!G851 -> 0 | H89: ='Capital base roll forward'!H851 -> 0 | I89: ='Capital base roll forward'!I851 -> 0 | J89: ='Capital base roll forward'!J851 -> 0 | K89: ='Capital base roll forward'!K851 -> 0 | L89: ='Capital base roll forward'!L851 -> 0 | M89: ='Capital base roll forward'!M851 -> 0 | N89: ='Capital base roll forward'!N851 -> 0 | ... Q89: ='Capital base roll forward'!Q851 -> 0
D90: =Asset31 -> 0 | G90: ='Capital base roll forward'!G852 -> 0 | H90: ='Capital base roll forward'!H852 -> 0 | I90: ='Capital base roll forward'!I852 -> 0 | J90: ='Capital base roll forward'!J852 -> 0 | K90: ='Capital base roll forward'!K852 -> 0 | L90: ='Capital base roll forward'!L852 -> 0 | M90: ='Capital base roll forward'!M852 -> 0 | N90: ='Capital base roll forward'!N852 -> 0 | ... Q90: ='Capital base roll forward'!Q852 -> 0
D91: =Asset32 -> 0 | G91: ='Capital base roll forward'!G853 -> 0 | H91: ='Capital base roll forward'!H853 -> 0 | I91: ='Capital base roll forward'!I853 -> 0 | J91: ='Capital base roll forward'!J853 -> 0 | K91: ='Capital base roll forward'!K853 -> 0 | L91: ='Capital base roll forward'!L853 -> 0 | M91: ='Capital base roll forward'!M853 -> 0 | N91: ='Capital base roll forward'!N853 -> 0 | ... Q91: ='Capital base roll forward'!Q853 -> 0
D92: =Asset33 -> 0 | G92: ='Capital base roll forward'!G854 -> 0 | H92: ='Capital base roll forward'!H854 -> 0 | I92: ='Capital base roll forward'!I854 -> 0 | J92: ='Capital base roll forward'!J854 -> 0 | K92: ='Capital base roll forward'!K854 -> 0 | L92: ='Capital base roll forward'!L854 -> 0 | M92: ='Capital base roll forward'!M854 -> 0 | N92: ='Capital base roll forward'!N854 -> 0 | ... Q92: ='Capital base roll forward'!Q854 -> 0
D93: =Asset34 -> 0 | G93: ='Capital base roll forward'!G855 -> 0 | H93: ='Capital base roll forward'!H855 -> 0 | I93: ='Capital base roll forward'!I855 -> 0 | J93: ='Capital base roll forward'!J855 -> 0 | K93: ='Capital base roll forward'!K855 -> 0 | L93: ='Capital base roll forward'!L855 -> 0 | M93: ='Capital base roll forward'!M855 -> 0 | N93: ='Capital base roll forward'!N855 -> 0 | ... Q93: ='Capital base roll forward'!Q855 -> 0
D94: =Asset35 -> 0 | G94: ='Capital base roll forward'!G856 -> 0 | H94: ='Capital base roll forward'!H856 -> 0 | I94: ='Capital base roll forward'!I856 -> 0 | J94: ='Capital base roll forward'!J856 -> 0 | K94: ='Capital base roll forward'!K856 -> 0 | L94: ='Capital base roll forward'!L856 -> 0 | M94: ='Capital base roll forward'!M856 -> 0 | N94: ='Capital base roll forward'!N856 -> 0 | ... Q94: ='Capital base roll forward'!Q856 -> 0
D95: =Asset36 -> 0 | G95: ='Capital base roll forward'!G857 -> 0 | H95: ='Capital base roll forward'!H857 -> 0 | I95: ='Capital base roll forward'!I857 -> 0 | J95: ='Capital base roll forward'!J857 -> 0 | K95: ='Capital base roll forward'!K857 -> 0 | L95: ='Capital base roll forward'!L857 -> 0 | M95: ='Capital base roll forward'!M857 -> 0 | N95: ='Capital base roll forward'!N857 -> 0 | ... Q95: ='Capital base roll forward'!Q857 -> 0
D96: =Asset37 -> 0 | G96: ='Capital base roll forward'!G858 -> 0 | H96: ='Capital base roll forward'!H858 -> 0 | I96: ='Capital base roll forward'!I858 -> 0 | J96: ='Capital base roll forward'!J858 -> 0 | K96: ='Capital base roll forward'!K858 -> 0 | L96: ='Capital base roll forward'!L858 -> 0 | M96: ='Capital base roll forward'!M858 -> 0 | N96: ='Capital base roll forward'!N858 -> 0 | ... Q96: ='Capital base roll forward'!Q858 -> 0
D97: =Asset38 -> 0 | G97: ='Capital base roll forward'!G859 -> 0 | H97: ='Capital base roll forward'!H859 -> 0 | I97: ='Capital base roll forward'!I859 -> 0 | J97: ='Capital base roll forward'!J859 -> 0 | K97: ='Capital base roll forward'!K859 -> 0 | L97: ='Capital base roll forward'!L859 -> 0 | M97: ='Capital base roll forward'!M859 -> 0 | N97: ='Capital base roll forward'!N859 -> 0 | ... Q97: ='Capital base roll forward'!Q859 -> 0
D98: =Asset39 -> 0 | G98: ='Capital base roll forward'!G860 -> 0 | H98: ='Capital base roll forward'!H860 -> 0 | I98: ='Capital base roll forward'!I860 -> 0 | J98: ='Capital base roll forward'!J860 -> 0 | K98: ='Capital base roll forward'!K860 -> 0 | L98: ='Capital base roll forward'!L860 -> 0 | M98: ='Capital base roll forward'!M860 -> 0 | N98: ='Capital base roll forward'!N860 -> 0 | ... Q98: ='Capital base roll forward'!Q860 -> 0
D99: =Asset40 -> 0 | G99: ='Capital base roll forward'!G861 -> 0 | H99: ='Capital base roll forward'!H861 -> 0 | I99: ='Capital base roll forward'!I861 -> 0 | J99: ='Capital base roll forward'!J861 -> 0 | K99: ='Capital base roll forward'!K861 -> 0 | L99: ='Capital base roll forward'!L861 -> 0 | M99: ='Capital base roll forward'!M861 -> 0 | N99: ='Capital base roll forward'!N861 -> 0 | ... Q99: ='Capital base roll forward'!Q861 -> 0
D100: =Asset41 -> 0 | G100: ='Capital base roll forward'!G862 -> 0 | H100: ='Capital base roll forward'!H862 -> 0 | I100: ='Capital base roll forward'!I862 -> 0 | J100: ='Capital base roll forward'!J862 -> 0 | K100: ='Capital base roll forward'!K862 -> 0 | L100: ='Capital base roll forward'!L862 -> 0 | M100: ='Capital base roll forward'!M862 -> 0 | N100: ='Capital base roll forward'!N862 -> 0 | ... Q100: ='Capital base roll forward'!Q862 -> 0
D101: =Asset42 -> 0 | G101: ='Capital base roll forward'!G863 -> 0 | H101: ='Capital base roll forward'!H863 -> 0 | I101: ='Capital base roll forward'!I863 -> 0 | J101: ='Capital base roll forward'!J863 -> 0 | K101: ='Capital base roll forward'!K863 -> 0 | L101: ='Capital base roll forward'!L863 -> 0 | M101: ='Capital base roll forward'!M863 -> 0 | N101: ='Capital base roll forward'!N863 -> 0 | ... Q101: ='Capital base roll forward'!Q863 -> 0
D102: =Asset43 -> 0 | G102: ='Capital base roll forward'!G864 -> 0 | H102: ='Capital base roll forward'!H864 -> 0 | I102: ='Capital base roll forward'!I864 -> 0 | J102: ='Capital base roll forward'!J864 -> 0 | K102: ='Capital base roll forward'!K864 -> 0 | L102: ='Capital base roll forward'!L864 -> 0 | M102: ='Capital base roll forward'!M864 -> 0 | N102: ='Capital base roll forward'!N864 -> 0 | ... Q102: ='Capital base roll forward'!Q864 -> 0
D103: =Asset44 -> 0 | G103: ='Capital base roll forward'!G865 -> 0 | H103: ='Capital base roll forward'!H865 -> 0 | I103: ='Capital base roll forward'!I865 -> 0 | J103: ='Capital base roll forward'!J865 -> 0 | K103: ='Capital base roll forward'!K865 -> 0 | L103: ='Capital base roll forward'!L865 -> 0 | M103: ='Capital base roll forward'!M865 -> 0 | N103: ='Capital base roll forward'!N865 -> 0 | ... Q103: ='Capital base roll forward'!Q865 -> 0
...

Sheet TAB roll forward
B2: ='DMS input'!$C$16&" - Tax Asset Roll Forward"&" - TNSP RFM - version "&Intro!$M$4 -> Carpentaria Gas Pipeline - Tax Asset Roll Forward - TNSP RFM - version 1.1 | I2: 1 | J2: 2 | K2: 3 | L2: 4 | M2: 5 | N2: 6 | O2: 7 | P2: 8 | Q2: 9 | R2: 10
G3: 0 | H3: =G3+1 -> 1 | I3: =H3+1 -> 2 | J3: =I3+1 -> 3 | K3: =J3+1 -> 4 | L3: =K3+1 -> 5 | M3: =L3+1 -> 6 | N3: =M3+1 -> 7 | O3: =N3+1 -> 8 | ... R3: =Q3+1 -> 11
B4: Year | H4: ='RFM input'!H60 -> 2016-17 | I4: ='RFM input'!I60 -> 2017-18 | J4: ='RFM input'!J60 -> 2018-19 | K4: ='RFM input'!K60 -> 2019-20 | L4: ='RFM input'!L60 -> 2020-21 | M4: ='RFM input'!M60 -> 2021-22 | N4: ='RFM input'!N60 -> 2022-23 | O4: ='RFM input'!O60 -> 2023-24 | ... Q4: ='RFM input'!Q60 -> 2025-26 | R4: =IF(LEN(Q4)>4,CONCATENATE(LEFT(Q4, 4)+1 &"-" &IF(Q4>"2007-08",,"0") &RIGHT(Q4,2)+1),Q4+1) -> 2026-27
B5: Tax Values ($m Nominal)
B7: Opening Tax Asset Values | H7: =SUM(H8:H57) -> 61.758396 | I7: =SUM(I8:I57) -> 53.50977 | J7: =SUM(J8:J57) -> 45.347536 | K7: =SUM(K8:K57) -> 37.974416 | L7: =SUM(L8:L57) -> 34.101242 | M7: =SUM(M8:M57) -> 31.47515 | N7: =SUM(N8:N57) -> 30.318031 | O7: =SUM(O8:O57) -> 25.102997 | ... R7: =SUM(R8:R57) -> 12.050104
C8: =Asset1 -> Pipelines | H8: ='RFM input'!W7- 'RFM input'!N7/(1+previous_vanilla)^0.5 +('RFM input'!G223-'RFM input'!G277) -> 20.92753 | I8: =H8+H60+H124 -> 15.335197 | J8: =I8+I60+I124 -> 9.742865 | K8: =IF(COUNT($H8:J8)>'RFM input'!$AA$7,0, J8+J60+J124+IF(K$111=0,'RFM input'!$I$515,0)) -> 4.1675605 | L8: =IF(COUNT($H8:K8)>'RFM input'!$AA$7,0, K8+K60+K124+IF(L$111=0,'RFM input'!$I$515,0)) -> 1.3444887 | M8: =IF(COUNT($H8:L8)>'RFM input'!$AA$7,0, L8+L60+L124+IF(M$111=0,'RFM input'!$I$515,0)) -> 1.8949388 | N8: =IF(COUNT($H8:M8)>'RFM input'!$AA$7,0, M8+M60+M124+IF(N$111=0,'RFM input'!$I$515,0)) -> 1.7967859 | O8: =IF(COUNT($H8:N8)>'RFM input'!$AA$7,0, N8+N60+N124+IF(O$111=0,'RFM input'!$I$515,0)) -> 1.698633 | P8: =IF(COUNT($H8:O8)>'RFM input'!$AA$7,0, O8+O60+O124+IF(P$111=0,'RFM input'!$I$515,0)) -> 1.6004802 | Q8: =IF(COUNT($H8:P8)>'RFM input'!$AA$7,0, P8+P60+P124+IF(Q$111=0,'RFM input'!$I$515,0)) -> 1.5023273 | R8: =IF(COUNT($H8:Q8)>'RFM input'!$AA$7,0, Q8+Q60+Q124+IF(R$111=0,'RFM input'!$I$515,0)) -> 1.4041745
C9: =Asset2 -> Compressors | H9: ='RFM input'!W8- 'RFM input'!N8/(1+previous_vanilla)^0.5 +('RFM input'!G224-'RFM input'!G278) -> 26.111482 | I9: =H9+H61+H137 -> 24.562294 | J9: =I9+I61+I137 -> 22.408256 | K9: =IF(COUNT($H9:J9)>'RFM input'!$AA$7,0, J9+J61+J137+IF(K$111=0,'RFM input'!$I$516,0)) -> 20.54174 | L9: =IF(COUNT($H9:K9)>'RFM input'!$AA$7,0, K9+K61+K137+IF(L$111=0,'RFM input'!$I$516,0)) -> 18.57563 | M9: =IF(COUNT($H9:L9)>'RFM input'!$AA$7,0, L9+L61+L137+IF(M$111=0,'RFM input'!$I$516,0)) -> 16.993394 | N9: =IF(COUNT($H9:M9)>'RFM input'!$AA$7,0, M9+M61+M137+IF(N$111=0,'RFM input'!$I$516,0)) -> 14.775154 | O9: =IF(COUNT($H9:N9)>'RFM input'!$AA$7,0, N9+N61+N137+IF(O$111=0,'RFM input'!$I$516,0)) -> 12.556914 | P9: =IF(COUNT($H9:O9)>'RFM input'!$AA$7,0, O9+O61+O137+IF(P$111=0,'RFM input'!$I$516,0)) -> 10.338674 | Q9: =IF(COUNT($H9:P9)>'RFM input'!$AA$7,0, P9+P61+P137+IF(Q$111=0,'RFM input'!$I$516,0)) -> 8.1204336 | R9: =IF(COUNT($H9:Q9)>'RFM input'!$AA$7,0, Q9+Q61+Q137+IF(R$111=0,'RFM input'!$I$516,0)) -> 5.9021933
C10: =Asset3 -> City Gates, supply regulators and valve stations | H10: ='RFM input'!W9- 'RFM input'!N9/(1+previous_vanilla)^0.5 +('RFM input'!G225-'RFM input'!G279) -> 0.079006288 | I10: =H10+H62+H150 -> 0.073699524 | J10: =I10+I62+I150 -> 0.068392759 | K10: =IF(COUNT($H10:J10)>'RFM input'!$AA$7,0, J10+J62+J150+IF(K$111=0,'RFM input'!$I$517,0)) -> 0.063085995 | L10: =IF(COUNT($H10:K10)>'RFM input'!$AA$7,0, K10+K62+K150+IF(L$111=0,'RFM input'!$I$517,0)) -> 0.057779231 | M10: =IF(COUNT($H10:L10)>'RFM input'!$AA$7,0, L10+L62+L150+IF(M$111=0,'RFM input'!$I$517,0)) -> 0.052472467 | N10: =IF(COUNT($H10:M10)>'RFM input'!$AA$7,0, M10+M62+M150+IF(N$111=0,'RFM input'!$I$517,0)) -> 0.047165703 | O10: =IF(COUNT($H10:N10)>'RFM input'!$AA$7,0, N10+N62+N150+IF(O$111=0,'RFM input'!$I$517,0)) -> 0.041858939 | P10: =IF(COUNT($H10:O10)>'RFM input'!$AA$7,0, O10+O62+O150+IF(P$111=0,'RFM input'!$I$517,0)) -> 0.036552175 | Q10: =IF(COUNT($H10:P10)>'RFM input'!$AA$7,0, P10+P62+P150+IF(Q$111=0,'RFM input'!$I$517,0)) -> 0.031245411 | R10: =IF(COUNT($H10:Q10)>'RFM input'!$AA$7,0, Q10+Q62+Q150+IF(R$111=0,'RFM input'!$I$517,0)) -> 0.025938647
C11: =Asset4 -> Metering | H11: ='RFM input'!W10- 'RFM input'!N10/(1+previous_vanilla)^0.5 +('RFM input'!G226-'RFM input'!G280) -> 2.0957609 | I11: =H11+H63+H163 -> 1.9296081 | J11: =I11+I63+I163 -> 1.7634553 | K11: =IF(COUNT($H11:J11)>'RFM input'!$AA$7,0, J11+J63+J163+IF(K$111=0,'RFM input'!$I$518,0)) -> 1.5973026 | L11: =IF(COUNT($H11:K11)>'RFM input'!$AA$7,0, K11+K63+K163+IF(L$111=0,'RFM input'!$I$518,0)) -> 1.4311498 | M11: =IF(COUNT($H11:L11)>'RFM input'!$AA$7,0, L11+L63+L163+IF(M$111=0,'RFM input'!$I$518,0)) -> 1.264997 | N11: =IF(COUNT($H11:M11)>'RFM input'!$AA$7,0, M11+M63+M163+IF(N$111=0,'RFM input'!$I$518,0)) -> 1.5128962 | O11: =IF(COUNT($H11:N11)>'RFM input'!$AA$7,0, N11+N63+N163+IF(O$111=0,'RFM input'!$I$518,0)) -> 1.3260408 | P11: =IF(COUNT($H11:O11)>'RFM input'!$AA$7,0, O11+O63+O163+IF(P$111=0,'RFM input'!$I$518,0)) -> 1.1391854 | Q11: =IF(COUNT($H11:P11)>'RFM input'!$AA$7,0, P11+P63+P163+IF(Q$111=0,'RFM input'!$I$518,0)) -> 0.95233006 | R11: =IF(COUNT($H11:Q11)>'RFM input'!$AA$7,0, Q11+Q63+Q163+IF(R$111=0,'RFM input'!$I$518,0)) -> 0.76547467
C12: =Asset5 -> Odourant plants | H12: ='RFM input'!W11- 'RFM input'!N11/(1+previous_vanilla)^0.5 +('RFM input'!G227-'RFM input'!G281) -> 0.090892656 | I12: =H12+H64+H176 -> 0.085843064 | J12: =I12+I64+I176 -> 0.080793472 | K12: =IF(COUNT($H12:J12)>'RFM input'!$AA$7,0, J12+J64+J176+IF(K$111=0,'RFM input'!$I$519,0)) -> 0.07574388 | L12: =IF(COUNT($H12:K12)>'RFM input'!$AA$7,0, K12+K64+K176+IF(L$111=0,'RFM input'!$I$519,0)) -> 0.070694288 | M12: =IF(COUNT($H12:L12)>'RFM input'!$AA$7,0, L12+L64+L176+IF(M$111=0,'RFM input'!$I$519,0)) -> 0.065644696 | N12: =IF(COUNT($H12:M12)>'RFM input'!$AA$7,0, M12+M64+M176+IF(N$111=0,'RFM input'!$I$519,0)) -> 0.060595104 | O12: =IF(COUNT($H12:N12)>'RFM input'!$AA$7,0, N12+N64+N176+IF(O$111=0,'RFM input'!$I$519,0)) -> 0.055545512 | P12: =IF(COUNT($H12:O12)>'RFM input'!$AA$7,0, O12+O64+O176+IF(P$111=0,'RFM input'!$I$519,0)) -> 0.05049592 | Q12: =IF(COUNT($H12:P12)>'RFM input'!$AA$7,0, P12+P64+P176+IF(Q$111=0,'RFM input'!$I$519,0)) -> 0.045446328 | R12: =IF(COUNT($H12:Q12)>'RFM input'!$AA$7,0, Q12+Q64+Q176+IF(R$111=0,'RFM input'!$I$519,0)) -> 0.040396736
C13: =Asset6 -> SCADA (Communications) | H13: ='RFM input'!W12- 'RFM input'!N12/(1+previous_vanilla)^0.5 +('RFM input'!G228-'RFM input'!G282) -> 1.6442643 | I13: =H13+H65+H189 -> 1.4666753 | J13: =I13+I65+I189 -> 1.3646806 | K13: =IF(COUNT($H13:J13)>'RFM input'!$AA$7,0, J13+J65+J189+IF(K$111=0,'RFM input'!$I$520,0)) -> 1.525402 | L13: =IF(COUNT($H13:K13)>'RFM input'!$AA$7,0, K13+K65+K189+IF(L$111=0,'RFM input'!$I$520,0)) -> 1.5345708 | M13: =IF(COUNT($H13:L13)>'RFM input'!$AA$7,0, L13+L65+L189+IF(M$111=0,'RFM input'!$I$520,0)) -> 1.2861514 | N13: =IF(COUNT($H13:M13)>'RFM input'!$AA$7,0, M13+M65+M189+IF(N$111=0,'RFM input'!$I$520,0)) -> 1.037732 | O13: =IF(COUNT($H13:N13)>'RFM input'!$AA$7,0, N13+N65+N189+IF(O$111=0,'RFM input'!$I$520,0)) -> 0.78931256 | P13: =IF(COUNT($H13:O13)>'RFM input'!$AA$7,0, O13+O65+O189+IF(P$111=0,'RFM input'!$I$520,0)) -> 0.54089314 | Q13: =IF(COUNT($H13:P13)>'RFM input'!$AA$7,0, P13+P65+P189+IF(Q$111=0,'RFM input'!$I$520,0)) -> 0.29247371 | R13: =IF(COUNT($H13:Q13)>'RFM input'!$AA$7,0, Q13+Q65+Q189+IF(R$111=0,'RFM input'!$I$520,0)) -> 0.21525097
C14: =Asset7 -> Buildings | H14: ='RFM input'!W13- 'RFM input'!N13/(1+previous_vanilla)^0.5 +('RFM input'!G229-'RFM input'!G283) -> 1.8821232 | I14: =H14+H66+H202 -> 1.8007049 | J14: =I14+I66+I202 -> 1.7192866 | K14: =IF(COUNT($H14:J14)>'RFM input'!$AA$7,0, J14+J66+J202+IF(K$111=0,'RFM input'!$I$521,0)) -> 1.6378683 | L14: =IF(COUNT($H14:K14)>'RFM input'!$AA$7,0, K14+K66+K202+IF(L$111=0,'RFM input'!$I$521,0)) -> 1.5564499 | M14: =IF(COUNT($H14:L14)>'RFM input'!$AA$7,0, L14+L66+L202+IF(M$111=0,'RFM input'!$I$521,0)) -> 1.4750316 | N14: =IF(COUNT($H14:M14)>'RFM input'!$AA$7,0, M14+M66+M202+IF(N$111=0,'RFM input'!$I$521,0)) -> 1.3936133 | O14: =IF(COUNT($H14:N14)>'RFM input'!$AA$7,0, N14+N66+N202+IF(O$111=0,'RFM input'!$I$521,0)) -> 1.312195 | P14: =IF(COUNT($H14:O14)>'RFM input'!$AA$7,0, O14+O66+O202+IF(P$111=0,'RFM input'!$I$521,0)) -> 1.2307767 | Q14: =IF(COUNT($H14:P14)>'RFM input'!$AA$7,0, P14+P66+P202+IF(Q$111=0,'RFM input'!$I$521,0)) -> 1.1493584 | R14: =IF(COUNT($H14:Q14)>'RFM input'!$AA$7,0, Q14+Q66+Q202+IF(R$111=0,'RFM input'!$I$521,0)) -> 1.0679401
C15: =Asset8 -> Land and easements | H15: ='RFM input'!W14- 'RFM input'!N14/(1+previous_vanilla)^0.5 +('RFM input'!G230-'RFM input'!G284) -> 0.007947 | I15: =H15+H67+H215 -> 0.007947 | J15: =I15+I67+I215 -> 0.007947 | K15: =IF(COUNT($H15:J15)>'RFM input'!$AA$7,0, J15+J67+J215+IF(K$111=0,'RFM input'!$I$522,0)) -> 0.007947 | L15: =IF(COUNT($H15:K15)>'RFM input'!$AA$7,0, K15+K67+K215+IF(L$111=0,'RFM input'!$I$522,0)) -> 0.007947 | M15: =IF(COUNT($H15:L15)>'RFM input'!$AA$7,0, L15+L67+L215+IF(M$111=0,'RFM input'!$I$522,0)) -> 0.007947 | N15: =IF(COUNT($H15:M15)>'RFM input'!$AA$7,0, M15+M67+M215+IF(N$111=0,'RFM input'!$I$522,0)) -> 0.007947 | O15: =IF(COUNT($H15:N15)>'RFM input'!$AA$7,0, N15+N67+N215+IF(O$111=0,'RFM input'!$I$522,0)) -> 0.007947 | P15: =IF(COUNT($H15:O15)>'RFM input'!$AA$7,0, O15+O67+O215+IF(P$111=0,'RFM input'!$I$522,0)) -> 0.007947 | Q15: =IF(COUNT($H15:P15)>'RFM input'!$AA$7,0, P15+P67+P215+IF(Q$111=0,'RFM input'!$I$522,0)) -> 0.007947 | R15: =IF(COUNT($H15:Q15)>'RFM input'!$AA$7,0, Q15+Q67+Q215+IF(R$111=0,'RFM input'!$I$522,0)) -> 0.007947
C16: =Asset9 -> Other depreciable pipeline assets | H16: ='RFM input'!W15- 'RFM input'!N15/(1+previous_vanilla)^0.5 +('RFM input'!G231-'RFM input'!G285) -> 4.1585903 | I16: =H16+H68+H228 -> 3.9138017 | J16: =I16+I68+I228 -> 4.0019297 | K16: =IF(COUNT($H16:J16)>'RFM input'!$AA$7,0, J16+J68+J228+IF(K$111=0,'RFM input'!$I$523,0)) -> 3.9275706 | L16: =IF(COUNT($H16:K16)>'RFM input'!$AA$7,0, K16+K68+K228+IF(L$111=0,'RFM input'!$I$523,0)) -> 3.7372005 | M16: =IF(COUNT($H16:L16)>'RFM input'!$AA$7,0, L16+L68+L228+IF(M$111=0,'RFM input'!$I$523,0)) -> 3.527993 | N16: =IF(COUNT($H16:M16)>'RFM input'!$AA$7,0, M16+M68+M228+IF(N$111=0,'RFM input'!$I$523,0)) -> 3.1218193 | O16: =IF(COUNT($H16:N16)>'RFM input'!$AA$7,0, N16+N68+N228+IF(O$111=0,'RFM input'!$I$523,0)) -> 2.8322676 | P16: =IF(COUNT($H16:O16)>'RFM input'!$AA$7,0, O16+O68+O228+IF(P$111=0,'RFM input'!$I$523,0)) -> 2.5427159 | Q16: =IF(COUNT($H16:P16)>'RFM input'!$AA$7,0, P16+P68+P228+IF(Q$111=0,'RFM input'!$I$523,0)) -> 2.2531643 | R16: =IF(COUNT($H16:Q16)>'RFM input'!$AA$7,0, Q16+Q68+Q228+IF(R$111=0,'RFM input'!$I$523,0)) -> 1.9636126
C17: =Asset10 -> IT Systems | H17: ='RFM input'!W16- 'RFM input'!N16/(1+previous_vanilla)^0.5 +('RFM input'!G232-'RFM input'!G286) -> 0.048561082 | I17: =H17+H69+H241 -> 0.03088182 | J17: =I17+I69+I241 -> 0.014937558 | K17: =IF(COUNT($H17:J17)>'RFM input'!$AA$7,0, J17+J69+J241+IF(K$111=0,'RFM input'!$I$524,0)) -> 0.00130125 | L17: =IF(COUNT($H17:K17)>'RFM input'!$AA$7,0, K17+K69+K241+IF(L$111=0,'RFM input'!$I$524,0)) -> 1.0385575 | M17: =IF(COUNT($H17:L17)>'RFM input'!$AA$7,0, L17+L69+L241+IF(M$111=0,'RFM input'!$I$524,0)) -> 0.77870129 | N17: =IF(COUNT($H17:M17)>'RFM input'!$AA$7,0, M17+M69+M241+IF(N$111=0,'RFM input'!$I$524,0)) -> 0.51884503 | O17: =IF(COUNT($H17:N17)>'RFM input'!$AA$7,0, N17+N69+N241+IF(O$111=0,'RFM input'!$I$524,0)) -> 0.25942251 | P17: =IF(COUNT($H17:O17)>'RFM input'!$AA$7,0, O17+O69+O241+IF(P$111=0,'RFM input'!$I$524,0)) -> 1.5330188e-09 | Q17: =IF(COUNT($H17:P17)>'RFM input'!$AA$7,0, P17+P69+P241+IF(Q$111=0,'RFM input'!$I$524,0)) -> -3.2983394e-17 | R17: =IF(COUNT($H17:Q17)>'RFM input'!$AA$7,0, Q17+Q69+Q241+IF(R$111=0,'RFM input'!$I$524,0)) -> -3.2983394e-17
C18: =Asset11 -> Leased pipeline assets | H18: ='RFM input'!W17- 'RFM input'!N17/(1+previous_vanilla)^0.5 +('RFM input'!G233-'RFM input'!G287) -> 1.1595648 | I18: =H18+H70+H254 -> 0.98196675 | J18: =I18+I70+I254 -> 0.8043687 | K18: =IF(COUNT($H18:J18)>'RFM input'!$AA$7,0, J18+J70+J254+IF(K$111=0,'RFM input'!$I$525,0)) -> 0.62677065 | L18: =IF(COUNT($H18:K18)>'RFM input'!$AA$7,0, K18+K70+K254+IF(L$111=0,'RFM input'!$I$525,0)) -> 0.4491726 | M18: =IF(COUNT($H18:L18)>'RFM input'!$AA$7,0, L18+L70+L254+IF(M$111=0,'RFM input'!$I$525,0)) -> 0.27157454 | N18: =IF(COUNT($H18:M18)>'RFM input'!$AA$7,0, M18+M70+M254+IF(N$111=0,'RFM input'!$I$525,0)) -> 0.093976491 | O18: =IF(COUNT($H18:N18)>'RFM input'!$AA$7,0, N18+N70+N254+IF(O$111=0,'RFM input'!$I$525,0)) -> -1.9428903e-16 | P18: =IF(COUNT($H18:O18)>'RFM input'!$AA$7,0, O18+O70+O254+IF(P$111=0,'RFM input'!$I$525,0)) -> -1.9428903e-16 | Q18: =IF(COUNT($H18:P18)>'RFM input'!$AA$7,0, P18+P70+P254+IF(Q$111=0,'RFM input'!$I$525,0)) -> -1.9428903e-16 | R18: =IF(COUNT($H18:Q18)>'RFM input'!$AA$7,0, Q18+Q70+Q254+IF(R$111=0,'RFM input'!$I$525,0)) -> -1.9428903e-16
C19: =Asset12 -> Shared supporting assets | H19: ='RFM input'!W18- 'RFM input'!N18/(1+previous_vanilla)^0.5 +('RFM input'!G234-'RFM input'!G288) -> 3.5526742 | I19: =H19+H71+H267 -> 3.3211509 | J19: =I19+I71+I267 -> 3.3706231 | K19: =IF(COUNT($H19:J19)>'RFM input'!$AA$7,0, J19+J71+J267+IF(K$111=0,'RFM input'!$I$526,0)) -> 3.8021237 | L19: =IF(COUNT($H19:K19)>'RFM input'!$AA$7,0, K19+K71+K267+IF(L$111=0,'RFM input'!$I$526,0)) -> 3.4186614 | M19: =IF(COUNT($H19:L19)>'RFM input'!$AA$7,0, L19+L71+L267+IF(M$111=0,'RFM input'!$I$526,0)) -> 2.9518492 | N19: =IF(COUNT($H19:M19)>'RFM input'!$AA$7,0, M19+M71+M267+IF(N$111=0,'RFM input'!$I$526,0)) -> 5.0320486 | O19: =IF(COUNT($H19:N19)>'RFM input'!$AA$7,0, N19+N71+N267+IF(O$111=0,'RFM input'!$I$526,0)) -> 3.5656661 | P19: =IF(COUNT($H19:O19)>'RFM input'!$AA$7,0, O19+O71+O267+IF(P$111=0,'RFM input'!$I$526,0)) -> 2.2985441 | Q19: =IF(COUNT($H19:P19)>'RFM input'!$AA$7,0, P19+P71+P267+IF(Q$111=0,'RFM input'!$I$526,0)) -> 1.3469406 | R19: =IF(COUNT($H19:Q19)>'RFM input'!$AA$7,0, Q19+Q71+Q267+IF(R$111=0,'RFM input'!$I$526,0)) -> 0.61096665
C20: =Asset13 -> Shared leased assets | H20: ='RFM input'!W19- 'RFM input'!N19/(1+previous_vanilla)^0.5 +('RFM input'!G235-'RFM input'!G289) -> 0 | I20: =H20+H72+H280 -> 0 | J20: =I20+I72+I280 -> 0 | K20: =IF(COUNT($H20:J20)>'RFM input'!$AA$7,0, J20+J72+J280+IF(K$111=0,'RFM input'!$I$527,0)) -> 0 | L20: =IF(COUNT($H20:K20)>'RFM input'!$AA$7,0, K20+K72+K280+IF(L$111=0,'RFM input'!$I$527,0)) -> 0.87894072 | M20: =IF(COUNT($H20:L20)>'RFM input'!$AA$7,0, L20+L72+L280+IF(M$111=0,'RFM input'!$I$527,0)) -> 0.90445493 | N20: =IF(COUNT($H20:M20)>'RFM input'!$AA$7,0, M20+M72+M280+IF(N$111=0,'RFM input'!$I$527,0)) -> 0.91945218 | O20: =IF(COUNT($H20:N20)>'RFM input'!$AA$7,0, N20+N72+N280+IF(O$111=0,'RFM input'!$I$527,0)) -> 0.65719439 | P20: =IF(COUNT($H20:O20)>'RFM input'!$AA$7,0, O20+O72+O280+IF(P$111=0,'RFM input'!$I$527,0)) -> 0.3949366 | Q20: =IF(COUNT($H20:P20)>'RFM input'!$AA$7,0, P20+P72+P280+IF(Q$111=0,'RFM input'!$I$527,0)) -> 0.13267882 | R20: =IF(COUNT($H20:Q20)>'RFM input'!$AA$7,0, Q20+Q72+Q280+IF(R$111=0,'RFM input'!$I$527,0)) -> 0.046209172
C21: =Asset14 -> PMA - Buyout contract | H21: ='RFM input'!W20- 'RFM input'!N20/(1+previous_vanilla)^0.5 +('RFM input'!G236-'RFM input'!G290) -> -1.7763568e-15 | I21: =H21+H73+H293 -> -1.4210855e-15 | J21: =I21+I73+I293 -> -1.0658141e-15 | K21: =IF(COUNT($H21:J21)>'RFM input'!$AA$7,0, J21+J73+J293+IF(K$111=0,'RFM input'!$I$528,0)) -> -7.1054274e-16 | L21: =IF(COUNT($H21:K21)>'RFM input'!$AA$7,0, K21+K73+K293+IF(L$111=0,'RFM input'!$I$528,0)) -> -3.5527137e-16 | M21: =IF(COUNT($H21:L21)>'RFM input'!$AA$7,0, L21+L73+L293+IF(M$111=0,'RFM input'!$I$528,0)) -> -9.8607613e-32 | N21: =IF(COUNT($H21:M21)>'RFM input'!$AA$7,0, M21+M73+M293+IF(N$111=0,'RFM input'!$I$528,0)) -> -9.8607613e-32 | O21: =IF(COUNT($H21:N21)>'RFM input'!$AA$7,0, N21+N73+N293+IF(O$111=0,'RFM input'!$I$528,0)) -> -9.8607613e-32 | P21: =IF(COUNT($H21:O21)>'RFM input'!$AA$7,0, O21+O73+O293+IF(P$111=0,'RFM input'!$I$528,0)) -> -9.8607613e-32 | Q21: =IF(COUNT($H21:P21)>'RFM input'!$AA$7,0, P21+P73+P293+IF(Q$111=0,'RFM input'!$I$528,0)) -> -9.8607613e-32 | R21: =IF(COUNT($H21:Q21)>'RFM input'!$AA$7,0, Q21+Q73+Q293+IF(R$111=0,'RFM input'!$I$528,0)) -> -9.8607613e-32
C22: =Asset15 -> 0 | H22: ='RFM input'!W21- 'RFM input'!N21/(1+previous_vanilla)^0.5 +('RFM input'!G237-'RFM input'!G291) -> 0 | I22: =H22+H74+H306 -> 0 | J22: =I22+I74+I306 -> 0 | K22: =IF(COUNT($H22:J22)>'RFM input'!$AA$7,0, J22+J74+J306+IF(K$111=0,'RFM input'!$I$529,0)) -> 0 | L22: =IF(COUNT($H22:K22)>'RFM input'!$AA$7,0, K22+K74+K306+IF(L$111=0,'RFM input'!$I$529,0)) -> 0 | M22: =IF(COUNT($H22:L22)>'RFM input'!$AA$7,0, L22+L74+L306+IF(M$111=0,'RFM input'!$I$529,0)) -> 0 | N22: =IF(COUNT($H22:M22)>'RFM input'!$AA$7,0, M22+M74+M306+IF(N$111=0,'RFM input'!$I$529,0)) -> 0 | O22: =IF(COUNT($H22:N22)>'RFM input'!$AA$7,0, N22+N74+N306+IF(O$111=0,'RFM input'!$I$529,0)) -> 0 | P22: =IF(COUNT($H22:O22)>'RFM input'!$AA$7,0, O22+O74+O306+IF(P$111=0,'RFM input'!$I$529,0)) -> 0 | Q22: =IF(COUNT($H22:P22)>'RFM input'!$AA$7,0, P22+P74+P306+IF(Q$111=0,'RFM input'!$I$529,0)) -> 0 | R22: =IF(COUNT($H22:Q22)>'RFM input'!$AA$7,0, Q22+Q74+Q306+IF(R$111=0,'RFM input'!$I$529,0)) -> 0
C23: =Asset16 -> 0 | H23: ='RFM input'!W22- 'RFM input'!N22/(1+previous_vanilla)^0.5 +('RFM input'!G238-'RFM input'!G292) -> 0 | I23: =H23+H75+H319 -> 0 | J23: =I23+I75+I319 -> 0 | K23: =IF(COUNT($H23:J23)>'RFM input'!$AA$7,0, J23+J75+J319+IF(K$111=0,'RFM input'!$I$530,0)) -> 0 | L23: =IF(COUNT($H23:K23)>'RFM input'!$AA$7,0, K23+K75+K319+IF(L$111=0,'RFM input'!$I$530,0)) -> 0 | M23: =IF(COUNT($H23:L23)>'RFM input'!$AA$7,0, L23+L75+L319+IF(M$111=0,'RFM input'!$I$530,0)) -> 0 | N23: =IF(COUNT($H23:M23)>'RFM input'!$AA$7,0, M23+M75+M319+IF(N$111=0,'RFM input'!$I$530,0)) -> 0 | O23: =IF(COUNT($H23:N23)>'RFM input'!$AA$7,0, N23+N75+N319+IF(O$111=0,'RFM input'!$I$530,0)) -> 0 | P23: =IF(COUNT($H23:O23)>'RFM input'!$AA$7,0, O23+O75+O319+IF(P$111=0,'RFM input'!$I$530,0)) -> 0 | Q23: =IF(COUNT($H23:P23)>'RFM input'!$AA$7,0, P23+P75+P319+IF(Q$111=0,'RFM input'!$I$530,0)) -> 0 | R23: =IF(COUNT($H23:Q23)>'RFM input'!$AA$7,0, Q23+Q75+Q319+IF(R$111=0,'RFM input'!$I$530,0)) -> 0
C24: =Asset17 -> 0 | H24: ='RFM input'!W23- 'RFM input'!N23/(1+previous_vanilla)^0.5 +('RFM input'!G239-'RFM input'!G293) -> 0 | I24: =H24+H76+H332 -> 0 | J24: =I24+I76+I332 -> 0 | K24: =IF(COUNT($H24:J24)>'RFM input'!$AA$7,0, J24+J76+J332+IF(K$111=0,'RFM input'!$I$531,0)) -> 0 | L24: =IF(COUNT($H24:K24)>'RFM input'!$AA$7,0, K24+K76+K332+IF(L$111=0,'RFM input'!$I$531,0)) -> 0 | M24: =IF(COUNT($H24:L24)>'RFM input'!$AA$7,0, L24+L76+L332+IF(M$111=0,'RFM input'!$I$531,0)) -> 0 | N24: =IF(COUNT($H24:M24)>'RFM input'!$AA$7,0, M24+M76+M332+IF(N$111=0,'RFM input'!$I$531,0)) -> 0 | O24: =IF(COUNT($H24:N24)>'RFM input'!$AA$7,0, N24+N76+N332+IF(O$111=0,'RFM input'!$I$531,0)) -> 0 | P24: =IF(COUNT($H24:O24)>'RFM input'!$AA$7,0, O24+O76+O332+IF(P$111=0,'RFM input'!$I$531,0)) -> 0 | Q24: =IF(COUNT($H24:P24)>'RFM input'!$AA$7,0, P24+P76+P332+IF(Q$111=0,'RFM input'!$I$531,0)) -> 0 | R24: =IF(COUNT($H24:Q24)>'RFM input'!$AA$7,0, Q24+Q76+Q332+IF(R$111=0,'RFM input'!$I$531,0)) -> 0
C25: =Asset18 -> 0 | H25: ='RFM input'!W24- 'RFM input'!N24/(1+previous_vanilla)^0.5 +('RFM input'!G240-'RFM input'!G294) -> 0 | I25: =H25+H77+H345 -> 0 | J25: =I25+I77+I345 -> 0 | K25: =IF(COUNT($H25:J25)>'RFM input'!$AA$7,0, J25+J77+J345+IF(K$111=0,'RFM input'!$I$532,0)) -> 0 | L25: =IF(COUNT($H25:K25)>'RFM input'!$AA$7,0, K25+K77+K345+IF(L$111=0,'RFM input'!$I$532,0)) -> 0 | M25: =IF(COUNT($H25:L25)>'RFM input'!$AA$7,0, L25+L77+L345+IF(M$111=0,'RFM input'!$I$532,0)) -> 0 | N25: =IF(COUNT($H25:M25)>'RFM input'!$AA$7,0, M25+M77+M345+IF(N$111=0,'RFM input'!$I$532,0)) -> 0 | O25: =IF(COUNT($H25:N25)>'RFM input'!$AA$7,0, N25+N77+N345+IF(O$111=0,'RFM input'!$I$532,0)) -> 0 | P25: =IF(COUNT($H25:O25)>'RFM input'!$AA$7,0, O25+O77+O345+IF(P$111=0,'RFM input'!$I$532,0)) -> 0 | Q25: =IF(COUNT($H25:P25)>'RFM input'!$AA$7,0, P25+P77+P345+IF(Q$111=0,'RFM input'!$I$532,0)) -> 0 | R25: =IF(COUNT($H25:Q25)>'RFM input'!$AA$7,0, Q25+Q77+Q345+IF(R$111=0,'RFM input'!$I$532,0)) -> 0
C26: =Asset19 -> 0 | H26: ='RFM input'!W25- 'RFM input'!N25/(1+previous_vanilla)^0.5 +('RFM input'!G241-'RFM input'!G295) -> 0 | I26: =H26+H78+H358 -> 0 | J26: =I26+I78+I358 -> 0 | K26: =IF(COUNT($H26:J26)>'RFM input'!$AA$7,0, J26+J78+J358+IF(K$111=0,'RFM input'!$I$533,0)) -> 0 | L26: =IF(COUNT($H26:K26)>'RFM input'!$AA$7,0, K26+K78+K358+IF(L$111=0,'RFM input'!$I$533,0)) -> 0 | M26: =IF(COUNT($H26:L26)>'RFM input'!$AA$7,0, L26+L78+L358+IF(M$111=0,'RFM input'!$I$533,0)) -> 0 | N26: =IF(COUNT($H26:M26)>'RFM input'!$AA$7,0, M26+M78+M358+IF(N$111=0,'RFM input'!$I$533,0)) -> 0 | O26: =IF(COUNT($H26:N26)>'RFM input'!$AA$7,0, N26+N78+N358+IF(O$111=0,'RFM input'!$I$533,0)) -> 0 | P26: =IF(COUNT($H26:O26)>'RFM input'!$AA$7,0, O26+O78+O358+IF(P$111=0,'RFM input'!$I$533,0)) -> 0 | Q26: =IF(COUNT($H26:P26)>'RFM input'!$AA$7,0, P26+P78+P358+IF(Q$111=0,'RFM input'!$I$533,0)) -> 0 | R26: =IF(COUNT($H26:Q26)>'RFM input'!$AA$7,0, Q26+Q78+Q358+IF(R$111=0,'RFM input'!$I$533,0)) -> 0
C27: =Asset20 -> 0 | H27: ='RFM input'!W26- 'RFM input'!N26/(1+previous_vanilla)^0.5 +('RFM input'!G242-'RFM input'!G296) -> 0 | I27: =H27+H79+H371 -> 0 | J27: =I27+I79+I371 -> 0 | K27: =IF(COUNT($H27:J27)>'RFM input'!$AA$7,0, J27+J79+J371+IF(K$111=0,'RFM input'!$I$534,0)) -> 0 | L27: =IF(COUNT($H27:K27)>'RFM input'!$AA$7,0, K27+K79+K371+IF(L$111=0,'RFM input'!$I$534,0)) -> 0 | M27: =IF(COUNT($H27:L27)>'RFM input'!$AA$7,0, L27+L79+L371+IF(M$111=0,'RFM input'!$I$534,0)) -> 0 | N27: =IF(COUNT($H27:M27)>'RFM input'!$AA$7,0, M27+M79+M371+IF(N$111=0,'RFM input'!$I$534,0)) -> 0 | O27: =IF(COUNT($H27:N27)>'RFM input'!$AA$7,0, N27+N79+N371+IF(O$111=0,'RFM input'!$I$534,0)) -> 0 | P27: =IF(COUNT($H27:O27)>'RFM input'!$AA$7,0, O27+O79+O371+IF(P$111=0,'RFM input'!$I$534,0)) -> 0 | Q27: =IF(COUNT($H27:P27)>'RFM input'!$AA$7,0, P27+P79+P371+IF(Q$111=0,'RFM input'!$I$534,0)) -> 0 | R27: =IF(COUNT($H27:Q27)>'RFM input'!$AA$7,0, Q27+Q79+Q371+IF(R$111=0,'RFM input'!$I$534,0)) -> 0
C28: =Asset21 -> 0 | H28: ='RFM input'!W27- 'RFM input'!N27/(1+previous_vanilla)^0.5 +('RFM input'!G243-'RFM input'!G297) -> 0 | I28: =H28+H80+H384 -> 0 | J28: =I28+I80+I384 -> 0 | K28: =IF(COUNT($H28:J28)>'RFM input'!$AA$7,0, J28+J80+J384+IF(K$111=0,'RFM input'!$I$535,0)) -> 0 | L28: =IF(COUNT($H28:K28)>'RFM input'!$AA$7,0, K28+K80+K384+IF(L$111=0,'RFM input'!$I$535,0)) -> 0 | M28: =IF(COUNT($H28:L28)>'RFM input'!$AA$7,0, L28+L80+L384+IF(M$111=0,'RFM input'!$I$535,0)) -> 0 | N28: =IF(COUNT($H28:M28)>'RFM input'!$AA$7,0, M28+M80+M384+IF(N$111=0,'RFM input'!$I$535,0)) -> 0 | O28: =IF(COUNT($H28:N28)>'RFM input'!$AA$7,0, N28+N80+N384+IF(O$111=0,'RFM input'!$I$535,0)) -> 0 | P28: =IF(COUNT($H28:O28)>'RFM input'!$AA$7,0, O28+O80+O384+IF(P$111=0,'RFM input'!$I$535,0)) -> 0 | Q28: =IF(COUNT($H28:P28)>'RFM input'!$AA$7,0, P28+P80+P384+IF(Q$111=0,'RFM input'!$I$535,0)) -> 0 | R28: =IF(COUNT($H28:Q28)>'RFM input'!$AA$7,0, Q28+Q80+Q384+IF(R$111=0,'RFM input'!$I$535,0)) -> 0
C29: =Asset22 -> 0 | H29: ='RFM input'!W28- 'RFM input'!N28/(1+previous_vanilla)^0.5 +('RFM input'!G244-'RFM input'!G298) -> 0 | I29: =H29+H81+H397 -> 0 | J29: =I29+I81+I397 -> 0 | K29: =IF(COUNT($H29:J29)>'RFM input'!$AA$7,0, J29+J81+J397+IF(K$111=0,'RFM input'!$I$536,0)) -> 0 | L29: =IF(COUNT($H29:K29)>'RFM input'!$AA$7,0, K29+K81+K397+IF(L$111=0,'RFM input'!$I$536,0)) -> 0 | M29: =IF(COUNT($H29:L29)>'RFM input'!$AA$7,0, L29+L81+L397+IF(M$111=0,'RFM input'!$I$536,0)) -> 0 | N29: =IF(COUNT($H29:M29)>'RFM input'!$AA$7,0, M29+M81+M397+IF(N$111=0,'RFM input'!$I$536,0)) -> 0 | O29: =IF(COUNT($H29:N29)>'RFM input'!$AA$7,0, N29+N81+N397+IF(O$111=0,'RFM input'!$I$536,0)) -> 0 | P29: =IF(COUNT($H29:O29)>'RFM input'!$AA$7,0, O29+O81+O397+IF(P$111=0,'RFM input'!$I$536,0)) -> 0 | Q29: =IF(COUNT($H29:P29)>'RFM input'!$AA$7,0, P29+P81+P397+IF(Q$111=0,'RFM input'!$I$536,0)) -> 0 | R29: =IF(COUNT($H29:Q29)>'RFM input'!$AA$7,0, Q29+Q81+Q397+IF(R$111=0,'RFM input'!$I$536,0)) -> 0
C30: =Asset23 -> 0 | H30: ='RFM input'!W29- 'RFM input'!N29/(1+previous_vanilla)^0.5 +('RFM input'!G245-'RFM input'!G299) -> 0 | I30: =H30+H82+H410 -> 0 | J30: =I30+I82+I410 -> 0 | K30: =IF(COUNT($H30:J30)>'RFM input'!$AA$7,0, J30+J82+J410+IF(K$111=0,'RFM input'!$I$537,0)) -> 0 | L30: =IF(COUNT($H30:K30)>'RFM input'!$AA$7,0, K30+K82+K410+IF(L$111=0,'RFM input'!$I$537,0)) -> 0 | M30: =IF(COUNT($H30:L30)>'RFM input'!$AA$7,0, L30+L82+L410+IF(M$111=0,'RFM input'!$I$537,0)) -> 0 | N30: =IF(COUNT($H30:M30)>'RFM input'!$AA$7,0, M30+M82+M410+IF(N$111=0,'RFM input'!$I$537,0)) -> 0 | O30: =IF(COUNT($H30:N30)>'RFM input'!$AA$7,0, N30+N82+N410+IF(O$111=0,'RFM input'!$I$537,0)) -> 0 | P30: =IF(COUNT($H30:O30)>'RFM input'!$AA$7,0, O30+O82+O410+IF(P$111=0,'RFM input'!$I$537,0)) -> 0 | Q30: =IF(COUNT($H30:P30)>'RFM input'!$AA$7,0, P30+P82+P410+IF(Q$111=0,'RFM input'!$I$537,0)) -> 0 | R30: =IF(COUNT($H30:Q30)>'RFM input'!$AA$7,0, Q30+Q82+Q410+IF(R$111=0,'RFM input'!$I$537,0)) -> 0
C31: =Asset24 -> 0 | H31: ='RFM input'!W30- 'RFM input'!N30/(1+previous_vanilla)^0.5 +('RFM input'!G246-'RFM input'!G300) -> 0 | I31: =H31+H83+H423 -> 0 | J31: =I31+I83+I423 -> 0 | K31: =IF(COUNT($H31:J31)>'RFM input'!$AA$7,0, J31+J83+J423+IF(K$111=0,'RFM input'!$I$538,0)) -> 0 | L31: =IF(COUNT($H31:K31)>'RFM input'!$AA$7,0, K31+K83+K423+IF(L$111=0,'RFM input'!$I$538,0)) -> 0 | M31: =IF(COUNT($H31:L31)>'RFM input'!$AA$7,0, L31+L83+L423+IF(M$111=0,'RFM input'!$I$538,0)) -> 0 | N31: =IF(COUNT($H31:M31)>'RFM input'!$AA$7,0, M31+M83+M423+IF(N$111=0,'RFM input'!$I$538,0)) -> 0 | O31: =IF(COUNT($H31:N31)>'RFM input'!$AA$7,0, N31+N83+N423+IF(O$111=0,'RFM input'!$I$538,0)) -> 0 | P31: =IF(COUNT($H31:O31)>'RFM input'!$AA$7,0, O31+O83+O423+IF(P$111=0,'RFM input'!$I$538,0)) -> 0 | Q31: =IF(COUNT($H31:P31)>'RFM input'!$AA$7,0, P31+P83+P423+IF(Q$111=0,'RFM input'!$I$538,0)) -> 0 | R31: =IF(COUNT($H31:Q31)>'RFM input'!$AA$7,0, Q31+Q83+Q423+IF(R$111=0,'RFM input'!$I$538,0)) -> 0
C32: =Asset25 -> 0 | H32: ='RFM input'!W31- 'RFM input'!N31/(1+previous_vanilla)^0.5 +('RFM input'!G247-'RFM input'!G301) -> 0 | I32: =H32+H84+H436 -> 0 | J32: =I32+I84+I436 -> 0 | K32: =IF(COUNT($H32:J32)>'RFM input'!$AA$7,0, J32+J84+J436+IF(K$111=0,'RFM input'!$I$539,0)) -> 0 | L32: =IF(COUNT($H32:K32)>'RFM input'!$AA$7,0, K32+K84+K436+IF(L$111=0,'RFM input'!$I$539,0)) -> 0 | M32: =IF(COUNT($H32:L32)>'RFM input'!$AA$7,0, L32+L84+L436+IF(M$111=0,'RFM input'!$I$539,0)) -> 0 | N32: =IF(COUNT($H32:M32)>'RFM input'!$AA$7,0, M32+M84+M436+IF(N$111=0,'RFM input'!$I$539,0)) -> 0 | O32: =IF(COUNT($H32:N32)>'RFM input'!$AA$7,0, N32+N84+N436+IF(O$111=0,'RFM input'!$I$539,0)) -> 0 | P32: =IF(COUNT($H32:O32)>'RFM input'!$AA$7,0, O32+O84+O436+IF(P$111=0,'RFM input'!$I$539,0)) -> 0 | Q32: =IF(COUNT($H32:P32)>'RFM input'!$AA$7,0, P32+P84+P436+IF(Q$111=0,'RFM input'!$I$539,0)) -> 0 | R32: =IF(COUNT($H32:Q32)>'RFM input'!$AA$7,0, Q32+Q84+Q436+IF(R$111=0,'RFM input'!$I$539,0)) -> 0
C33: =Asset26 -> 0 | H33: ='RFM input'!W32- 'RFM input'!N32/(1+previous_vanilla)^0.5 +('RFM input'!G248-'RFM input'!G302) -> 0 | I33: =H33+H85+H449 -> 0 | J33: =I33+I85+I449 -> 0 | K33: =IF(COUNT($H33:J33)>'RFM input'!$AA$7,0, J33+J85+J449+IF(K$111=0,'RFM input'!$I$540,0)) -> 0 | L33: =IF(COUNT($H33:K33)>'RFM input'!$AA$7,0, K33+K85+K449+IF(L$111=0,'RFM input'!$I$540,0)) -> 0 | M33: =IF(COUNT($H33:L33)>'RFM input'!$AA$7,0, L33+L85+L449+IF(M$111=0,'RFM input'!$I$540,0)) -> 0 | N33: =IF(COUNT($H33:M33)>'RFM input'!$AA$7,0, M33+M85+M449+IF(N$111=0,'RFM input'!$I$540,0)) -> 0 | O33: =IF(COUNT($H33:N33)>'RFM input'!$AA$7,0, N33+N85+N449+IF(O$111=0,'RFM input'!$I$540,0)) -> 0 | P33: =IF(COUNT($H33:O33)>'RFM input'!$AA$7,0, O33+O85+O449+IF(P$111=0,'RFM input'!$I$540,0)) -> 0 | Q33: =IF(COUNT($H33:P33)>'RFM input'!$AA$7,0, P33+P85+P449+IF(Q$111=0,'RFM input'!$I$540,0)) -> 0 | R33: =IF(COUNT($H33:Q33)>'RFM input'!$AA$7,0, Q33+Q85+Q449+IF(R$111=0,'RFM input'!$I$540,0)) -> 0
C34: =Asset27 -> 0 | H34: ='RFM input'!W33- 'RFM input'!N33/(1+previous_vanilla)^0.5 +('RFM input'!G249-'RFM input'!G303) -> 0 | I34: =H34+H86+H462 -> 0 | J34: =I34+I86+I462 -> 0 | K34: =IF(COUNT($H34:J34)>'RFM input'!$AA$7,0, J34+J86+J462+IF(K$111=0,'RFM input'!$I$541,0)) -> 0 | L34: =IF(COUNT($H34:K34)>'RFM input'!$AA$7,0, K34+K86+K462+IF(L$111=0,'RFM input'!$I$541,0)) -> 0 | M34: =IF(COUNT($H34:L34)>'RFM input'!$AA$7,0, L34+L86+L462+IF(M$111=0,'RFM input'!$I$541,0)) -> 0 | N34: =IF(COUNT($H34:M34)>'RFM input'!$AA$7,0, M34+M86+M462+IF(N$111=0,'RFM input'!$I$541,0)) -> 0 | O34: =IF(COUNT($H34:N34)>'RFM input'!$AA$7,0, N34+N86+N462+IF(O$111=0,'RFM input'!$I$541,0)) -> 0 | P34: =IF(COUNT($H34:O34)>'RFM input'!$AA$7,0, O34+O86+O462+IF(P$111=0,'RFM input'!$I$541,0)) -> 0 | Q34: =IF(COUNT($H34:P34)>'RFM input'!$AA$7,0, P34+P86+P462+IF(Q$111=0,'RFM input'!$I$541,0)) -> 0 | R34: =IF(COUNT($H34:Q34)>'RFM input'!$AA$7,0, Q34+Q86+Q462+IF(R$111=0,'RFM input'!$I$541,0)) -> 0
C35: =Asset28 -> 0 | H35: ='RFM input'!W34- 'RFM input'!N34/(1+previous_vanilla)^0.5 +('RFM input'!G250-'RFM input'!G304) -> 0 | I35: =H35+H87+H475 -> 0 | J35: =I35+I87+I475 -> 0 | K35: =IF(COUNT($H35:J35)>'RFM input'!$AA$7,0, J35+J87+J475+IF(K$111=0,'RFM input'!$I$542,0)) -> 0 | L35: =IF(COUNT($H35:K35)>'RFM input'!$AA$7,0, K35+K87+K475+IF(L$111=0,'RFM input'!$I$542,0)) -> 0 | M35: =IF(COUNT($H35:L35)>'RFM input'!$AA$7,0, L35+L87+L475+IF(M$111=0,'RFM input'!$I$542,0)) -> 0 | N35: =IF(COUNT($H35:M35)>'RFM input'!$AA$7,0, M35+M87+M475+IF(N$111=0,'RFM input'!$I$542,0)) -> 0 | O35: =IF(COUNT($H35:N35)>'RFM input'!$AA$7,0, N35+N87+N475+IF(O$111=0,'RFM input'!$I$542,0)) -> 0 | P35: =IF(COUNT($H35:O35)>'RFM input'!$AA$7,0, O35+O87+O475+IF(P$111=0,'RFM input'!$I$542,0)) -> 0 | Q35: =IF(COUNT($H35:P35)>'RFM input'!$AA$7,0, P35+P87+P475+IF(Q$111=0,'RFM input'!$I$542,0)) -> 0 | R35: =IF(COUNT($H35:Q35)>'RFM input'!$AA$7,0, Q35+Q87+Q475+IF(R$111=0,'RFM input'!$I$542,0)) -> 0
